Workbook

Sheet RESUMEN AGOSTO
A1: RESUMEN DE EJECUCION CORTE 31/OCTUBRE/2025
B3: Categoría | C3: VALOR UN | D3: % | G3: PLAN DE PAGOS | I3: SOBRE LA EJECCUCIÓN
B4: 1. Audio y video | C4: =SUMIFS('DETALLE AGOSTO'!$L$2:$L$255,'DETALLE AGOSTO'!$E$2:$E$255,'RESUMEN AGOSTO'!$B4) -> 58845500 | D4: ='RESUMEN AGOSTO'!$C4/$C$12 -> 0.09598666 | G4: 1ER PAGO | H4: 200090750
B5: 11. Suministro de energía | C5: =SUMIFS('DETALLE AGOSTO'!$L$2:$L$255,'DETALLE AGOSTO'!$E$2:$E$255,'RESUMEN AGOSTO'!$B5) -> 16987250 | D5: ='RESUMEN AGOSTO'!$C5/$C$12 -> 0.02770899 | G5: 2DO PAGO | H5: 200090750 | I5: 0.3 | J5: =C14*I5 -> 240108900
B6: 12. Transporte | C6: =SUMIFS('DETALLE AGOSTO'!$L$2:$L$255,'DETALLE AGOSTO'!$E$2:$E$255,'RESUMEN AGOSTO'!$B6) -> 2.18071e+08 | D6: ='RESUMEN AGOSTO'!$C6/$C$12 -> 0.35570956 | G6: 3ER PAGO | H6: 320145200 | I6: 0.5 | J6: =I6*C14 -> 400181500
B7: 2. Catering | C7: =SUMIFS('DETALLE AGOSTO'!$L$2:$L$255,'DETALLE AGOSTO'!$E$2:$E$255,'RESUMEN AGOSTO'!$B7) -> 49888370 | D7: ='RESUMEN AGOSTO'!$C7/$C$12 -> 0.081376112
B8: 5. Estructuras exteriores | C8: =SUMIFS('DETALLE AGOSTO'!$L$2:$L$255,'DETALLE AGOSTO'!$E$2:$E$255,'RESUMEN AGOSTO'!$B8) -> 48302100 | D8: ='RESUMEN AGOSTO'!$C8/$C$12 -> 0.078788646
B9: 6. Materiales publicidad institucional | C9: =SUMIFS('DETALLE AGOSTO'!$L$2:$L$255,'DETALLE AGOSTO'!$E$2:$E$255,'RESUMEN AGOSTO'!$B9) -> 47782248 | D9: ='RESUMEN AGOSTO'!$C9/$C$12 -> 0.077940683
B10: 7. Mobiliario | C10: =SUMIFS('DETALLE AGOSTO'!$L$2:$L$255,'DETALLE AGOSTO'!$E$2:$E$255,'RESUMEN AGOSTO'!$B10) -> 2491265 | D10: ='RESUMEN AGOSTO'!$C10/$C$12 -> 0.0040636617
B11: 8. Personal apoyo | C11: =SUMIFS('DETALLE AGOSTO'!$L$2:$L$255,'DETALLE AGOSTO'!$E$2:$E$255,'RESUMEN AGOSTO'!$B11) -> 1.7069141e+08 | D11: ='RESUMEN AGOSTO'!$C11/$C$12 -> 0.27842569
B12: VALOR TOTAL | C12: =SUM(C4:C11) -> 6.1305915e+08 | D12: 1
B14: PRESUPUESTO CONVENIO | C14: 800363000
B15: VALOR NETO EJECUTADO | C15: =+'DETALLE AGOSTO'!L256 -> 5.1517575e+08
B16: IVA | C16: =+'DETALLE AGOSTO'!L257 -> 97883393 | D16: %EJECUCIÓN
B17: TOTAL EJECUTADO | C17: =+'DETALLE AGOSTO'!L258 -> 6.1305915e+08 | D17: =C17/C14 -> 0.76597637
B18: POR EJECUTAR | C18: =C14-C17 -> 1.8730385e+08 | D18: =C18/C14 -> 0.23402363

Sheet DETALLE AGOSTO
A1: Fecha solicitud | B1: Fecha Servicio | C1: Dependencia | D1: Requerimiento | E1: Categoría | F1: Servicio o Bien | G1: Descripción | H1: Dirección | I1: Cantidad | J1: Valor | K1: IVA 19% | L1: TOTAL
A2: 3-may-25* | B2: 3-may-25* | C2: SESEC | D2: Requerimiento 1 | E2: 8. Personal apoyo | F2: 8.4 Auxiliar Logístico montaje y desmontaje mobiliario | G2: Café a la plaza | H2: Calle 12c # 1-40 Plaza la Concordia | I2: 6 | J2: 1410000 | K2: =J2*0.19 -> 267900 | L2: =J2+K2 -> 1677900
A3: 3-may-25* | B3: 3-may-25* | C3: SESEC | D3: Requerimiento 1 | E3: 12. Transporte | F3: 12.2 Transporte 6.5 Ton | G3: Café a la plaza | H3: Calle 12c # 1-40 La Candelaria | I3: 1 | J3: 1950000 | K3: =J3*0.19 -> 370500 | L3: =J3+K3 -> 2320500
A4: 3-may-25* | B4: 45780 | C4: SESEC | D4: Requerimiento 2 | E4: 1. Audio y video | F4: 1.2 Alquiler de sonido de 200 a 500 personas | G4: Café a la plaza | H4: Calle 12c # 1-40 La Candelaria | I4: 1 | J4: 4950000 | K4: =J4*0.19 -> 940500 | L4: =J4+K4 -> 5890500
A5: 3-may-25* | B5: 45780 | C5: SESEC | D5: Requerimiento 2 | E5: 2. Catering | F5: 2.7 Refrigério de sal | G5: Café a la plaza | H5: Calle 12c # 1-40 La Candelaria | I5: 200 | J5: 5300000 | K5: =J5*0.19 -> 1007000 | L5: =J5+K5 -> 6307000
A6: 3-may-25* | B6: 45780 | C6: SESEC | D6: Requerimiento 2 | E6: 11. Suministro de energía | F6: 11.6 Planta eléctrica - 120 KVA | G6: Café a la plaza | H6: Calle 12c # 1-40 La Candelaria | I6: 1 | J6: 2950000 | K6: =J6*0.19 -> 560500 | L6: =J6+K6 -> 3510500
A7: 3-may-25* | B7: 45780 | C7: SESEC | D7: Requerimiento 2 | E7: 11. Suministro de energía | F7: 11.9 Punto de luz en carpa | G7: Café a la plaza | H7: Calle 12c # 1-40 La Candelaria | I7: 35 | J7: 5075000 | K7: =J7*0.19 -> 964250 | L7: =J7+K7 -> 6039250
A8: 3-may-25* | B8: 45780 | C8: SGRSI | D8: Requerimiento 5 | E8: 5. Estructuras exteriores | F8: 5.1 Baño portátil | G8: Ferias fijas | H8: Bodega IPES carrera 38 No. 10 A-25 a Parqueadero las Aguas | I8: 2 | J8: 990000 | K8: =J8*0.19 -> 188100 | L8: =J8+K8 -> 1178100
A9: 3-may-25* | B9: 45780 | C9: SGRSI | D9: Requerimiento 5 | E9: 8. Personal apoyo | F9: 8.4 Auxiliar Logístico montaje y desmontaje mobiliario | G9: Ferias fijas | H9: Bodega IPES carrera 38 No. 10 A-25 a Parqueadero las Aguas | I9: 6 | J9: 1410000 | K9: =J9*0.19 -> 267900 | L9: =J9+K9 -> 1677900
A10: 3-may-25* | B10: 45780 | C10: SGRSI | D10: Requerimiento 5 | E10: 12. Transporte | F10: 12.2 Transporte 6.5 Ton | G10: Ferias fijas | H10: Bodega IPES carrera 38 No. 10 A-25 a Parqueadero las Aguas | I10: 1 | J10: 1950000 | K10: =J10*0.19 -> 370500 | L10: =J10+K10 -> 2320500
A11: 3-may-25* | B11: 45780 | C11: SGRSI | D11: Requerimiento 6 | E11: 5. Estructuras exteriores | F11: 5.1 Baño portátil | G11: Ferias fijas | H11: Bodega IPES carrera 38 No. 10 A-25 a Parqueadero la 24 | I11: 2 | J11: 990000 | K11: =J11*0.19 -> 188100 | L11: =J11+K11 -> 1178100
A12: 3-may-25* | B12: 45780 | C12: SGRSI | D12: Requerimiento 6 | E12: 8. Personal apoyo | F12: 8.4 Auxiliar Logístico montaje y desmontaje mobiliario | G12: Ferias fijas | H12: Bodega IPES carrera 38 No. 10 A-25 a Parqueadero la 24 | I12: 5 | J12: 1175000 | K12: =J12*0.19 -> 223250 | L12: =J12+K12 -> 1398250
A13: 3-may-25* | B13: 45781 | C13: SGRSI | D13: Requerimiento 6 | E13: 12. Transporte | F13: 12.2 Transporte 6.5 Ton | G13: Ferias fijas | H13: Bodega IPES carrera 38 No. 10 A-25 a Parqueadero la 24 | I13: 1 | J13: 1950000 | K13: =J13*0.19 -> 370500 | L13: =J13+K13 -> 2320500
A14: 3-may-25* | B14: 45781 | C14: SGRSI | D14: Requerimiento 7 | E14: 8. Personal apoyo | F14: 8.4 Auxiliar Logístico montaje y desmontaje mobiliario | G14: Ferias fijas | H14: Parqueadero las Aguas a Bodega IPES cra 38 # 10a- 25 | I14: 6 | J14: 1410000 | K14: =J14*0.19 -> 267900 | L14: =J14+K14 -> 1677900
A15: 3-may-25* | B15: 45781 | C15: SGRSI | D15: Requerimiento 7 | E15: 12. Transporte | F15: 12.2 Transporte 6.5 Ton | G15: Ferias fijas | H15: Parqueadero las Aguas a Bodega IPES cra 38 # 10a- 25 | I15: 1 | J15: 1950000 | K15: =J15*0.19 -> 370500 | L15: =J15+K15 -> 2320500
... A21: 3-may-25* | B21: 45782 | C21: SESEC | D21: Requerimiento 4 | E21: 8. Personal apoyo | F21: 8.4 Auxiliar Logístico montaje y desmontaje mobiliario | G21: Café a la plaza | H21: Calle 12c # 1-40 La Candelaria | I21: 6 | J21: 1410000 | K21: =J21*0.19 -> 267900 | L21: =J21+K21 -> 1677900
A22: 45779 | B22: 45782 | C22: SESEC | D22: Requerimiento 4 | E22: 12. Transporte | F22: 12.2 Transporte 6.5 Ton | G22: Café a la plaza | H22: Calle 12c # 1-40 La Candelaria | I22: 1 | J22: 1950000 | K22: =J22*0.19 -> 370500 | L22: =J22+K22 -> 2320500
A23: 45787 | B23: 45788 | C23: SGRSI | D23: Requerimiento 9 | E23: 5. Estructuras exteriores | F23: 5.1 Baño portátil | G23: Ferias fijas | H23: Bodega IPES carrera 38 No. 10 A-25 a Parqueadero la 24 | I23: 2 | J23: 990000 | K23: =J23*0.19 -> 188100 | L23: =J23+K23 -> 1178100
A24: 45787 | B24: 45788 | C24: SGRSI | D24: Requerimiento 9 | E24: 8. Personal apoyo | F24: 8.4 Auxiliar Logístico montaje y desmontaje mobiliario | G24: Ferias fijas | H24: Bodega IPES carrera 38 No. 10 A-25 a Parqueadero la 24 | I24: 5 | J24: 1175000 | K24: =J24*0.19 -> 223250 | L24: =J24+K24 -> 1398250
A25: 45787 | B25: 45788 | C25: SGRSI | D25: Requerimiento 9 | E25: 12. Transporte | F25: 12.2 Transporte 6.5 Ton | G25: Ferias fijas | H25: Bodega IPES carrera 38 No. 10 A-25 a Parqueadero la 24 | I25: 1 | J25: 1950000 | K25: =J25*0.19 -> 370500 | L25: =J25+K25 -> 2320500
A26: 45787 | B26: 45788 | C26: SGRSI | D26: Requerimiento 10 | E26: 5. Estructuras exteriores | F26: 5.1 Baño portátil | G26: Ferias fijas | H26: Bodega IPES carrera 38 No. 10 A-25 a Parqueadero las Aguas | I26: 2 | J26: 990000 | K26: =J26*0.19 -> 188100 | L26: =J26+K26 -> 1178100
A27: 45787 | B27: 45788 | C27: SGRSI | D27: Requerimiento 10 | E27: 8. Personal apoyo | F27: 8.4 Auxiliar Logístico montaje y desmontaje mobiliario | G27: Ferias fijas | H27: Bodega IPES carrera 38 No. 10 A-25 a Parqueadero las Aguas | I27: 6 | J27: 1410000 | K27: =J27*0.19 -> 267900 | L27: =J27+K27 -> 1677900
A28: 45787 | B28: 45788 | C28: SGRSI | D28: Requerimiento 10 | E28: 12. Transporte | F28: 12.2 Transporte 6.5 Ton | G28: Ferias fijas | H28: Bodega IPES carrera 38 No. 10 A-25 a Parqueadero las Aguas | I28: 1 | J28: 1950000 | K28: =J28*0.19 -> 370500 | L28: =J28+K28 -> 2320500
A29: 45788 | B29: 45789 | C29: SGRSI | D29: Requerimiento 11 | E29: 8. Personal apoyo | F29: 8.4 Auxiliar Logístico montaje y desmontaje mobiliario | G29: Ferias fijas | H29: Parqueadero las Aguas a Bodega IPES cra 38 # 10a- 25 | I29: 6 | J29: 1410000 | K29: =J29*0.19 -> 267900 | L29: =J29+K29 -> 1677900
A30: 45788 | B30: 45789 | C30: SGRSI | D30: Requerimiento 11 | E30: 12. Transporte | F30: 12.2 Transporte 6.5 Ton | G30: Ferias fijas | H30: Parqueadero las Aguas a Bodega IPES cra 38 # 10a- 25 | I30: 1 | J30: 1950000 | K30: =J30*0.19 -> 370500 | L30: =J30+K30 -> 2320500
A31: 45788 | B31: 45789 | C31: SGRSI | D31: Requerimiento 12 | E31: 8. Personal apoyo | F31: 8.4 Auxiliar Logístico montaje y desmontaje mobiliario | G31: Ferias fijas | H31: Parqueadero la 24 a Bodega IPES cra 38 # 10a- 25 | I31: 5 | J31: 1175000 | K31: =J31*0.19 -> 223250 | L31: =J31+K31 -> 1398250
A32: 45788 | B32: 45789 | C32: SGRSI | D32: Requerimiento 12 | E32: 12. Transporte | F32: 12.2 Transporte 6.5 Ton | G32: Ferias fijas | H32: Parqueadero la 24 a Bodega IPES cra 38 # 10a- 25 | I32: 1 | J32: 1950000 | K32: =J32*0.19 -> 370500 | L32: =J32+K32 -> 2320500
A33: 45789 | B33: 45789 | C33: SGRSI | D33: Requerimiento 13 | E33: 8. Personal apoyo | F33: 8.4 Auxiliar Logístico montaje y desmontaje mobiliario | G33: Feria institucional mes de las madres | H33: Bodega IPES carrera 38 No. 10 A-25 a Parque zonal carrera 55 con calle 170 | I33: 6 | J33: 1410000 | K33: =J33*0.19 -> 267900 | L33: =J33+K33 -> 1677900
... A205: 45868 | B205: 45878 | C205: SGRSI | D205: Requerimiento 85 | E205: 5. Estructuras exteriores | F205: 5.1 Baño portátil | G205: Ferias fijas | H205: Bodega IPES cra 38 # 10a- 25 a Parqueadero las Aguas | I205: 2 | J205: 990000 | K205: =J205*0.19 -> 188100 | L205: =J205+K205 -> 1178100
A206: 45868 | B206: 45878 | C206: SGRSI | D206: Requerimiento 86 | E206: 8. Personal apoyo | F206: 8.4 Auxiliar Logístico montaje y desmontaje mobiliario | G206: Ferias fijas | H206: Bodega IPES cra 38 # 10a- 25 a Parqueadero la 24 | I206: 10 | J206: =1175000*2 -> 2350000 | K206: =J206*0.19 -> 446500 | L206: =J206+K206 -> 2796500
A207: 45868 | B207: 45878 | C207: SGRSI | D207: Requerimiento 86 | E207: 12. Transporte | F207: 12.2 Transporte 6.5 Ton | G207: Ferias fijas | H207: Bodega IPES cra 38 # 10a- 25 a Parqueadero la 24 | I207: 2 | J207: =1950000*2 -> 3900000 | K207: =J207*0.19 -> 741000 | L207: =J207+K207 -> 4641000
A208: 45868 | B208: 45878 | C208: SGRSI | D208: Requerimiento 86 | E208: 5. Estructuras exteriores | F208: 5.1 Baño portátil | G208: Ferias fijas | H208: Bodega IPES cra 38 # 10a- 25 a Parqueadero la 24 | I208: 2 | J208: 990000 | K208: =J208*0.19 -> 188100 | L208: =J208+K208 -> 1178100
A209: 45868 | B209: 45879 | C209: SGRSI | D209: Requerimiento 87 | E209: 8. Personal apoyo | F209: 8.4 Auxiliar Logístico montaje y desmontaje mobiliario | G209: Ferias fijas | H209: Parqueadero las Aguas a Bodega IPES cra 38 # 10a- 25 | I209: 6 | J209: 1410000 | K209: =J209*0.19 -> 267900 | L209: =J209+K209 -> 1677900
A210: 45868 | B210: 45879 | C210: SGRSI | D210: Requerimiento 87 | E210: 12. Transporte | F210: 12.2 Transporte 6.5 Ton | G210: Ferias fijas | H210: Parqueadero las Aguas a Bodega IPES cra 38 # 10a- 25 | I210: 1 | J210: 1950000 | K210: =J210*0.19 -> 370500 | L210: =J210+K210 -> 2320500
A211: 45878 | B211: 45879 | C211: SESEC | D211: Requerimiento 88 | E211: 8. Personal apoyo | F211: 8.12 Creador de contenido influencer | G211: Fritanga Fest | H211: Plaza la concordia | I211: 1 | J211: 4519500 | K211: =J211*0.19 -> 858705 | L211: =J211+K211 -> 5378205
A212: 45870 | B212: 45871 | C212: SGRSI | D212: Requerimiento 89 | E212: 8. Personal apoyo | F212: 8.4 Auxiliar Logístico montaje y desmontaje mobiliario | G212: Festival de verano | H212: Bodega Ipes a Simon Bolivar | I212: 5 | J212: 1175000 | K212: =J212*0.19 -> 223250 | L212: =J212+K212 -> 1398250
A213: 45870 | B213: 45871 | C213: SGRSI | D213: Requerimiento 89 | E213: 12. Transporte | F213: 12.2 Transporte 6.5 Ton | G213: Festival de verano | H213: Bodega Ipes a Simon Bolivar | I213: 1 | J213: 1950000 | K213: =J213*0.19 -> 370500 | L213: =J213+K213 -> 2320500
A214: 45871 | B214: 2/08/2025 al 10/08/2025 | C214: SGRSI | D214: Requerimiento 90 | E214: 1. Audio y video | F214: 1.1 Alquiler de sonido de 50 a 200 personas | G214: Festival de verano | H214: Parque Simon Bolivar | I214: 2 | J214: =2250000*2 -> 4500000 | K214: =J214*0.19 -> 855000 | L214: =J214+K214 -> 5355000
A215: 45871 | B215: 2/08/2025 al 10/08/2025 | C215: SGRSI | D215: Requerimiento 90 | E215: 11. Suministro de energía | F215: 11.3 Planta eléctrica - 40 KVA | G215: Festival de verano | H215: Parque Simon Bolivar | I215: 2 | J215: =1650000*2 -> 3300000 | K215: =J215*0.19 -> 627000 | L215: =J215+K215 -> 3927000
A216: 45871 | B216: 2/08/2025 al 10/08/2025 | C216: SGRSI | D216: Requerimiento 90 | E216: 8. Personal apoyo | F216: 8.1 Animador y/o Presentador con experiencia | G216: Festival de verano | H216: Parque Simon Bolivar | I216: 2 | J216: =1450000*2 -> 2900000 | K216: =J216*0.19 -> 551000 | L216: =J216+K216 -> 3451000
A217: 45871 | B217: 2/08/2025 al 10/08/2025 | C217: SGRSI | D217: Requerimiento 90 | E217: 8. Personal apoyo | F217: 8.2 Artista solista | G217: Festival de verano | H217: Parque Simon Bolivar | I217: 3 | J217: =1008403*4 -> 4033612 | K217: =J217*0.19 -> 766386.28 | L217: =J217+K217 -> 4799998.3
A218: 45879 | B218: 45880 | C218: SGRSI | D218: Requerimiento 91 | E218: 8. Personal apoyo | F218: 8.4 Auxiliar Logístico montaje y desmontaje mobiliario | G218: Festival de verano | H218: Bodega Ipes a Simon Bolivar | I218: 5 | J218: 1175000 | K218: =J218*0.19 -> 223250 | L218: =J218+K218 -> 1398250
A219: 45879 | B219: 45880 | C219: SGRSI | D219: Requerimiento 91 | E219: 12. Transporte | F219: 12.2 Transporte 6.5 Ton | G219: Festival de verano | H219: Bodega Ipes a Simon Bolivar | I219: 1 | J219: 1950000 | K219: =J219*0.19 -> 370500 | L219: =J219+K219 -> 2320500
A220: 45877 | B220: 45879 | C220: SGRSI | D220: Requerimiento 92 | E220: 12. Transporte | F220: 12.3 Transporte camioneta 4*2 | G220: Festival de verano | H220: Parque Simon Bolivar | I220: 1 | J220: 588235.29 | K220: =J220*0.19 -> 111764.71 | L220: =J220+K220 -> 700000
A221: 45877 | B221: 45879 | C221: SGRSI | D221: Requerimiento 93 | E221: 2. Catering | F221: 2.7 Refrigério de sal | G221: Festival de verano | H221: Parque Simon Bolivar | I221: 110 | J221: =26500*110 -> 2915000 | K221: =J221*0.19 -> 553850 | L221: =J221+K221 -> 3468850
A222: 45868 | B222: 45885 | C222: SGRSI | D222: Requerimiento 94 | E222: 8. Personal apoyo | F222: 8.4 Auxiliar Logístico montaje y desmontaje mobiliario | G222: Ferias fijas | H222: Bodega IPES cra 38 # 10a- 25 a Parqueadero las Aguas | I222: 6 | J222: 1410000 | K222: =J222*0.19 -> 267900 | L222: =J222+K222 -> 1677900
A223: 45868 | B223: 45885 | C223: SGRSI | D223: Requerimiento 94 | E223: 12. Transporte | F223: 12.2 Transporte 6.5 Ton | G223: Ferias fijas | H223: Bodega IPES cra 38 # 10a- 25 a Parqueadero las Aguas | I223: 1 | J223: 1950000 | K223: =J223*0.19 -> 370500 | L223: =J223+K223 -> 2320500
A224: 45868 | B224: 45885 | C224: SGRSI | D224: Requerimiento 94 | E224: 5. Estructuras exteriores | F224: 5.1 Baño portátil | G224: Ferias fijas | H224: Bodega IPES cra 38 # 10a- 25 a Parqueadero las Aguas | I224: 2 | J224: 990000 | K224: =J224*0.19 -> 188100 | L224: =J224+K224 -> 1178100
A225: 45868 | B225: 45885 | C225: SGRSI | D225: Requerimiento 95 | E225: 8. Personal apoyo | F225: 8.4 Auxiliar Logístico montaje y desmontaje mobiliario | G225: Ferias fijas | H225: Bodega IPES cra 38 # 10a- 25 a Parqueadero la 24 | I225: 5 | J225: 1175000 | K225: =J225*0.19 -> 223250 | L225: =J225+K225 -> 1398250
A226: 45868 | B226: 45885 | C226: SGRSI | D226: Requerimiento 95 | E226: 12. Transporte | F226: 12.2 Transporte 6.5 Ton | G226: Ferias fijas | H226: Bodega IPES cra 38 # 10a- 25 a Parqueadero la 24 | I226: 1 | J226: 1950000 | K226: =J226*0.19 -> 370500 | L226: =J226+K226 -> 2320500
A227: 45868 | B227: 45885 | C227: SGRSI | D227: Requerimiento 95 | E227: 5. Estructuras exteriores | F227: 5.1 Baño portátil | G227: Ferias fijas | H227: Bodega IPES cra 38 # 10a- 25 a Parqueadero la 24 | I227: 2 | J227: 990000 | K227: =J227*0.19 -> 188100 | L227: =J227+K227 -> 1178100
A228: 45868 | B228: 45887 | C228: SGRSI | D228: Requerimiento 96 | E228: 8. Personal apoyo | F228: 8.4 Auxiliar Logístico montaje y desmontaje mobiliario | G228: Ferias fijas | H228: Parqueadero las Aguas a Bodega IPES cra 38 # 10a- 25 | I228: 6 | J228: 1410000 | K228: =J228*0.19 -> 267900 | L228: =J228+K228 -> 1677900
A229: 45868 | B229: 45887 | C229: SGRSI | D229: Requerimiento 96 | E229: 12. Transporte | F229: 12.2 Transporte 6.5 Ton | G229: Ferias fijas | H229: Parqueadero las Aguas a Bodega IPES cra 38 # 10a- 25 | I229: 1 | J229: 1950000 | K229: =J229*0.19 -> 370500 | L229: =J229+K229 -> 2320500
A230: 45868 | B230: 45887 | C230: SGRSI | D230: Requerimiento 97 | E230: 8. Personal apoyo | F230: 8.4 Auxiliar Logístico montaje y desmontaje mobiliario | G230: Ferias fijas | H230: Parqueadero la 24 a Bodega IPES cra 38 # 10a- 25 | I230: 5 | J230: 1175000 | K230: =J230*0.19 -> 223250 | L230: =J230+K230 -> 1398250
A231: 45868 | B231: 45887 | C231: SGRSI | D231: Requerimiento 97 | E231: 12. Transporte | F231: 12.2 Transporte 6.5 Ton | G231: Ferias fijas | H231: Parqueadero la 24 a Bodega IPES cra 38 # 10a- 25 | I231: 1 | J231: 1950000 | K231: =J231*0.19 -> 370500 | L231: =J231+K231 -> 2320500
A232: 45875 | B232: 45877 | C232: SGRSI | D232: Requerimiento 98 | E232: 2. Catering | F232: 2.7 Refrigério de sal | G232: Festival de verano | H232: Parque Simon Bolivar | I232: 100 | J232: =26500*100 -> 2650000 | K232: =J232*0.19 -> 503500 | L232: =J232+K232 -> 3153500
A233: 45878 | B233: 45879 | C233: SGRSI | D233: Requerimiento 99 | E233: 12. Transporte | F233: 12.3 Transporte camioneta 4*2 | G233: Festival de verano | H233: Parque Simon Bolivar | I233: 1 | J233: 588235.29 | K233: =J233*0.19 -> 111764.71 | L233: =J233+K233 -> 700000
A234: 45868 | B234: 45892 | C234: SGRSI | D234: Requerimiento 100 | E234: 8. Personal apoyo | F234: 8.4 Auxiliar Logístico montaje y desmontaje mobiliario | G234: Ferias fijas | H234: Bodega IPES cra 38 # 10a- 25 a Parqueadero las Aguas | I234: 6 | J234: 1410000 | K234: =J234*0.19 -> 267900 | L234: =J234+K234 -> 1677900
A235: 45868 | B235: 45892 | C235: SGRSI | D235: Requerimiento 100 | E235: 12. Transporte | F235: 12.2 Transporte 6.5 Ton | G235: Ferias fijas | H235: Bodega IPES cra 38 # 10a- 25 a Parqueadero las Aguas | I235: 1 | J235: 1950000 | K235: =J235*0.19 -> 370500 | L235: =J235+K235 -> 2320500
A236: 45868 | B236: 45892 | C236: SGRSI | D236: Requerimiento 100 | E236: 5. Estructuras exteriores | F236: 5.1 Baño portátil | G236: Ferias fijas | H236: Bodega IPES cra 38 # 10a- 25 a Parqueadero las Aguas | I236: 2 | J236: 990000 | K236: =J236*0.19 -> 188100 | L236: =J236+K236 -> 1178100
A237: 45868 | B237: 45892 | C237: SGRSI | D237: Requerimiento 101 | E237: 8. Personal apoyo | F237: 8.4 Auxiliar Logístico montaje y desmontaje mobiliario | G237: Ferias fijas | H237: Bodega IPES cra 38 # 10a- 25 a Parqueadero la 24 | I237: 5 | J237: 1175000 | K237: =J237*0.19 -> 223250 | L237: =J237+K237 -> 1398250
A238: 45868 | B238: 45892 | C238: SGRSI | D238: Requerimiento 101 | E238: 12. Transporte | F238: 12.2 Transporte 6.5 Ton | G238: Ferias fijas | H238: Bodega IPES cra 38 # 10a- 25 a Parqueadero la 24 | I238: 1 | J238: 1950000 | K238: =J238*0.19 -> 370500 | L238: =J238+K238 -> 2320500
A239: 45868 | B239: 45892 | C239: SGRSI | D239: Requerimiento 101 | E239: 5. Estructuras exteriores | F239: 5.1 Baño portátil | G239: Ferias fijas | H239: Bodega IPES cra 38 # 10a- 25 a Parqueadero la 24 | I239: 2 | J239: 990000 | K239: =J239*0.19 -> 188100 | L239: =J239+K239 -> 1178100
A240: 45868 | B240: 45893 | C240: SGRSI | D240: Requerimiento 102 | E240: 8. Personal apoyo | F240: 8.4 Auxiliar Logístico montaje y desmontaje mobiliario | G240: Ferias fijas | H240: Parqueadero las Aguas a Bodega IPES cra 38 # 10a- 25 | I240: 6 | J240: 1410000 | K240: =J240*0.19 -> 267900 | L240: =J240+K240 -> 1677900
A241: 45868 | B241: 45893 | C241: SGRSI | D241: Requerimiento 102 | E241: 12. Transporte | F241: 12.2 Transporte 6.5 Ton | G241: Ferias fijas | H241: Parqueadero las Aguas a Bodega IPES cra 38 # 10a- 25 | I241: 1 | J241: 1950000 | K241: =J241*0.19 -> 370500 | L241: =J241+K241 -> 2320500
A242: 45868 | B242: 45893 | C242: SGRSI | D242: Requerimiento 103 | E242: 8. Personal apoyo | F242: 8.4 Auxiliar Logístico montaje y desmontaje mobiliario | G242: Ferias fijas | H242: Parqueadero la 24 a Bodega IPES cra 38 # 10a- 25 | I242: 5 | J242: 1175000 | K242: =J242*0.19 -> 223250 | L242: =J242+K242 -> 1398250
A243: 45868 | B243: 45893 | C243: SGRSI | D243: Requerimiento 103 | E243: 12. Transporte | F243: 12.2 Transporte 6.5 Ton | G243: Ferias fijas | H243: Parqueadero la 24 a Bodega IPES cra 38 # 10a- 25 | I243: 1 | J243: 1950000 | K243: =J243*0.19 -> 370500 | L243: =J243+K243 -> 2320500
A244: 45868 | B244: 45900 | C244: SGRSI | D244: Requerimiento 104 | E244: 12. Transporte | F244: 12.3 Transporte camioneta 4*2 | G244: Ferias fijas | H244: Parqueaderos aguas y la 24 | I244: 1 | J244: 588235.29 | K244: =J244*0.19 -> 111764.71 | L244: =J244+K244 -> 700000
A245: 45904 | B245: 45905 | C245: SGRSI | D245: Requerimiento 105 | E245: 2. Catering | F245: 2.7 Refrigério de sal | G245: Stand para la Cumbre Internacional de Sostenibilidad e Innovación Ambiental 2025 | H245: Plaza de mercado restrepo | I245: 30 | J245: =26500*30 -> 795000 | K245: =J245*0.19 -> 151050 | L245: =J245+K245 -> 946050
A246: 45868 | B246: 45899 | C246: SGRSI | D246: Requerimiento 106 | E246: 8. Personal apoyo | F246: 8.4 Auxiliar Logístico montaje y desmontaje mobiliario | G246: Ferias fijas | H246: Bodega IPES cra 38 # 10a- 25 a Parqueadero las Aguas | I246: 6 | J246: 1410000 | K246: =J246*0.19 -> 267900 | L246: =J246+K246 -> 1677900
A247: 45868 | B247: 45899 | C247: SGRSI | D247: Requerimiento 106 | E247: 12. Transporte | F247: 12.2 Transporte 6.5 Ton | G247: Ferias fijas | H247: Bodega IPES cra 38 # 10a- 25 a Parqueadero las Aguas | I247: 1 | J247: 1950000 | K247: =J247*0.19 -> 370500 | L247: =J247+K247 -> 2320500
A248: 45868 | B248: 45899 | C248: SGRSI | D248: Requerimiento 106 | E248: 5. Estructuras exteriores | F248: 5.1 Baño portátil | G248: Ferias fijas | H248: Bodega IPES cra 38 # 10a- 25 a Parqueadero las Aguas | I248: 2 | J248: 990000 | K248: =J248*0.19 -> 188100 | L248: =J248+K248 -> 1178100
A249: 45868 | B249: 45899 | C249: SGRSI | D249: Requerimiento 107 | E249: 8. Personal apoyo | F249: 8.4 Auxiliar Logístico montaje y desmontaje mobiliario | G249: Ferias fijas | H249: Bodega IPES cra 38 # 10a- 25 a Parqueadero la 24 | I249: 5 | J249: 1175000 | K249: =J249*0.19 -> 223250 | L249: =J249+K249 -> 1398250
A250: 45868 | B250: 45899 | C250: SGRSI | D250: Requerimiento 107 | E250: 12. Transporte | F250: 12.2 Transporte 6.5 Ton | G250: Ferias fijas | H250: Bodega IPES cra 38 # 10a- 25 a Parqueadero la 24 | I250: 1 | J250: 1950000 | K250: =J250*0.19 -> 370500 | L250: =J250+K250 -> 2320500
A251: 45868 | B251: 45899 | C251: SGRSI | D251: Requerimiento 107 | E251: 5. Estructuras exteriores | F251: 5.1 Baño portátil | G251: Ferias fijas | H251: Bodega IPES cra 38 # 10a- 25 a Parqueadero la 24 | I251: 2 | J251: 990000 | K251: =J251*0.19 -> 188100 | L251: =J251+K251 -> 1178100
A252: 45868 | B252: 45900 | C252: SGRSI | D252: Requerimiento 108 | E252: 8. Personal apoyo | F252: 8.4 Auxiliar Logístico montaje y desmontaje mobiliario | G252: Ferias fijas | H252: Parqueadero las Aguas a Bodega IPES cra 38 # 10a- 25 | I252: 6 | J252: 1410000 | K252: =J252*0.19 -> 267900 | L252: =J252+K252 -> 1677900
A253: 45868 | B253: 45900 | C253: SGRSI | D253: Requerimiento 108 | E253: 12. Transporte | F253: 12.2 Transporte 6.5 Ton | G253: Ferias fijas | H253: Parqueadero las Aguas a Bodega IPES cra 38 # 10a- 25 | I253: 1 | J253: 1950000 | K253: =J253*0.19 -> 370500 | L253: =J253+K253 -> 2320500
A254: 45868 | B254: 45900 | C254: SGRSI | D254: Requerimiento 109 | E254: 8. Personal apoyo | F254: 8.4 Auxiliar Logístico montaje y desmontaje mobiliario | G254: Ferias fijas | H254: Parqueadero la 24 a Bodega IPES cra 38 # 10a- 25 | I254: 5 | J254: 1175000 | K254: =J254*0.19 -> 223250 | L254: =J254+K254 -> 1398250
A255: 45868 | B255: 45900 | C255: SGRSI | D255: Requerimiento 109 | E255: 12. Transporte | F255: 12.2 Transporte 6.5 Ton | G255: Ferias fijas | H255: Parqueadero la 24 a Bodega IPES cra 38 # 10a- 25 | I255: 1 | J255: 1950000 | K255: =J255*0.19 -> 370500 | L255: =J255+K255 -> 2320500
K256: Subtotal | L256: =SUM(J2:J255) -> 5.1517575e+08
K257: IVA 19% | L257: =SUM(K2:K255) -> 97883393
K258: TOTAL | L258: =L256+L257 -> 6.1305915e+08
A260: 45985 | B260: 45997 | C260: SGRSI | D260: Requerimiento 176 | E260: 12. Transporte | F260: 12.2 Transporte 6.5 Ton | G260: Ferias fijas | H260: Bodega IPES cra 38 # 10a- 25 a Parqueadero las Aguas | I260: 1 | J260: 1950000 | K260: =J260*0.19 -> 370500 | L260: =J260+K260 -> 2320500
A261: 45985 | B261: 45997 | C261: SGRSI | D261: Requerimiento 176 | E261: 8. Personal apoyo | F261: 8.4 Auxiliar Logístico montaje y desmontaje mobiliario | G261: Ferias fijas | H261: Bodega IPES cra 38 # 10a- 25 a Parqueadero las Aguas | I261: 6 | J261: 1410000 | K261: =J261*0.19 -> 267900 | L261: =J261+K261 -> 1677900
A262: 45985 | B262: 45998 | C262: SGRSI | D262: Requerimiento 176 | E262: 5. Estructuras exteriores | F262: 5.1 Baño portátil | G262: Ferias fijas | H262: Bodega IPES cra 38 # 10a- 25 a Parqueadero las Aguas | I262: 2 | J262: 990000 | K262: =J262*0.19 -> 188100 | L262: =J262+K262 -> 1178100
A263: 45985 | B263: 45999 | C263: SGRSI | D263: Requerimiento 176 | E263: 5. Estructuras exteriores | F263: 5.1 Baño portátil | G263: Ferias fijas | H263: Bodega IPES cra 38 # 10a- 25 a Parqueadero las Aguas | I263: 2 | J263: 990000 | K263: =J263*0.19 -> 188100 | L263: =J263+K263 -> 1178100
A264: 45986 | B264: 45997 | C264: SGRSI | D264: Requerimiento 177 | E264: 12. Transporte | F264: 12.2 Transporte 6.5 Ton | G264: Ferias fijas | H264: Bodega IPES cra 38 # 10a- 25 a Parqueadero la 24 | I264: 1 | J264: 1950000 | K264: =J264*0.19 -> 370500 | L264: =J264+K264 -> 2320500
A265: 45986 | B265: 45997 | C265: SGRSI | D265: Requerimiento 177 | E265: 8. Personal apoyo | F265: 8.4 Auxiliar Logístico montaje y desmontaje mobiliario | G265: Ferias fijas | H265: Bodega IPES cra 38 # 10a- 25 a Parqueadero la 24 | I265: 5 | J265: 1175000 | K265: =J265*0.19 -> 223250 | L265: =J265+K265 -> 1398250
A266: 45986 | B266: 45998 | C266: SGRSI | D266: Requerimiento 177 | E266: 5. Estructuras exteriores | F266: 5.1 Baño portátil | G266: Ferias fijas | H266: Bodega IPES cra 38 # 10a- 25 a Parqueadero la 24 | I266: 2 | J266: 990000 | K266: =J266*0.19 -> 188100 | L266: =J266+K266 -> 1178100
A267: 45986 | B267: 45999 | C267: SGRSI | D267: Requerimiento 177 | E267: 5. Estructuras exteriores | F267: 5.1 Baño portátil | G267: Ferias fijas | H267: Bodega IPES cra 38 # 10a- 25 a Parqueadero la 24 | I267: 2 | J267: 990000 | K267: =J267*0.19 -> 188100 | L267: =J267+K267 -> 1178100
A268: 45986 | B268: 45999 | C268: SGRSI | D268: Requerimiento 178 | E268: 8. Personal apoyo | F268: 8.4 Auxiliar Logístico montaje y desmontaje mobiliario | G268: Ferias fijas | H268: Parqueadero las Aguas a Bodega IPES cra 38 # 10a- 25 | I268: 6 | J268: 1410000 | K268: =J268*0.19 -> 267900 | L268: =J268+K268 -> 1677900
A269: 45986 | B269: 45999 | C269: SGRSI | D269: Requerimiento 178 | E269: 12. Transporte | F269: 12.2 Transporte 6.5 Ton | G269: Ferias fijas | H269: Parqueadero las Aguas a Bodega IPES cra 38 # 10a- 25 | I269: 1 | J269: 1950000 | K269: =J269*0.19 -> 370500 | L269: =J269+K269 -> 2320500
A270: 45986 | B270: 45999 | C270: SGRSI | D270: Requerimiento 179 | E270: 8. Personal apoyo | F270: 8.4 Auxiliar Logístico montaje y desmontaje mobiliario | G270: Ferias fijas | H270: Parqueadero la 24 a Bodega IPES cra 38 # 10a- 25 | I270: 5 | J270: 1175000 | K270: =J270*0.19 -> 223250 | L270: =J270+K270 -> 1398250
A271: 45986 | B271: 45999 | C271: SGRSI | D271: Requerimiento 179 | E271: 12. Transporte | F271: 12.2 Transporte 6.5 Ton | G271: Ferias fijas | H271: Parqueadero la 24 a Bodega IPES cra 38 # 10a- 25 | I271: 1 | J271: 1950000 | K271: =J271*0.19 -> 370500 | L271: =J271+K271 -> 2320500
... A301: 45986 | B301: 46019 | C301: SGRSI | D301: Requerimiento 191 | E301: 12. Transporte | F301: 12.2 Transporte 6.5 Ton | G301: Ferias fijas | H301: Parqueadero la 24 a Bodega IPES cra 38 # 10a- 25 | I301: 1 | J301: 1950000 | K301: =J301*0.19 -> 370500 | L301: =J301+K301 -> 2320500

Sheet RESUMEN OCTUBRE .
A1: RESUMEN DE EJECUCION CORTE 31/OCTUBRE/2025
B3: Categoría | C3: VALOR UN | D3: % | G3: PLAN DE PAGOS | I3: SOBRE LA EJECCUCIÓN
B4: 1. Audio y video | C4: =SUMIFS('Detalle noviembre'!$L$2:$L$350,'Detalle noviembre'!$E$2:$E$350,$B4) -> 58845500 | D4: ='RESUMEN OCTUBRE .'!$C4/$C$12 -> 0.074497683 | G4: 1ER PAGO | H4: 200090750
B5: 11. Suministro de energía | C5: =SUMIFS('Detalle noviembre'!$L$2:$L$350,'Detalle noviembre'!$E$2:$E$350,$B5) -> 16987250 | D5: ='RESUMEN OCTUBRE .'!$C5/$C$12 -> 0.021505651 | G5: 2DO PAGO | H5: 200090750 | I5: 0.3 | J5: =C14*I5 -> 240108900
B6: 12. Transporte | C6: =SUMIFS('Detalle noviembre'!$L$2:$L$350,'Detalle noviembre'!$E$2:$E$350,$B6) -> 3.053295e+08 | D6: ='RESUMEN OCTUBRE .'!$C6/$C$12 -> 0.38654341 | G6: 3ER PAGO | H6: 320145200 | I6: 0.5 | J6: =I6*C14 -> 400181500
B7: 2. Catering | C7: =SUMIFS('Detalle noviembre'!$L$2:$L$350,'Detalle noviembre'!$E$2:$E$350,$B7) -> 60865858 | D7: ='RESUMEN OCTUBRE .'!$C7/$C$12 -> 0.077055432 | G7: 4TO PAGO | H7: 200000000 | I7: 0.7 | J7: =I7*C14 -> 560254100
B8: 5. Estructuras exteriores | C8: =SUMIFS('Detalle noviembre'!$L$2:$L$350,'Detalle noviembre'!$E$2:$E$350,$B8) -> 69507900 | D8: ='RESUMEN OCTUBRE .'!$C8/$C$12 -> 0.087996151 | G8: 5TO PAGO | H8: 160000000 | I8: 0.9 | J8: =I8*C14 -> 720326700
B9: 6. Materiales publicidad institucional | C9: =SUMIFS('Detalle noviembre'!$L$2:$L$350,'Detalle noviembre'!$E$2:$E$350,$B9) -> 48903857 | D9: ='RESUMEN OCTUBRE .'!$C9/$C$12 -> 0.061911685 | G9: 6TO Y ÚLTIMO | H9: 120036300 | I9: 0.1 | J9: =I9*C14 -> 80036300
B10: 7. Mobiliario | C10: =SUMIFS('Detalle noviembre'!$L$2:$L$350,'Detalle noviembre'!$E$2:$E$350,$B10) -> 2491265 | D10: ='RESUMEN OCTUBRE .'!$C10/$C$12 -> 0.003153911 | H10: =SUM(H4:H9) -> 1200363000 | J10: =J8+J9 -> 800363000
B11: 8. Personal apoyo | C11: =SUMIFS('Detalle noviembre'!$L$2:$L$350,'Detalle noviembre'!$E$2:$E$350,$B11) -> 2.2696592e+08 | D11: ='RESUMEN OCTUBRE .'!$C11/$C$12 -> 0.28733608
B12: VALOR TOTAL | C12: =SUM(C4:C11) -> 7.8989705e+08 | D12: 1
B14: PRESUPUESTO CONVENIO | C14: 800363000
B15: VALOR NETO EJECUTADO | C15: =SUM('Detalle noviembre'!J2:J350) -> 6.6377903e+08
B16: IVA | C16: =SUM('Detalle noviembre'!K2:K350) -> 1.2611802e+08 | D16: %EJECUCIÓN
B17: TOTAL EJECUTADO | C17: =SUM('Detalle noviembre'!L2:L350) -> 7.8989705e+08 | D17: =C17/C14 -> 0.98692349
B18: POR EJECUTAR | C18: =C14-C17 -> 10465952 | D18: =C18/C14 -> 0.013076507

Sheet Detalle octubre
A1: Fecha solicitud | B1: Fecha Servicio | C1: Dependencia | D1: Requerimiento | E1: Categoría | F1: Servicio o Bien | G1: Descripción | H1: Dirección | I1: Cantidad | J1: Valor | K1: IVA 19% | L1: TOTAL
A2: 3-may-25* | B2: 3-may-25* | C2: SESEC | D2: Requerimiento 1 | E2: 8. Personal apoyo | F2: 8.4 Auxiliar Logístico montaje y desmontaje mobiliario | G2: Café a la plaza | H2: Calle 12c # 1-40 Plaza la Concordia | I2: 6 | J2: 1410000 | K2: =J2*0.19 -> 267900 | L2: =J2+K2 -> 1677900
A3: 3-may-25* | B3: 3-may-25* | C3: SESEC | D3: Requerimiento 1 | E3: 12. Transporte | F3: 12.2 Transporte 6.5 Ton | G3: Café a la plaza | H3: Calle 12c # 1-40 La Candelaria | I3: 1 | J3: 1950000 | K3: =J3*0.19 -> 370500 | L3: =J3+K3 -> 2320500
A4: 3-may-25* | B4: 45780 | C4: SESEC | D4: Requerimiento 2 | E4: 1. Audio y video | F4: 1.2 Alquiler de sonido de 200 a 500 personas | G4: Café a la plaza | H4: Calle 12c # 1-40 La Candelaria | I4: 1 | J4: 4950000 | K4: =J4*0.19 -> 940500 | L4: =J4+K4 -> 5890500
A5: 3-may-25* | B5: 45780 | C5: SESEC | D5: Requerimiento 2 | E5: 2. Catering | F5: 2.7 Refrigério de sal | G5: Café a la plaza | H5: Calle 12c # 1-40 La Candelaria | I5: 200 | J5: 5300000 | K5: =J5*0.19 -> 1007000 | L5: =J5+K5 -> 6307000
A6: 3-may-25* | B6: 45780 | C6: SESEC | D6: Requerimiento 2 | E6: 11. Suministro de energía | F6: 11.6 Planta eléctrica - 120 KVA | G6: Café a la plaza | H6: Calle 12c # 1-40 La Candelaria | I6: 1 | J6: 2950000 | K6: =J6*0.19 -> 560500 | L6: =J6+K6 -> 3510500
A7: 3-may-25* | B7: 45780 | C7: SESEC | D7: Requerimiento 2 | E7: 11. Suministro de energía | F7: 11.9 Punto de luz en carpa | G7: Café a la plaza | H7: Calle 12c # 1-40 La Candelaria | I7: 35 | J7: 5075000 | K7: =J7*0.19 -> 964250 | L7: =J7+K7 -> 6039250
A8: 3-may-25* | B8: 45780 | C8: SGRSI | D8: Requerimiento 5 | E8: 5. Estructuras exteriores | F8: 5.1 Baño portátil | G8: Ferias fijas | H8: Bodega IPES carrera 38 No. 10 A-25 a Parqueadero las Aguas | I8: 2 | J8: 990000 | K8: =J8*0.19 -> 188100 | L8: =J8+K8 -> 1178100
A9: 3-may-25* | B9: 45780 | C9: SGRSI | D9: Requerimiento 5 | E9: 8. Personal apoyo | F9: 8.4 Auxiliar Logístico montaje y desmontaje mobiliario | G9: Ferias fijas | H9: Bodega IPES carrera 38 No. 10 A-25 a Parqueadero las Aguas | I9: 6 | J9: 1410000 | K9: =J9*0.19 -> 267900 | L9: =J9+K9 -> 1677900
A10: 3-may-25* | B10: 45780 | C10: SGRSI | D10: Requerimiento 5 | E10: 12. Transporte | F10: 12.2 Transporte 6.5 Ton | G10: Ferias fijas | H10: Bodega IPES carrera 38 No. 10 A-25 a Parqueadero las Aguas | I10: 1 | J10: 1950000 | K10: =J10*0.19 -> 370500 | L10: =J10+K10 -> 2320500
A11: 3-may-25* | B11: 45780 | C11: SGRSI | D11: Requerimiento 6 | E11: 5. Estructuras exteriores | F11: 5.1 Baño portátil | G11: Ferias fijas | H11: Bodega IPES carrera 38 No. 10 A-25 a Parqueadero la 24 | I11: 2 | J11: 990000 | K11: =J11*0.19 -> 188100 | L11: =J11+K11 -> 1178100
A12: 3-may-25* | B12: 45780 | C12: SGRSI | D12: Requerimiento 6 | E12: 8. Personal apoyo | F12: 8.4 Auxiliar Logístico montaje y desmontaje mobiliario | G12: Ferias fijas | H12: Bodega IPES carrera 38 No. 10 A-25 a Parqueadero la 24 | I12: 5 | J12: 1175000 | K12: =J12*0.19 -> 223250 | L12: =J12+K12 -> 1398250
A13: 3-may-25* | B13: 45781 | C13: SGRSI | D13: Requerimiento 6 | E13: 12. Transporte | F13: 12.2 Transporte 6.5 Ton | G13: Ferias fijas | H13: Bodega IPES carrera 38 No. 10 A-25 a Parqueadero la 24 | I13: 1 | J13: 1950000 | K13: =J13*0.19 -> 370500 | L13: =J13+K13 -> 2320500
A14: 3-may-25* | B14: 45781 | C14: SGRSI | D14: Requerimiento 7 | E14: 8. Personal apoyo | F14: 8.4 Auxiliar Logístico montaje y desmontaje mobiliario | G14: Ferias fijas | H14: Parqueadero las Aguas a Bodega IPES cra 38 # 10a- 25 | I14: 6 | J14: 1410000 | K14: =J14*0.19 -> 267900 | L14: =J14+K14 -> 1677900
A15: 3-may-25* | B15: 45781 | C15: SGRSI | D15: Requerimiento 7 | E15: 12. Transporte | F15: 12.2 Transporte 6.5 Ton | G15: Ferias fijas | H15: Parqueadero las Aguas a Bodega IPES cra 38 # 10a- 25 | I15: 1 | J15: 1950000 | K15: =J15*0.19 -> 370500 | L15: =J15+K15 -> 2320500
... A21: 3-may-25* | B21: 45782 | C21: SESEC | D21: Requerimiento 4 | E21: 8. Personal apoyo | F21: 8.4 Auxiliar Logístico montaje y desmontaje mobiliario | G21: Café a la plaza | H21: Calle 12c # 1-40 La Candelaria | I21: 6 | J21: 1410000 | K21: =J21*0.19 -> 267900 | L21: =J21+K21 -> 1677900
A22: 45779 | B22: 45782 | C22: SESEC | D22: Requerimiento 4 | E22: 12. Transporte | F22: 12.2 Transporte 6.5 Ton | G22: Café a la plaza | H22: Calle 12c # 1-40 La Candelaria | I22: 1 | J22: 1950000 | K22: =J22*0.19 -> 370500 | L22: =J22+K22 -> 2320500
A23: 45787 | B23: 45788 | C23: SGRSI | D23: Requerimiento 9 | E23: 5. Estructuras exteriores | F23: 5.1 Baño portátil | G23: Ferias fijas | H23: Bodega IPES carrera 38 No. 10 A-25 a Parqueadero la 24 | I23: 2 | J23: 990000 | K23: =J23*0.19 -> 188100 | L23: =J23+K23 -> 1178100
A24: 45787 | B24: 45788 | C24: SGRSI | D24: Requerimiento 9 | E24: 8. Personal apoyo | F24: 8.4 Auxiliar Logístico montaje y desmontaje mobiliario | G24: Ferias fijas | H24: Bodega IPES carrera 38 No. 10 A-25 a Parqueadero la 24 | I24: 5 | J24: 1175000 | K24: =J24*0.19 -> 223250 | L24: =J24+K24 -> 1398250
A25: 45787 | B25: 45788 | C25: SGRSI | D25: Requerimiento 9 | E25: 12. Transporte | F25: 12.2 Transporte 6.5 Ton | G25: Ferias fijas | H25: Bodega IPES carrera 38 No. 10 A-25 a Parqueadero la 24 | I25: 1 | J25: 1950000 | K25: =J25*0.19 -> 370500 | L25: =J25+K25 -> 2320500
A26: 45787 | B26: 45788 | C26: SGRSI | D26: Requerimiento 10 | E26: 5. Estructuras exteriores | F26: 5.1 Baño portátil | G26: Ferias fijas | H26: Bodega IPES carrera 38 No. 10 A-25 a Parqueadero las Aguas | I26: 2 | J26: 990000 | K26: =J26*0.19 -> 188100 | L26: =J26+K26 -> 1178100
A27: 45787 | B27: 45788 | C27: SGRSI | D27: Requerimiento 10 | E27: 8. Personal apoyo | F27: 8.4 Auxiliar Logístico montaje y desmontaje mobiliario | G27: Ferias fijas | H27: Bodega IPES carrera 38 No. 10 A-25 a Parqueadero las Aguas | I27: 6 | J27: 1410000 | K27: =J27*0.19 -> 267900 | L27: =J27+K27 -> 1677900
A28: 45787 | B28: 45788 | C28: SGRSI | D28: Requerimiento 10 | E28: 12. Transporte | F28: 12.2 Transporte 6.5 Ton | G28: Ferias fijas | H28: Bodega IPES carrera 38 No. 10 A-25 a Parqueadero las Aguas | I28: 1 | J28: 1950000 | K28: =J28*0.19 -> 370500 | L28: =J28+K28 -> 2320500
A29: 45788 | B29: 45789 | C29: SGRSI | D29: Requerimiento 11 | E29: 8. Personal apoyo | F29: 8.4 Auxiliar Logístico montaje y desmontaje mobiliario | G29: Ferias fijas | H29: Parqueadero las Aguas a Bodega IPES cra 38 # 10a- 25 | I29: 6 | J29: 1410000 | K29: =J29*0.19 -> 267900 | L29: =J29+K29 -> 1677900
A30: 45788 | B30: 45789 | C30: SGRSI | D30: Requerimiento 11 | E30: 12. Transporte | F30: 12.2 Transporte 6.5 Ton | G30: Ferias fijas | H30: Parqueadero las Aguas a Bodega IPES cra 38 # 10a- 25 | I30: 1 | J30: 1950000 | K30: =J30*0.19 -> 370500 | L30: =J30+K30 -> 2320500
A31: 45788 | B31: 45789 | C31: SGRSI | D31: Requerimiento 12 | E31: 8. Personal apoyo | F31: 8.4 Auxiliar Logístico montaje y desmontaje mobiliario | G31: Ferias fijas | H31: Parqueadero la 24 a Bodega IPES cra 38 # 10a- 25 | I31: 5 | J31: 1175000 | K31: =J31*0.19 -> 223250 | L31: =J31+K31 -> 1398250
A32: 45788 | B32: 45789 | C32: SGRSI | D32: Requerimiento 12 | E32: 12. Transporte | F32: 12.2 Transporte 6.5 Ton | G32: Ferias fijas | H32: Parqueadero la 24 a Bodega IPES cra 38 # 10a- 25 | I32: 1 | J32: 1950000 | K32: =J32*0.19 -> 370500 | L32: =J32+K32 -> 2320500
A33: 45789 | B33: 45789 | C33: SGRSI | D33: Requerimiento 13 | E33: 8. Personal apoyo | F33: 8.4 Auxiliar Logístico montaje y desmontaje mobiliario | G33: Feria institucional mes de las madres | H33: Bodega IPES carrera 38 No. 10 A-25 a Parque zonal carrera 55 con calle 170 | I33: 6 | J33: 1410000 | K33: =J33*0.19 -> 267900 | L33: =J33+K33 -> 1677900
... A205: 45868 | B205: 45878 | C205: SGRSI | D205: Requerimiento 85 | E205: 5. Estructuras exteriores | F205: 5.1 Baño portátil | G205: Ferias fijas | H205: Bodega IPES cra 38 # 10a- 25 a Parqueadero las Aguas | I205: 2 | J205: 990000 | K205: =J205*0.19 -> 188100 | L205: =J205+K205 -> 1178100
A206: 45868 | B206: 45878 | C206: SGRSI | D206: Requerimiento 86 | E206: 8. Personal apoyo | F206: 8.4 Auxiliar Logístico montaje y desmontaje mobiliario | G206: Ferias fijas | H206: Bodega IPES cra 38 # 10a- 25 a Parqueadero la 24 | I206: 10 | J206: =1175000*2 -> 2350000 | K206: =J206*0.19 -> 446500 | L206: =J206+K206 -> 2796500
A207: 45868 | B207: 45878 | C207: SGRSI | D207: Requerimiento 86 | E207: 12. Transporte | F207: 12.2 Transporte 6.5 Ton | G207: Ferias fijas | H207: Bodega IPES cra 38 # 10a- 25 a Parqueadero la 24 | I207: 2 | J207: =1950000*2 -> 3900000 | K207: =J207*0.19 -> 741000 | L207: =J207+K207 -> 4641000
A208: 45868 | B208: 45878 | C208: SGRSI | D208: Requerimiento 86 | E208: 5. Estructuras exteriores | F208: 5.1 Baño portátil | G208: Ferias fijas | H208: Bodega IPES cra 38 # 10a- 25 a Parqueadero la 24 | I208: 2 | J208: 990000 | K208: =J208*0.19 -> 188100 | L208: =J208+K208 -> 1178100
A209: 45868 | B209: 45879 | C209: SGRSI | D209: Requerimiento 87 | E209: 8. Personal apoyo | F209: 8.4 Auxiliar Logístico montaje y desmontaje mobiliario | G209: Ferias fijas | H209: Parqueadero las Aguas a Bodega IPES cra 38 # 10a- 25 | I209: 6 | J209: 1410000 | K209: =J209*0.19 -> 267900 | L209: =J209+K209 -> 1677900
A210: 45868 | B210: 45879 | C210: SGRSI | D210: Requerimiento 87 | E210: 12. Transporte | F210: 12.2 Transporte 6.5 Ton | G210: Ferias fijas | H210: Parqueadero las Aguas a Bodega IPES cra 38 # 10a- 25 | I210: 1 | J210: 1950000 | K210: =J210*0.19 -> 370500 | L210: =J210+K210 -> 2320500
A211: 45878 | B211: 45879 | C211: SESEC | D211: Requerimiento 88 | E211: 8. Personal apoyo | F211: 8.12 Creador de contenido influencer | G211: Fritanga Fest | H211: Plaza la concordia | I211: 1 | J211: 4519500 | K211: =J211*0.19 -> 858705 | L211: =J211+K211 -> 5378205
A212: 45870 | B212: 45871 | C212: SGRSI | D212: Requerimiento 89 | E212: 8. Personal apoyo | F212: 8.4 Auxiliar Logístico montaje y desmontaje mobiliario | G212: Festival de verano | H212: Bodega Ipes a Simon Bolivar | I212: 5 | J212: 1175000 | K212: =J212*0.19 -> 223250 | L212: =J212+K212 -> 1398250
A213: 45870 | B213: 45871 | C213: SGRSI | D213: Requerimiento 89 | E213: 12. Transporte | F213: 12.2 Transporte 6.5 Ton | G213: Festival de verano | H213: Bodega Ipes a Simon Bolivar | I213: 1 | J213: 1950000 | K213: =J213*0.19 -> 370500 | L213: =J213+K213 -> 2320500
A214: 45871 | B214: 2/08/2025 al 10/08/2025 | C214: SGRSI | D214: Requerimiento 90 | E214: 1. Audio y video | F214: 1.1 Alquiler de sonido de 50 a 200 personas | G214: Festival de verano | H214: Parque Simon Bolivar | I214: 2 | J214: =2250000*2 -> 4500000 | K214: =J214*0.19 -> 855000 | L214: =J214+K214 -> 5355000
A215: 45871 | B215: 2/08/2025 al 10/08/2025 | C215: SGRSI | D215: Requerimiento 90 | E215: 11. Suministro de energía | F215: 11.3 Planta eléctrica - 40 KVA | G215: Festival de verano | H215: Parque Simon Bolivar | I215: 2 | J215: =1650000*2 -> 3300000 | K215: =J215*0.19 -> 627000 | L215: =J215+K215 -> 3927000
A216: 45871 | B216: 2/08/2025 al 10/08/2025 | C216: SGRSI | D216: Requerimiento 90 | E216: 8. Personal apoyo | F216: 8.1 Animador y/o Presentador con experiencia | G216: Festival de verano | H216: Parque Simon Bolivar | I216: 2 | J216: =1450000*2 -> 2900000 | K216: =J216*0.19 -> 551000 | L216: =J216+K216 -> 3451000
A217: 45871 | B217: 2/08/2025 al 10/08/2025 | C217: SGRSI | D217: Requerimiento 90 | E217: 8. Personal apoyo | F217: 8.2 Artista solista | G217: Festival de verano | H217: Parque Simon Bolivar | I217: 3 | J217: =1008403*4 -> 4033612 | K217: =J217*0.19 -> 766386.28 | L217: =J217+K217 -> 4799998.3
A218: 45879 | B218: 45880 | C218: SGRSI | D218: Requerimiento 91 | E218: 8. Personal apoyo | F218: 8.4 Auxiliar Logístico montaje y desmontaje mobiliario | G218: Festival de verano | H218: Bodega Ipes a Simon Bolivar | I218: 5 | J218: 1175000 | K218: =J218*0.19 -> 223250 | L218: =J218+K218 -> 1398250
A219: 45879 | B219: 45880 | C219: SGRSI | D219: Requerimiento 91 | E219: 12. Transporte | F219: 12.2 Transporte 6.5 Ton | G219: Festival de verano | H219: Bodega Ipes a Simon Bolivar | I219: 1 | J219: 1950000 | K219: =J219*0.19 -> 370500 | L219: =J219+K219 -> 2320500
A220: 45877 | B220: 45879 | C220: SGRSI | D220: Requerimiento 92 | E220: 12. Transporte | F220: 12.3 Transporte camioneta 4*2 | G220: Festival de verano | H220: Parque Simon Bolivar | I220: 1 | J220: 588235.29 | K220: =J220*0.19 -> 111764.71 | L220: =J220+K220 -> 700000
A221: 45877 | B221: 45879 | C221: SGRSI | D221: Requerimiento 93 | E221: 2. Catering | F221: 2.7 Refrigério de sal | G221: Festival de verano | H221: Parque Simon Bolivar | I221: 110 | J221: =26500*110 -> 2915000 | K221: =J221*0.19 -> 553850 | L221: =J221+K221 -> 3468850
A222: 45868 | B222: 45885 | C222: SGRSI | D222: Requerimiento 94 | E222: 8. Personal apoyo | F222: 8.4 Auxiliar Logístico montaje y desmontaje mobiliario | G222: Ferias fijas | H222: Bodega IPES cra 38 # 10a- 25 a Parqueadero las Aguas | I222: 6 | J222: 1410000 | K222: =J222*0.19 -> 267900 | L222: =J222+K222 -> 1677900
A223: 45868 | B223: 45885 | C223: SGRSI | D223: Requerimiento 94 | E223: 12. Transporte | F223: 12.2 Transporte 6.5 Ton | G223: Ferias fijas | H223: Bodega IPES cra 38 # 10a- 25 a Parqueadero las Aguas | I223: 1 | J223: 1950000 | K223: =J223*0.19 -> 370500 | L223: =J223+K223 -> 2320500
A224: 45868 | B224: 45885 | C224: SGRSI | D224: Requerimiento 94 | E224: 5. Estructuras exteriores | F224: 5.1 Baño portátil | G224: Ferias fijas | H224: Bodega IPES cra 38 # 10a- 25 a Parqueadero las Aguas | I224: 2 | J224: 990000 | K224: =J224*0.19 -> 188100 | L224: =J224+K224 -> 1178100
A225: 45868 | B225: 45885 | C225: SGRSI | D225: Requerimiento 95 | E225: 8. Personal apoyo | F225: 8.4 Auxiliar Logístico montaje y desmontaje mobiliario | G225: Ferias fijas | H225: Bodega IPES cra 38 # 10a- 25 a Parqueadero la 24 | I225: 5 | J225: 1175000 | K225: =J225*0.19 -> 223250 | L225: =J225+K225 -> 1398250
A226: 45868 | B226: 45885 | C226: SGRSI | D226: Requerimiento 95 | E226: 12. Transporte | F226: 12.2 Transporte 6.5 Ton | G226: Ferias fijas | H226: Bodega IPES cra 38 # 10a- 25 a Parqueadero la 24 | I226: 1 | J226: 1950000 | K226: =J226*0.19 -> 370500 | L226: =J226+K226 -> 2320500
A227: 45868 | B227: 45885 | C227: SGRSI | D227: Requerimiento 95 | E227: 5. Estructuras exteriores | F227: 5.1 Baño portátil | G227: Ferias fijas | H227: Bodega IPES cra 38 # 10a- 25 a Parqueadero la 24 | I227: 2 | J227: 990000 | K227: =J227*0.19 -> 188100 | L227: =J227+K227 -> 1178100
A228: 45868 | B228: 45887 | C228: SGRSI | D228: Requerimiento 96 | E228: 8. Personal apoyo | F228: 8.4 Auxiliar Logístico montaje y desmontaje mobiliario | G228: Ferias fijas | H228: Parqueadero las Aguas a Bodega IPES cra 38 # 10a- 25 | I228: 6 | J228: 1410000 | K228: =J228*0.19 -> 267900 | L228: =J228+K228 -> 1677900
A229: 45868 | B229: 45887 | C229: SGRSI | D229: Requerimiento 96 | E229: 12. Transporte | F229: 12.2 Transporte 6.5 Ton | G229: Ferias fijas | H229: Parqueadero las Aguas a Bodega IPES cra 38 # 10a- 25 | I229: 1 | J229: 1950000 | K229: =J229*0.19 -> 370500 | L229: =J229+K229 -> 2320500
A230: 45868 | B230: 45887 | C230: SGRSI | D230: Requerimiento 97 | E230: 8. Personal apoyo | F230: 8.4 Auxiliar Logístico montaje y desmontaje mobiliario | G230: Ferias fijas | H230: Parqueadero la 24 a Bodega IPES cra 38 # 10a- 25 | I230: 5 | J230: 1175000 | K230: =J230*0.19 -> 223250 | L230: =J230+K230 -> 1398250
A231: 45868 | B231: 45887 | C231: SGRSI | D231: Requerimiento 97 | E231: 12. Transporte | F231: 12.2 Transporte 6.5 Ton | G231: Ferias fijas | H231: Parqueadero la 24 a Bodega IPES cra 38 # 10a- 25 | I231: 1 | J231: 1950000 | K231: =J231*0.19 -> 370500 | L231: =J231+K231 -> 2320500
A232: 45875 | B232: 45877 | C232: SGRSI | D232: Requerimiento 98 | E232: 2. Catering | F232: 2.7 Refrigério de sal | G232: Festival de verano | H232: Parque Simon Bolivar | I232: 100 | J232: =26500*100 -> 2650000 | K232: =J232*0.19 -> 503500 | L232: =J232+K232 -> 3153500
A233: 45878 | B233: 45879 | C233: SGRSI | D233: Requerimiento 99 | E233: 12. Transporte | F233: 12.3 Transporte camioneta 4*2 | G233: Festival de verano | H233: Parque Simon Bolivar | I233: 1 | J233: 588235.29 | K233: =J233*0.19 -> 111764.71 | L233: =J233+K233 -> 700000
A234: 45868 | B234: 45892 | C234: SGRSI | D234: Requerimiento 100 | E234: 8. Personal apoyo | F234: 8.4 Auxiliar Logístico montaje y desmontaje mobiliario | G234: Ferias fijas | H234: Bodega IPES cra 38 # 10a- 25 a Parqueadero las Aguas | I234: 6 | J234: 1410000 | K234: =J234*0.19 -> 267900 | L234: =J234+K234 -> 1677900
A235: 45868 | B235: 45892 | C235: SGRSI | D235: Requerimiento 100 | E235: 12. Transporte | F235: 12.2 Transporte 6.5 Ton | G235: Ferias fijas | H235: Bodega IPES cra 38 # 10a- 25 a Parqueadero las Aguas | I235: 1 | J235: 1950000 | K235: =J235*0.19 -> 370500 | L235: =J235+K235 -> 2320500
A236: 45868 | B236: 45892 | C236: SGRSI | D236: Requerimiento 100 | E236: 5. Estructuras exteriores | F236: 5.1 Baño portátil | G236: Ferias fijas | H236: Bodega IPES cra 38 # 10a- 25 a Parqueadero las Aguas | I236: 2 | J236: 990000 | K236: =J236*0.19 -> 188100 | L236: =J236+K236 -> 1178100
A237: 45868 | B237: 45892 | C237: SGRSI | D237: Requerimiento 101 | E237: 8. Personal apoyo | F237: 8.4 Auxiliar Logístico montaje y desmontaje mobiliario | G237: Ferias fijas | H237: Bodega IPES cra 38 # 10a- 25 a Parqueadero la 24 | I237: 5 | J237: 1175000 | K237: =J237*0.19 -> 223250 | L237: =J237+K237 -> 1398250
A238: 45868 | B238: 45892 | C238: SGRSI | D238: Requerimiento 101 | E238: 12. Transporte | F238: 12.2 Transporte 6.5 Ton | G238: Ferias fijas | H238: Bodega IPES cra 38 # 10a- 25 a Parqueadero la 24 | I238: 1 | J238: 1950000 | K238: =J238*0.19 -> 370500 | L238: =J238+K238 -> 2320500
A239: 45868 | B239: 45892 | C239: SGRSI | D239: Requerimiento 101 | E239: 5. Estructuras exteriores | F239: 5.1 Baño portátil | G239: Ferias fijas | H239: Bodega IPES cra 38 # 10a- 25 a Parqueadero la 24 | I239: 2 | J239: 990000 | K239: =J239*0.19 -> 188100 | L239: =J239+K239 -> 1178100
A240: 45868 | B240: 45893 | C240: SGRSI | D240: Requerimiento 102 | E240: 8. Personal apoyo | F240: 8.4 Auxiliar Logístico montaje y desmontaje mobiliario | G240: Ferias fijas | H240: Parqueadero las Aguas a Bodega IPES cra 38 # 10a- 25 | I240: 6 | J240: 1410000 | K240: =J240*0.19 -> 267900 | L240: =J240+K240 -> 1677900
A241: 45868 | B241: 45893 | C241: SGRSI | D241: Requerimiento 102 | E241: 12. Transporte | F241: 12.2 Transporte 6.5 Ton | G241: Ferias fijas | H241: Parqueadero las Aguas a Bodega IPES cra 38 # 10a- 25 | I241: 1 | J241: 1950000 | K241: =J241*0.19 -> 370500 | L241: =J241+K241 -> 2320500
A242: 45868 | B242: 45893 | C242: SGRSI | D242: Requerimiento 103 | E242: 8. Personal apoyo | F242: 8.4 Auxiliar Logístico montaje y desmontaje mobiliario | G242: Ferias fijas | H242: Parqueadero la 24 a Bodega IPES cra 38 # 10a- 25 | I242: 5 | J242: 1175000 | K242: =J242*0.19 -> 223250 | L242: =J242+K242 -> 1398250
A243: 45868 | B243: 45893 | C243: SGRSI | D243: Requerimiento 103 | E243: 12. Transporte | F243: 12.2 Transporte 6.5 Ton | G243: Ferias fijas | H243: Parqueadero la 24 a Bodega IPES cra 38 # 10a- 25 | I243: 1 | J243: 1950000 | K243: =J243*0.19 -> 370500 | L243: =J243+K243 -> 2320500
A244: 45868 | B244: 45900 | C244: SGRSI | D244: Requerimiento 104 | E244: 12. Transporte | F244: 12.3 Transporte camioneta 4*2 | G244: Ferias fijas | H244: Parqueaderos aguas y la 24 | I244: 1 | J244: 588235.29 | K244: =J244*0.19 -> 111764.71 | L244: =J244+K244 -> 700000
A245: 45904 | B245: 45905 | C245: SGRSI | D245: Requerimiento 105 | E245: 2. Catering | F245: 2.7 Refrigério de sal | G245: Stand para la Cumbre Internacional de Sostenibilidad e Innovación Ambiental 2025 | H245: Plaza de mercado restrepo | I245: 30 | J245: =26500*30 -> 795000 | K245: =J245*0.19 -> 151050 | L245: =J245+K245 -> 946050
A246: 45868 | B246: 45899 | C246: SGRSI | D246: Requerimiento 106 | E246: 8. Personal apoyo | F246: 8.4 Auxiliar Logístico montaje y desmontaje mobiliario | G246: Ferias fijas | H246: Bodega IPES cra 38 # 10a- 25 a Parqueadero las Aguas | I246: 6 | J246: 1410000 | K246: =J246*0.19 -> 267900 | L246: =J246+K246 -> 1677900
A247: 45868 | B247: 45899 | C247: SGRSI | D247: Requerimiento 106 | E247: 12. Transporte | F247: 12.2 Transporte 6.5 Ton | G247: Ferias fijas | H247: Bodega IPES cra 38 # 10a- 25 a Parqueadero las Aguas | I247: 1 | J247: 1950000 | K247: =J247*0.19 -> 370500 | L247: =J247+K247 -> 2320500
A248: 45868 | B248: 45899 | C248: SGRSI | D248: Requerimiento 106 | E248: 5. Estructuras exteriores | F248: 5.1 Baño portátil | G248: Ferias fijas | H248: Bodega IPES cra 38 # 10a- 25 a Parqueadero las Aguas | I248: 2 | J248: 990000 | K248: =J248*0.19 -> 188100 | L248: =J248+K248 -> 1178100
A249: 45868 | B249: 45899 | C249: SGRSI | D249: Requerimiento 107 | E249: 8. Personal apoyo | F249: 8.4 Auxiliar Logístico montaje y desmontaje mobiliario | G249: Ferias fijas | H249: Bodega IPES cra 38 # 10a- 25 a Parqueadero la 24 | I249: 5 | J249: 1175000 | K249: =J249*0.19 -> 223250 | L249: =J249+K249 -> 1398250
A250: 45868 | B250: 45899 | C250: SGRSI | D250: Requerimiento 107 | E250: 12. Transporte | F250: 12.2 Transporte 6.5 Ton | G250: Ferias fijas | H250: Bodega IPES cra 38 # 10a- 25 a Parqueadero la 24 | I250: 1 | J250: 1950000 | K250: =J250*0.19 -> 370500 | L250: =J250+K250 -> 2320500
A251: 45868 | B251: 45899 | C251: SGRSI | D251: Requerimiento 107 | E251: 5. Estructuras exteriores | F251: 5.1 Baño portátil | G251: Ferias fijas | H251: Bodega IPES cra 38 # 10a- 25 a Parqueadero la 24 | I251: 2 | J251: 990000 | K251: =J251*0.19 -> 188100 | L251: =J251+K251 -> 1178100
A252: 45868 | B252: 45900 | C252: SGRSI | D252: Requerimiento 108 | E252: 8. Personal apoyo | F252: 8.4 Auxiliar Logístico montaje y desmontaje mobiliario | G252: Ferias fijas | H252: Parqueadero las Aguas a Bodega IPES cra 38 # 10a- 25 | I252: 6 | J252: 1410000 | K252: =J252*0.19 -> 267900 | L252: =J252+K252 -> 1677900
A253: 45868 | B253: 45900 | C253: SGRSI | D253: Requerimiento 108 | E253: 12. Transporte | F253: 12.2 Transporte 6.5 Ton | G253: Ferias fijas | H253: Parqueadero las Aguas a Bodega IPES cra 38 # 10a- 25 | I253: 1 | J253: 1950000 | K253: =J253*0.19 -> 370500 | L253: =J253+K253 -> 2320500
A254: 45868 | B254: 45900 | C254: SGRSI | D254: Requerimiento 109 | E254: 8. Personal apoyo | F254: 8.4 Auxiliar Logístico montaje y desmontaje mobiliario | G254: Ferias fijas | H254: Parqueadero la 24 a Bodega IPES cra 38 # 10a- 25 | I254: 5 | J254: 1175000 | K254: =J254*0.19 -> 223250 | L254: =J254+K254 -> 1398250
A255: 45868 | B255: 45900 | C255: SGRSI | D255: Requerimiento 109 | E255: 12. Transporte | F255: 12.2 Transporte 6.5 Ton | G255: Ferias fijas | H255: Parqueadero la 24 a Bodega IPES cra 38 # 10a- 25 | I255: 1 | J255: 1950000 | K255: =J255*0.19 -> 370500 | L255: =J255+K255 -> 2320500
A256: 45904 | B256: 45905 | C256: SGRSI | D256: Requerimiento 110 | E256: 12. Transporte | F256: 12.3 Transporte camioneta 4*2 | G256: Stand para la Cumbre Internacional de Sostenibilidad e Innovación Ambiental 2025 | H256: cumbre de sostenibilidad | I256: 1 | J256: 588235.29 | K256: =J256*0.19 -> 111764.71 | L256: =J256+K256 -> 700000
A257: 45904 | B257: 45905 | C257: SESEC | D257: Requerimiento 111 | E257: 6. Materiales publicidad institucional | F257: 6.8 Pendon 4 | G257: Stand para la Cumbre Internacional de Sostenibilidad e Innovación Ambiental 2025 | H257: cumbre de sostenibilidad | I257: 2.25 | J257: 198528 | K257: =J257*0.19 -> 37720.32 | L257: =J257+K257 -> 236248.32
A258: 45905 | B258: 45906 | C258: SGRSI | D258: Requerimiento 112 | E258: 8. Personal apoyo | F258: 8.4 Auxiliar Logístico montaje y desmontaje mobiliario | G258: Ferias fijas | H258: Bodega IPES cra 38 # 10a- 25 a Parqueadero las Aguas | I258: 6 | J258: 1410000 | K258: =J258*0.19 -> 267900 | L258: =J258+K258 -> 1677900
A259: 45905 | B259: 45906 | C259: SGRSI | D259: Requerimiento 112 | E259: 12. Transporte | F259: 12.2 Transporte 6.5 Ton | G259: Ferias fijas | H259: Bodega IPES cra 38 # 10a- 25 a Parqueadero las Aguas | I259: 1 | J259: 1950000 | K259: =J259*0.19 -> 370500 | L259: =J259+K259 -> 2320500
A260: 45905 | B260: 45906 | C260: SGRSI | D260: Requerimiento 112 | E260: 5. Estructuras exteriores | F260: 5.1 Baño portátil | G260: Ferias fijas | H260: Bodega IPES cra 38 # 10a- 25 a Parqueadero las Aguas | I260: 2 | J260: 990000 | K260: =J260*0.19 -> 188100 | L260: =J260+K260 -> 1178100
A261: 45905 | B261: 45906 | C261: SGRSI | D261: Requerimiento 113 | E261: 8. Personal apoyo | F261: 8.4 Auxiliar Logístico montaje y desmontaje mobiliario | G261: Ferias fijas | H261: Bodega IPES cra 38 # 10a- 25 a Parqueadero la 24 | I261: 5 | J261: 1175000 | K261: =J261*0.19 -> 223250 | L261: =J261+K261 -> 1398250
A262: 45905 | B262: 45906 | C262: SGRSI | D262: Requerimiento 113 | E262: 12. Transporte | F262: 12.2 Transporte 6.5 Ton | G262: Ferias fijas | H262: Bodega IPES cra 38 # 10a- 25 a Parqueadero la 24 | I262: 1 | J262: 1950000 | K262: =J262*0.19 -> 370500 | L262: =J262+K262 -> 2320500
A263: 45905 | B263: 45906 | C263: SGRSI | D263: Requerimiento 113 | E263: 5. Estructuras exteriores | F263: 5.1 Baño portátil | G263: Ferias fijas | H263: Bodega IPES cra 38 # 10a- 25 a Parqueadero la 24 | I263: 2 | J263: 990000 | K263: =J263*0.19 -> 188100 | L263: =J263+K263 -> 1178100
A264: 45905 | B264: 45907 | C264: SGRSI | D264: Requerimiento 114 | E264: 8. Personal apoyo | F264: 8.4 Auxiliar Logístico montaje y desmontaje mobiliario | G264: Ferias fijas | H264: Parqueadero las Aguas a Bodega IPES cra 38 # 10a- 25 | I264: 6 | J264: 1410000 | K264: =J264*0.19 -> 267900 | L264: =J264+K264 -> 1677900
A265: 45905 | B265: 45907 | C265: SGRSI | D265: Requerimiento 114 | E265: 12. Transporte | F265: 12.2 Transporte 6.5 Ton | G265: Ferias fijas | H265: Parqueadero las Aguas a Bodega IPES cra 38 # 10a- 25 | I265: 1 | J265: 1950000 | K265: =J265*0.19 -> 370500 | L265: =J265+K265 -> 2320500
A266: 45905 | B266: 45907 | C266: SGRSI | D266: Requerimiento 115 | E266: 8. Personal apoyo | F266: 8.4 Auxiliar Logístico montaje y desmontaje mobiliario | G266: Ferias fijas | H266: Parqueadero la 24 a Bodega IPES cra 38 # 10a- 25 | I266: 5 | J266: 1175000 | K266: =J266*0.19 -> 223250 | L266: =J266+K266 -> 1398250
A267: 45905 | B267: 45907 | C267: SGRSI | D267: Requerimiento 115 | E267: 12. Transporte | F267: 12.2 Transporte 6.5 Ton | G267: Ferias fijas | H267: Parqueadero la 24 a Bodega IPES cra 38 # 10a- 25 | I267: 1 | J267: 1950000 | K267: =J267*0.19 -> 370500 | L267: =J267+K267 -> 2320500
A268: 45910 | B268: 45911 | C268: SGRSI | D268: Requerimiento 116 | E268: 12. Transporte | F268: 12.2 Transporte 6.5 Ton | G268: Cumbre Internacional de Sostenibilidad e Innovación Ambiental 2025 | H268: Agora a plaza restrepo | I268: 1 | J268: 1950000 | K268: =J268*0.19 -> 370500 | L268: =J268+K268 -> 2320500
A269: 45909 | B269: 45911 | C269: SGRSI | D269: Requerimiento 117 | E269: 2. Catering | F269: 2.7 Refrigério de sal | G269: Cumbre Internacional de Sostenibilidad e Innovación Ambiental 2025 | H269: Agora a plaza restrepo | I269: 50 | J269: 1325000 | K269: =J269*0.19 -> 251750 | L269: =J269+K269 -> 1576750
... A350: 45954 | B350: 45956 | C350: SGRSI | D350: Requerimiento 154 | E350: 12. Transporte | F350: 12.2 Transporte 6.5 Ton | G350: Ferias fijas | H350: Parqueadero la 24 a Bodega IPES cra 38 # 10a- 25 | I350: 1 | J350: 1950000 | K350: =J350*0.19 -> 370500 | L350: =J350+K350 -> 2320500
K351: Subtotal | L351: =SUM(J2:J350) -> 6.6377903e+08
K352: IVA 19% | L352: =SUM(K2:K350) -> 1.2611802e+08
K353: TOTAL | L353: =L351+L352 -> 7.8989705e+08
A355: 45985 | B355: 45997 | C355: SGRSI | D355: Requerimiento 176 | E355: 12. Transporte | F355: 12.2 Transporte 6.5 Ton | G355: Ferias fijas | H355: Bodega IPES cra 38 # 10a- 25 a Parqueadero las Aguas | I355: 1 | J355: 1950000 | K355: =J355*0.19 -> 370500 | L355: =J355+K355 -> 2320500
A356: 45985 | B356: 45997 | C356: SGRSI | D356: Requerimiento 176 | E356: 8. Personal apoyo | F356: 8.4 Auxiliar Logístico montaje y desmontaje mobiliario | G356: Ferias fijas | H356: Bodega IPES cra 38 # 10a- 25 a Parqueadero las Aguas | I356: 6 | J356: 1410000 | K356: =J356*0.19 -> 267900 | L356: =J356+K356 -> 1677900
A357: 45985 | B357: 45998 | C357: SGRSI | D357: Requerimiento 176 | E357: 5. Estructuras exteriores | F357: 5.1 Baño portátil | G357: Ferias fijas | H357: Bodega IPES cra 38 # 10a- 25 a Parqueadero las Aguas | I357: 2 | J357: 990000 | K357: =J357*0.19 -> 188100 | L357: =J357+K357 -> 1178100
...

Sheet Resumen noviembre
A1: RESUMEN DE EJECUCION CORTE 30/NOVIEMBRE/2025
B3: Categoría | C3: VALOR UN | D3: % | G3: PLAN DE PAGOS | I3: SOBRE LA EJECCUCIÓN
B4: 1. Audio y video | C4: =SUMIFS('Detalle noviembre'!$L$2:$L$404,'Detalle noviembre'!$E$2:$E$404,$B$4) -> 58845500 | D4: ='Resumen noviembre'!$C4/$C$12 -> 0.06660031 | G4: 1ER PAGO | H4: 200090750 | J4: =I4*C14 -> 0
B5: 11. Suministro de energía | C5: =SUMIFS('Detalle noviembre'!$L$2:$L$404,'Detalle noviembre'!$E$2:$E$404,$B$5) -> 16987250 | D5: ='Resumen noviembre'!$C5/$C$12 -> 0.019225873 | G5: 2DO PAGO | H5: 200090750 | I5: 0.3 | J5: =I5*C14 -> 240108900
B6: 12. Transporte | C6: =SUMIFS('Detalle noviembre'!$L$2:$L$404,'Detalle noviembre'!$E$2:$E$404,$B$6) -> 3.517395e+08 | D6: ='Resumen noviembre'!$C6/$C$12 -> 0.39809263 | G6: 3ER PAGO | H6: 320145200 | I6: 0.5 | J6: =I6*C14 -> 400181500
B7: 2. Catering | C7: =SUMIFS('Detalle noviembre'!$L$2:$L$404,'Detalle noviembre'!$E$2:$E$404,$B$7) -> 60865858 | D7: ='Resumen noviembre'!$C7/$C$12 -> 0.068886917 | G7: 4TO PAGO | H7: 200000000 | I7: 0.7 | J7: =I7*C16 -> 840254100
B8: 5. Estructuras exteriores | C8: =SUMIFS('Detalle noviembre'!$L$2:$L$404,'Detalle noviembre'!$E$2:$E$404,$B$8) -> 86001300 | D8: ='Resumen noviembre'!$C8/$C$12 -> 0.097334771 | G8: 5TO PAGO | H8: 160000000 | I8: 0.9 | J8: =I8*C16 -> 1080326700
B9: 6. Materiales publicidad institucional | C9: =SUMIFS('Detalle noviembre'!$L$2:$L$404,'Detalle noviembre'!$E$2:$E$404,$B$9) -> 48903857 | D9: ='Resumen noviembre'!$C9/$C$12 -> 0.055348532 | G9: 6TO Y ÚLTIMO | H9: 120036300 | I9: 0.1 | J9: =I9*C16 -> 120036300
B10: 7. Mobiliario | C10: =SUMIFS('Detalle noviembre'!$L$2:$L$404,'Detalle noviembre'!$E$2:$E$404,$B$10) -> 2491265 | D10: ='Resumen noviembre'!$C10/$C$12 -> 0.0028195703 | H10: =SUM(H4:H9) -> 1200363000 | J10: =J8+J9 -> 1200363000
B11: 8. Personal apoyo | C11: =SUMIFS('Detalle noviembre'!$L$2:$L$404,'Detalle noviembre'!$E$2:$E$404,$B$11) -> 2.5772742e+08 | D11: ='Resumen noviembre'!$C11/$C$12 -> 0.2916914
B12: VALOR TOTAL | C12: =SUM(C4:C11) -> 8.8356195e+08 | D12: 1
B14: PRESUPUESTO CONVENIO INICIAL | C14: 800363000
B15: PRESUPUESTO CONVENIO ADICIÓN | C15: 400000000
B16: PRESUPUESTO CONVENIO | C16: =C15+C14 -> 1200363000
B17: VALOR NETO EJECUTADO | C17: =SUM('Detalle noviembre'!J2:J404) -> 7.4248903e+08
B18: IVA | C18: =SUM('Detalle noviembre'!K2:K404) -> 1.4107292e+08 | D18: %EJECUCIÓN
B19: TOTAL EJECUTADO | C19: =SUM('Detalle noviembre'!L2:L404) -> 8.8356195e+08 | D19: =C19/C16 -> 0.73607896
B20: POR EJECUTAR | C20: =C16-C19 -> 3.1680105e+08 | D20: =C20/C16 -> 0.26392104

Sheet Detalle noviembre
A1: Fecha solicitud | B1: Fecha Servicio | C1: Dependencia | D1: Requerimiento | E1: Categoría | F1: Servicio o Bien | G1: Descripción | H1: Dirección | I1: Cantidad | J1: Valor | K1: IVA 19% | L1: TOTAL
A2: 3-may-25* | B2: 3-may-25* | C2: SESEC | D2: Requerimiento 1 | E2: 8. Personal apoyo | F2: 8.4 Auxiliar Logístico montaje y desmontaje mobiliario | G2: Café a la plaza | H2: Calle 12c # 1-40 Plaza la Concordia | I2: 6 | J2: 1410000 | K2: =J2*0.19 -> 267900 | L2: =J2+K2 -> 1677900
A3: 3-may-25* | B3: 3-may-25* | C3: SESEC | D3: Requerimiento 1 | E3: 12. Transporte | F3: 12.2 Transporte 6.5 Ton | G3: Café a la plaza | H3: Calle 12c # 1-40 La Candelaria | I3: 1 | J3: 1950000 | K3: =J3*0.19 -> 370500 | L3: =J3+K3 -> 2320500
A4: 3-may-25* | B4: 45780 | C4: SESEC | D4: Requerimiento 2 | E4: 1. Audio y video | F4: 1.2 Alquiler de sonido de 200 a 500 personas | G4: Café a la plaza | H4: Calle 12c # 1-40 La Candelaria | I4: 1 | J4: 4950000 | K4: =J4*0.19 -> 940500 | L4: =J4+K4 -> 5890500
A5: 3-may-25* | B5: 45780 | C5: SESEC | D5: Requerimiento 2 | E5: 2. Catering | F5: 2.7 Refrigério de sal | G5: Café a la plaza | H5: Calle 12c # 1-40 La Candelaria | I5: 200 | J5: 5300000 | K5: =J5*0.19 -> 1007000 | L5: =J5+K5 -> 6307000
A6: 3-may-25* | B6: 45780 | C6: SESEC | D6: Requerimiento 2 | E6: 11. Suministro de energía | F6: 11.6 Planta eléctrica - 120 KVA | G6: Café a la plaza | H6: Calle 12c # 1-40 La Candelaria | I6: 1 | J6: 2950000 | K6: =J6*0.19 -> 560500 | L6: =J6+K6 -> 3510500
A7: 3-may-25* | B7: 45780 | C7: SESEC | D7: Requerimiento 2 | E7: 11. Suministro de energía | F7: 11.9 Punto de luz en carpa | G7: Café a la plaza | H7: Calle 12c # 1-40 La Candelaria | I7: 35 | J7: 5075000 | K7: =J7*0.19 -> 964250 | L7: =J7+K7 -> 6039250
A8: 3-may-25* | B8: 45780 | C8: SGRSI | D8: Requerimiento 5 | E8: 5. Estructuras exteriores | F8: 5.1 Baño portátil | G8: Ferias fijas | H8: Bodega IPES carrera 38 No. 10 A-25 a Parqueadero las Aguas | I8: 2 | J8: 990000 | K8: =J8*0.19 -> 188100 | L8: =J8+K8 -> 1178100
A9: 3-may-25* | B9: 45780 | C9: SGRSI | D9: Requerimiento 5 | E9: 8. Personal apoyo | F9: 8.4 Auxiliar Logístico montaje y desmontaje mobiliario | G9: Ferias fijas | H9: Bodega IPES carrera 38 No. 10 A-25 a Parqueadero las Aguas | I9: 6 | J9: 1410000 | K9: =J9*0.19 -> 267900 | L9: =J9+K9 -> 1677900
A10: 3-may-25* | B10: 45780 | C10: SGRSI | D10: Requerimiento 5 | E10: 12. Transporte | F10: 12.2 Transporte 6.5 Ton | G10: Ferias fijas | H10: Bodega IPES carrera 38 No. 10 A-25 a Parqueadero las Aguas | I10: 1 | J10: 1950000 | K10: =J10*0.19 -> 370500 | L10: =J10+K10 -> 2320500
A11: 3-may-25* | B11: 45780 | C11: SGRSI | D11: Requerimiento 6 | E11: 5. Estructuras exteriores | F11: 5.1 Baño portátil | G11: Ferias fijas | H11: Bodega IPES carrera 38 No. 10 A-25 a Parqueadero la 24 | I11: 2 | J11: 990000 | K11: =J11*0.19 -> 188100 | L11: =J11+K11 -> 1178100
A12: 3-may-25* | B12: 45780 | C12: SGRSI | D12: Requerimiento 6 | E12: 8. Personal apoyo | F12: 8.4 Auxiliar Logístico montaje y desmontaje mobiliario | G12: Ferias fijas | H12: Bodega IPES carrera 38 No. 10 A-25 a Parqueadero la 24 | I12: 5 | J12: 1175000 | K12: =J12*0.19 -> 223250 | L12: =J12+K12 -> 1398250
A13: 3-may-25* | B13: 45781 | C13: SGRSI | D13: Requerimiento 6 | E13: 12. Transporte | F13: 12.2 Transporte 6.5 Ton | G13: Ferias fijas | H13: Bodega IPES carrera 38 No. 10 A-25 a Parqueadero la 24 | I13: 1 | J13: 1950000 | K13: =J13*0.19 -> 370500 | L13: =J13+K13 -> 2320500
A14: 3-may-25* | B14: 45781 | C14: SGRSI | D14: Requerimiento 7 | E14: 8. Personal apoyo | F14: 8.4 Auxiliar Logístico montaje y desmontaje mobiliario | G14: Ferias fijas | H14: Parqueadero las Aguas a Bodega IPES cra 38 # 10a- 25 | I14: 6 | J14: 1410000 | K14: =J14*0.19 -> 267900 | L14: =J14+K14 -> 1677900
A15: 3-may-25* | B15: 45781 | C15: SGRSI | D15: Requerimiento 7 | E15: 12. Transporte | F15: 12.2 Transporte 6.5 Ton | G15: Ferias fijas | H15: Parqueadero las Aguas a Bodega IPES cra 38 # 10a- 25 | I15: 1 | J15: 1950000 | K15: =J15*0.19 -> 370500 | L15: =J15+K15 -> 2320500
... A21: 3-may-25* | B21: 45782 | C21: SESEC | D21: Requerimiento 4 | E21: 8. Personal apoyo | F21: 8.4 Auxiliar Logístico montaje y desmontaje mobiliario | G21: Café a la plaza | H21: Calle 12c # 1-40 La Candelaria | I21: 6 | J21: 1410000 | K21: =J21*0.19 -> 267900 | L21: =J21+K21 -> 1677900
A22: 45779 | B22: 45782 | C22: SESEC | D22: Requerimiento 4 | E22: 12. Transporte | F22: 12.2 Transporte 6.5 Ton | G22: Café a la plaza | H22: Calle 12c # 1-40 La Candelaria | I22: 1 | J22: 1950000 | K22: =J22*0.19 -> 370500 | L22: =J22+K22 -> 2320500
A23: 45787 | B23: 45788 | C23: SGRSI | D23: Requerimiento 9 | E23: 5. Estructuras exteriores | F23: 5.1 Baño portátil | G23: Ferias fijas | H23: Bodega IPES carrera 38 No. 10 A-25 a Parqueadero la 24 | I23: 2 | J23: 990000 | K23: =J23*0.19 -> 188100 | L23: =J23+K23 -> 1178100
A24: 45787 | B24: 45788 | C24: SGRSI | D24: Requerimiento 9 | E24: 8. Personal apoyo | F24: 8.4 Auxiliar Logístico montaje y desmontaje mobiliario | G24: Ferias fijas | H24: Bodega IPES carrera 38 No. 10 A-25 a Parqueadero la 24 | I24: 5 | J24: 1175000 | K24: =J24*0.19 -> 223250 | L24: =J24+K24 -> 1398250
A25: 45787 | B25: 45788 | C25: SGRSI | D25: Requerimiento 9 | E25: 12. Transporte | F25: 12.2 Transporte 6.5 Ton | G25: Ferias fijas | H25: Bodega IPES carrera 38 No. 10 A-25 a Parqueadero la 24 | I25: 1 | J25: 1950000 | K25: =J25*0.19 -> 370500 | L25: =J25+K25 -> 2320500
A26: 45787 | B26: 45788 | C26: SGRSI | D26: Requerimiento 10 | E26: 5. Estructuras exteriores | F26: 5.1 Baño portátil | G26: Ferias fijas | H26: Bodega IPES carrera 38 No. 10 A-25 a Parqueadero las Aguas | I26: 2 | J26: 990000 | K26: =J26*0.19 -> 188100 | L26: =J26+K26 -> 1178100
A27: 45787 | B27: 45788 | C27: SGRSI | D27: Requerimiento 10 | E27: 8. Personal apoyo | F27: 8.4 Auxiliar Logístico montaje y desmontaje mobiliario | G27: Ferias fijas | H27: Bodega IPES carrera 38 No. 10 A-25 a Parqueadero las Aguas | I27: 6 | J27: 1410000 | K27: =J27*0.19 -> 267900 | L27: =J27+K27 -> 1677900
A28: 45787 | B28: 45788 | C28: SGRSI | D28: Requerimiento 10 | E28: 12. Transporte | F28: 12.2 Transporte 6.5 Ton | G28: Ferias fijas | H28: Bodega IPES carrera 38 No. 10 A-25 a Parqueadero las Aguas | I28: 1 | J28: 1950000 | K28: =J28*0.19 -> 370500 | L28: =J28+K28 -> 2320500
A29: 45788 | B29: 45789 | C29: SGRSI | D29: Requerimiento 11 | E29: 8. Personal apoyo | F29: 8.4 Auxiliar Logístico montaje y desmontaje mobiliario | G29: Ferias fijas | H29: Parqueadero las Aguas a Bodega IPES cra 38 # 10a- 25 | I29: 6 | J29: 1410000 | K29: =J29*0.19 -> 267900 | L29: =J29+K29 -> 1677900
A30: 45788 | B30: 45789 | C30: SGRSI | D30: Requerimiento 11 | E30: 12. Transporte | F30: 12.2 Transporte 6.5 Ton | G30: Ferias fijas | H30: Parqueadero las Aguas a Bodega IPES cra 38 # 10a- 25 | I30: 1 | J30: 1950000 | K30: =J30*0.19 -> 370500 | L30: =J30+K30 -> 2320500
A31: 45788 | B31: 45789 | C31: SGRSI | D31: Requerimiento 12 | E31: 8. Personal apoyo | F31: 8.4 Auxiliar Logístico montaje y desmontaje mobiliario | G31: Ferias fijas | H31: Parqueadero la 24 a Bodega IPES cra 38 # 10a- 25 | I31: 5 | J31: 1175000 | K31: =J31*0.19 -> 223250 | L31: =J31+K31 -> 1398250
A32: 45788 | B32: 45789 | C32: SGRSI | D32: Requerimiento 12 | E32: 12. Transporte | F32: 12.2 Transporte 6.5 Ton | G32: Ferias fijas | H32: Parqueadero la 24 a Bodega IPES cra 38 # 10a- 25 | I32: 1 | J32: 1950000 | K32: =J32*0.19 -> 370500 | L32: =J32+K32 -> 2320500
A33: 45789 | B33: 45789 | C33: SGRSI | D33: Requerimiento 13 | E33: 8. Personal apoyo | F33: 8.4 Auxiliar Logístico montaje y desmontaje mobiliario | G33: Feria institucional mes de las madres | H33: Bodega IPES carrera 38 No. 10 A-25 a Parque zonal carrera 55 con calle 170 | I33: 6 | J33: 1410000 | K33: =J33*0.19 -> 267900 | L33: =J33+K33 -> 1677900
... A205: 45868 | B205: 45878 | C205: SGRSI | D205: Requerimiento 85 | E205: 5. Estructuras exteriores | F205: 5.1 Baño portátil | G205: Ferias fijas | H205: Bodega IPES cra 38 # 10a- 25 a Parqueadero las Aguas | I205: 2 | J205: 990000 | K205: =J205*0.19 -> 188100 | L205: =J205+K205 -> 1178100
A206: 45868 | B206: 45878 | C206: SGRSI | D206: Requerimiento 86 | E206: 8. Personal apoyo | F206: 8.4 Auxiliar Logístico montaje y desmontaje mobiliario | G206: Ferias fijas | H206: Bodega IPES cra 38 # 10a- 25 a Parqueadero la 24 | I206: 10 | J206: =1175000*2 -> 2350000 | K206: =J206*0.19 -> 446500 | L206: =J206+K206 -> 2796500
A207: 45868 | B207: 45878 | C207: SGRSI | D207: Requerimiento 86 | E207: 12. Transporte | F207: 12.2 Transporte 6.5 Ton | G207: Ferias fijas | H207: Bodega IPES cra 38 # 10a- 25 a Parqueadero la 24 | I207: 2 | J207: =1950000*2 -> 3900000 | K207: =J207*0.19 -> 741000 | L207: =J207+K207 -> 4641000
A208: 45868 | B208: 45878 | C208: SGRSI | D208: Requerimiento 86 | E208: 5. Estructuras exteriores | F208: 5.1 Baño portátil | G208: Ferias fijas | H208: Bodega IPES cra 38 # 10a- 25 a Parqueadero la 24 | I208: 2 | J208: 990000 | K208: =J208*0.19 -> 188100 | L208: =J208+K208 -> 1178100
A209: 45868 | B209: 45879 | C209: SGRSI | D209: Requerimiento 87 | E209: 8. Personal apoyo | F209: 8.4 Auxiliar Logístico montaje y desmontaje mobiliario | G209: Ferias fijas | H209: Parqueadero las Aguas a Bodega IPES cra 38 # 10a- 25 | I209: 6 | J209: 1410000 | K209: =J209*0.19 -> 267900 | L209: =J209+K209 -> 1677900
A210: 45868 | B210: 45879 | C210: SGRSI | D210: Requerimiento 87 | E210: 12. Transporte | F210: 12.2 Transporte 6.5 Ton | G210: Ferias fijas | H210: Parqueadero las Aguas a Bodega IPES cra 38 # 10a- 25 | I210: 1 | J210: 1950000 | K210: =J210*0.19 -> 370500 | L210: =J210+K210 -> 2320500
A211: 45878 | B211: 45879 | C211: SESEC | D211: Requerimiento 88 | E211: 8. Personal apoyo | F211: 8.12 Creador de contenido influencer | G211: Fritanga Fest | H211: Plaza la concordia | I211: 1 | J211: 4519500 | K211: =J211*0.19 -> 858705 | L211: =J211+K211 -> 5378205
A212: 45870 | B212: 45871 | C212: SGRSI | D212: Requerimiento 89 | E212: 8. Personal apoyo | F212: 8.4 Auxiliar Logístico montaje y desmontaje mobiliario | G212: Festival de verano | H212: Bodega Ipes a Simon Bolivar | I212: 5 | J212: 1175000 | K212: =J212*0.19 -> 223250 | L212: =J212+K212 -> 1398250
A213: 45870 | B213: 45871 | C213: SGRSI | D213: Requerimiento 89 | E213: 12. Transporte | F213: 12.2 Transporte 6.5 Ton | G213: Festival de verano | H213: Bodega Ipes a Simon Bolivar | I213: 1 | J213: 1950000 | K213: =J213*0.19 -> 370500 | L213: =J213+K213 -> 2320500
A214: 45871 | B214: 2/08/2025 al 10/08/2025 | C214: SGRSI | D214: Requerimiento 90 | E214: 1. Audio y video | F214: 1.1 Alquiler de sonido de 50 a 200 personas | G214: Festival de verano | H214: Parque Simon Bolivar | I214: 2 | J214: =2250000*2 -> 4500000 | K214: =J214*0.19 -> 855000 | L214: =J214+K214 -> 5355000
A215: 45871 | B215: 2/08/2025 al 10/08/2025 | C215: SGRSI | D215: Requerimiento 90 | E215: 11. Suministro de energía | F215: 11.3 Planta eléctrica - 40 KVA | G215: Festival de verano | H215: Parque Simon Bolivar | I215: 2 | J215: =1650000*2 -> 3300000 | K215: =J215*0.19 -> 627000 | L215: =J215+K215 -> 3927000
A216: 45871 | B216: 2/08/2025 al 10/08/2025 | C216: SGRSI | D216: Requerimiento 90 | E216: 8. Personal apoyo | F216: 8.1 Animador y/o Presentador con experiencia | G216: Festival de verano | H216: Parque Simon Bolivar | I216: 2 | J216: =1450000*2 -> 2900000 | K216: =J216*0.19 -> 551000 | L216: =J216+K216 -> 3451000
A217: 45871 | B217: 2/08/2025 al 10/08/2025 | C217: SGRSI | D217: Requerimiento 90 | E217: 8. Personal apoyo | F217: 8.2 Artista solista | G217: Festival de verano | H217: Parque Simon Bolivar | I217: 3 | J217: =1008403*4 -> 4033612 | K217: =J217*0.19 -> 766386.28 | L217: =J217+K217 -> 4799998.3
A218: 45879 | B218: 45880 | C218: SGRSI | D218: Requerimiento 91 | E218: 8. Personal apoyo | F218: 8.4 Auxiliar Logístico montaje y desmontaje mobiliario | G218: Festival de verano | H218: Bodega Ipes a Simon Bolivar | I218: 5 | J218: 1175000 | K218: =J218*0.19 -> 223250 | L218: =J218+K218 -> 1398250
A219: 45879 | B219: 45880 | C219: SGRSI | D219: Requerimiento 91 | E219: 12. Transporte | F219: 12.2 Transporte 6.5 Ton | G219: Festival de verano | H219: Bodega Ipes a Simon Bolivar | I219: 1 | J219: 1950000 | K219: =J219*0.19 -> 370500 | L219: =J219+K219 -> 2320500
A220: 45877 | B220: 45879 | C220: SGRSI | D220: Requerimiento 92 | E220: 12. Transporte | F220: 12.3 Transporte camioneta 4*2 | G220: Festival de verano | H220: Parque Simon Bolivar | I220: 1 | J220: 588235.29 | K220: =J220*0.19 -> 111764.71 | L220: =J220+K220 -> 700000
A221: 45877 | B221: 45879 | C221: SGRSI | D221: Requerimiento 93 | E221: 2. Catering | F221: 2.7 Refrigério de sal | G221: Festival de verano | H221: Parque Simon Bolivar | I221: 110 | J221: =26500*110 -> 2915000 | K221: =J221*0.19 -> 553850 | L221: =J221+K221 -> 3468850
A222: 45868 | B222: 45885 | C222: SGRSI | D222: Requerimiento 94 | E222: 8. Personal apoyo | F222: 8.4 Auxiliar Logístico montaje y desmontaje mobiliario | G222: Ferias fijas | H222: Bodega IPES cra 38 # 10a- 25 a Parqueadero las Aguas | I222: 6 | J222: 1410000 | K222: =J222*0.19 -> 267900 | L222: =J222+K222 -> 1677900
A223: 45868 | B223: 45885 | C223: SGRSI | D223: Requerimiento 94 | E223: 12. Transporte | F223: 12.2 Transporte 6.5 Ton | G223: Ferias fijas | H223: Bodega IPES cra 38 # 10a- 25 a Parqueadero las Aguas | I223: 1 | J223: 1950000 | K223: =J223*0.19 -> 370500 | L223: =J223+K223 -> 2320500
A224: 45868 | B224: 45885 | C224: SGRSI | D224: Requerimiento 94 | E224: 5. Estructuras exteriores | F224: 5.1 Baño portátil | G224: Ferias fijas | H224: Bodega IPES cra 38 # 10a- 25 a Parqueadero las Aguas | I224: 2 | J224: 990000 | K224: =J224*0.19 -> 188100 | L224: =J224+K224 -> 1178100
A225: 45868 | B225: 45885 | C225: SGRSI | D225: Requerimiento 95 | E225: 8. Personal apoyo | F225: 8.4 Auxiliar Logístico montaje y desmontaje mobiliario | G225: Ferias fijas | H225: Bodega IPES cra 38 # 10a- 25 a Parqueadero la 24 | I225: 5 | J225: 1175000 | K225: =J225*0.19 -> 223250 | L225: =J225+K225 -> 1398250
A226: 45868 | B226: 45885 | C226: SGRSI | D226: Requerimiento 95 | E226: 12. Transporte | F226: 12.2 Transporte 6.5 Ton | G226: Ferias fijas | H226: Bodega IPES cra 38 # 10a- 25 a Parqueadero la 24 | I226: 1 | J226: 1950000 | K226: =J226*0.19 -> 370500 | L226: =J226+K226 -> 2320500
A227: 45868 | B227: 45885 | C227: SGRSI | D227: Requerimiento 95 | E227: 5. Estructuras exteriores | F227: 5.1 Baño portátil | G227: Ferias fijas | H227: Bodega IPES cra 38 # 10a- 25 a Parqueadero la 24 | I227: 2 | J227: 990000 | K227: =J227*0.19 -> 188100 | L227: =J227+K227 -> 1178100
A228: 45868 | B228: 45887 | C228: SGRSI | D228: Requerimiento 96 | E228: 8. Personal apoyo | F228: 8.4 Auxiliar Logístico montaje y desmontaje mobiliario | G228: Ferias fijas | H228: Parqueadero las Aguas a Bodega IPES cra 38 # 10a- 25 | I228: 6 | J228: 1410000 | K228: =J228*0.19 -> 267900 | L228: =J228+K228 -> 1677900
A229: 45868 | B229: 45887 | C229: SGRSI | D229: Requerimiento 96 | E229: 12. Transporte | F229: 12.2 Transporte 6.5 Ton | G229: Ferias fijas | H229: Parqueadero las Aguas a Bodega IPES cra 38 # 10a- 25 | I229: 1 | J229: 1950000 | K229: =J229*0.19 -> 370500 | L229: =J229+K229 -> 2320500
A230: 45868 | B230: 45887 | C230: SGRSI | D230: Requerimiento 97 | E230: 8. Personal apoyo | F230: 8.4 Auxiliar Logístico montaje y desmontaje mobiliario | G230: Ferias fijas | H230: Parqueadero la 24 a Bodega IPES cra 38 # 10a- 25 | I230: 5 | J230: 1175000 | K230: =J230*0.19 -> 223250 | L230: =J230+K230 -> 1398250
A231: 45868 | B231: 45887 | C231: SGRSI | D231: Requerimiento 97 | E231: 12. Transporte | F231: 12.2 Transporte 6.5 Ton | G231: Ferias fijas | H231: Parqueadero la 24 a Bodega IPES cra 38 # 10a- 25 | I231: 1 | J231: 1950000 | K231: =J231*0.19 -> 370500 | L231: =J231+K231 -> 2320500
A232: 45875 | B232: 45877 | C232: SGRSI | D232: Requerimiento 98 | E232: 2. Catering | F232: 2.7 Refrigério de sal | G232: Festival de verano | H232: Parque Simon Bolivar | I232: 100 | J232: =26500*100 -> 2650000 | K232: =J232*0.19 -> 503500 | L232: =J232+K232 -> 3153500
A233: 45878 | B233: 45879 | C233: SGRSI | D233: Requerimiento 99 | E233: 12. Transporte | F233: 12.3 Transporte camioneta 4*2 | G233: Festival de verano | H233: Parque Simon Bolivar | I233: 1 | J233: 588235.29 | K233: =J233*0.19 -> 111764.71 | L233: =J233+K233 -> 700000
A234: 45868 | B234: 45892 | C234: SGRSI | D234: Requerimiento 100 | E234: 8. Personal apoyo | F234: 8.4 Auxiliar Logístico montaje y desmontaje mobiliario | G234: Ferias fijas | H234: Bodega IPES cra 38 # 10a- 25 a Parqueadero las Aguas | I234: 6 | J234: 1410000 | K234: =J234*0.19 -> 267900 | L234: =J234+K234 -> 1677900
A235: 45868 | B235: 45892 | C235: SGRSI | D235: Requerimiento 100 | E235: 12. Transporte | F235: 12.2 Transporte 6.5 Ton | G235: Ferias fijas | H235: Bodega IPES cra 38 # 10a- 25 a Parqueadero las Aguas | I235: 1 | J235: 1950000 | K235: =J235*0.19 -> 370500 | L235: =J235+K235 -> 2320500
A236: 45868 | B236: 45892 | C236: SGRSI | D236: Requerimiento 100 | E236: 5. Estructuras exteriores | F236: 5.1 Baño portátil | G236: Ferias fijas | H236: Bodega IPES cra 38 # 10a- 25 a Parqueadero las Aguas | I236: 2 | J236: 990000 | K236: =J236*0.19 -> 188100 | L236: =J236+K236 -> 1178100
A237: 45868 | B237: 45892 | C237: SGRSI | D237: Requerimiento 101 | E237: 8. Personal apoyo | F237: 8.4 Auxiliar Logístico montaje y desmontaje mobiliario | G237: Ferias fijas | H237: Bodega IPES cra 38 # 10a- 25 a Parqueadero la 24 | I237: 5 | J237: 1175000 | K237: =J237*0.19 -> 223250 | L237: =J237+K237 -> 1398250
A238: 45868 | B238: 45892 | C238: SGRSI | D238: Requerimiento 101 | E238: 12. Transporte | F238: 12.2 Transporte 6.5 Ton | G238: Ferias fijas | H238: Bodega IPES cra 38 # 10a- 25 a Parqueadero la 24 | I238: 1 | J238: 1950000 | K238: =J238*0.19 -> 370500 | L238: =J238+K238 -> 2320500
A239: 45868 | B239: 45892 | C239: SGRSI | D239: Requerimiento 101 | E239: 5. Estructuras exteriores | F239: 5.1 Baño portátil | G239: Ferias fijas | H239: Bodega IPES cra 38 # 10a- 25 a Parqueadero la 24 | I239: 2 | J239: 990000 | K239: =J239*0.19 -> 188100 | L239: =J239+K239 -> 1178100
A240: 45868 | B240: 45893 | C240: SGRSI | D240: Requerimiento 102 | E240: 8. Personal apoyo | F240: 8.4 Auxiliar Logístico montaje y desmontaje mobiliario | G240: Ferias fijas | H240: Parqueadero las Aguas a Bodega IPES cra 38 # 10a- 25 | I240: 6 | J240: 1410000 | K240: =J240*0.19 -> 267900 | L240: =J240+K240 -> 1677900
A241: 45868 | B241: 45893 | C241: SGRSI | D241: Requerimiento 102 | E241: 12. Transporte | F241: 12.2 Transporte 6.5 Ton | G241: Ferias fijas | H241: Parqueadero las Aguas a Bodega IPES cra 38 # 10a- 25 | I241: 1 | J241: 1950000 | K241: =J241*0.19 -> 370500 | L241: =J241+K241 -> 2320500
A242: 45868 | B242: 45893 | C242: SGRSI | D242: Requerimiento 103 | E242: 8. Personal apoyo | F242: 8.4 Auxiliar Logístico montaje y desmontaje mobiliario | G242: Ferias fijas | H242: Parqueadero la 24 a Bodega IPES cra 38 # 10a- 25 | I242: 5 | J242: 1175000 | K242: =J242*0.19 -> 223250 | L242: =J242+K242 -> 1398250
A243: 45868 | B243: 45893 | C243: SGRSI | D243: Requerimiento 103 | E243: 12. Transporte | F243: 12.2 Transporte 6.5 Ton | G243: Ferias fijas | H243: Parqueadero la 24 a Bodega IPES cra 38 # 10a- 25 | I243: 1 | J243: 1950000 | K243: =J243*0.19 -> 370500 | L243: =J243+K243 -> 2320500
A244: 45868 | B244: 45900 | C244: SGRSI | D244: Requerimiento 104 | E244: 12. Transporte | F244: 12.3 Transporte camioneta 4*2 | G244: Ferias fijas | H244: Parqueaderos aguas y la 24 | I244: 1 | J244: 588235.29 | K244: =J244*0.19 -> 111764.71 | L244: =J244+K244 -> 700000
A245: 45904 | B245: 45905 | C245: SGRSI | D245: Requerimiento 105 | E245: 2. Catering | F245: 2.7 Refrigério de sal | G245: Stand para la Cumbre Internacional de Sostenibilidad e Innovación Ambiental 2025 | H245: Plaza de mercado restrepo | I245: 30 | J245: =26500*30 -> 795000 | K245: =J245*0.19 -> 151050 | L245: =J245+K245 -> 946050
A246: 45868 | B246: 45899 | C246: SGRSI | D246: Requerimiento 106 | E246: 8. Personal apoyo | F246: 8.4 Auxiliar Logístico montaje y desmontaje mobiliario | G246: Ferias fijas | H246: Bodega IPES cra 38 # 10a- 25 a Parqueadero las Aguas | I246: 6 | J246: 1410000 | K246: =J246*0.19 -> 267900 | L246: =J246+K246 -> 1677900
A247: 45868 | B247: 45899 | C247: SGRSI | D247: Requerimiento 106 | E247: 12. Transporte | F247: 12.2 Transporte 6.5 Ton | G247: Ferias fijas | H247: Bodega IPES cra 38 # 10a- 25 a Parqueadero las Aguas | I247: 1 | J247: 1950000 | K247: =J247*0.19 -> 370500 | L247: =J247+K247 -> 2320500
A248: 45868 | B248: 45899 | C248: SGRSI | D248: Requerimiento 106 | E248: 5. Estructuras exteriores | F248: 5.1 Baño portátil | G248: Ferias fijas | H248: Bodega IPES cra 38 # 10a- 25 a Parqueadero las Aguas | I248: 2 | J248: 990000 | K248: =J248*0.19 -> 188100 | L248: =J248+K248 -> 1178100
A249: 45868 | B249: 45899 | C249: SGRSI | D249: Requerimiento 107 | E249: 8. Personal apoyo | F249: 8.4 Auxiliar Logístico montaje y desmontaje mobiliario | G249: Ferias fijas | H249: Bodega IPES cra 38 # 10a- 25 a Parqueadero la 24 | I249: 5 | J249: 1175000 | K249: =J249*0.19 -> 223250 | L249: =J249+K249 -> 1398250
A250: 45868 | B250: 45899 | C250: SGRSI | D250: Requerimiento 107 | E250: 12. Transporte | F250: 12.2 Transporte 6.5 Ton | G250: Ferias fijas | H250: Bodega IPES cra 38 # 10a- 25 a Parqueadero la 24 | I250: 1 | J250: 1950000 | K250: =J250*0.19 -> 370500 | L250: =J250+K250 -> 2320500
A251: 45868 | B251: 45899 | C251: SGRSI | D251: Requerimiento 107 | E251: 5. Estructuras exteriores | F251: 5.1 Baño portátil | G251: Ferias fijas | H251: Bodega IPES cra 38 # 10a- 25 a Parqueadero la 24 | I251: 2 | J251: 990000 | K251: =J251*0.19 -> 188100 | L251: =J251+K251 -> 1178100
A252: 45868 | B252: 45900 | C252: SGRSI | D252: Requerimiento 108 | E252: 8. Personal apoyo | F252: 8.4 Auxiliar Logístico montaje y desmontaje mobiliario | G252: Ferias fijas | H252: Parqueadero las Aguas a Bodega IPES cra 38 # 10a- 25 | I252: 6 | J252: 1410000 | K252: =J252*0.19 -> 267900 | L252: =J252+K252 -> 1677900
A253: 45868 | B253: 45900 | C253: SGRSI | D253: Requerimiento 108 | E253: 12. Transporte | F253: 12.2 Transporte 6.5 Ton | G253: Ferias fijas | H253: Parqueadero las Aguas a Bodega IPES cra 38 # 10a- 25 | I253: 1 | J253: 1950000 | K253: =J253*0.19 -> 370500 | L253: =J253+K253 -> 2320500
A254: 45868 | B254: 45900 | C254: SGRSI | D254: Requerimiento 109 | E254: 8. Personal apoyo | F254: 8.4 Auxiliar Logístico montaje y desmontaje mobiliario | G254: Ferias fijas | H254: Parqueadero la 24 a Bodega IPES cra 38 # 10a- 25 | I254: 5 | J254: 1175000 | K254: =J254*0.19 -> 223250 | L254: =J254+K254 -> 1398250
A255: 45868 | B255: 45900 | C255: SGRSI | D255: Requerimiento 109 | E255: 12. Transporte | F255: 12.2 Transporte 6.5 Ton | G255: Ferias fijas | H255: Parqueadero la 24 a Bodega IPES cra 38 # 10a- 25 | I255: 1 | J255: 1950000 | K255: =J255*0.19 -> 370500 | L255: =J255+K255 -> 2320500
A256: 45904 | B256: 45905 | C256: SGRSI | D256: Requerimiento 110 | E256: 12. Transporte | F256: 12.3 Transporte camioneta 4*2 | G256: Stand para la Cumbre Internacional de Sostenibilidad e Innovación Ambiental 2025 | H256: cumbre de sostenibilidad | I256: 1 | J256: 588235.29 | K256: =J256*0.19 -> 111764.71 | L256: =J256+K256 -> 700000
A257: 45904 | B257: 45905 | C257: SESEC | D257: Requerimiento 111 | E257: 6. Materiales publicidad institucional | F257: 6.8 Pendon 4 | G257: Stand para la Cumbre Internacional de Sostenibilidad e Innovación Ambiental 2025 | H257: cumbre de sostenibilidad | I257: 2.25 | J257: 198528 | K257: =J257*0.19 -> 37720.32 | L257: =J257+K257 -> 236248.32
A258: 45905 | B258: 45906 | C258: SGRSI | D258: Requerimiento 112 | E258: 8. Personal apoyo | F258: 8.4 Auxiliar Logístico montaje y desmontaje mobiliario | G258: Ferias fijas | H258: Bodega IPES cra 38 # 10a- 25 a Parqueadero las Aguas | I258: 6 | J258: 1410000 | K258: =J258*0.19 -> 267900 | L258: =J258+K258 -> 1677900
A259: 45905 | B259: 45906 | C259: SGRSI | D259: Requerimiento 112 | E259: 12. Transporte | F259: 12.2 Transporte 6.5 Ton | G259: Ferias fijas | H259: Bodega IPES cra 38 # 10a- 25 a Parqueadero las Aguas | I259: 1 | J259: 1950000 | K259: =J259*0.19 -> 370500 | L259: =J259+K259 -> 2320500
A260: 45905 | B260: 45906 | C260: SGRSI | D260: Requerimiento 112 | E260: 5. Estructuras exteriores | F260: 5.1 Baño portátil | G260: Ferias fijas | H260: Bodega IPES cra 38 # 10a- 25 a Parqueadero las Aguas | I260: 2 | J260: 990000 | K260: =J260*0.19 -> 188100 | L260: =J260+K260 -> 1178100
A261: 45905 | B261: 45906 | C261: SGRSI | D261: Requerimiento 113 | E261: 8. Personal apoyo | F261: 8.4 Auxiliar Logístico montaje y desmontaje mobiliario | G261: Ferias fijas | H261: Bodega IPES cra 38 # 10a- 25 a Parqueadero la 24 | I261: 5 | J261: 1175000 | K261: =J261*0.19 -> 223250 | L261: =J261+K261 -> 1398250
A262: 45905 | B262: 45906 | C262: SGRSI | D262: Requerimiento 113 | E262: 12. Transporte | F262: 12.2 Transporte 6.5 Ton | G262: Ferias fijas | H262: Bodega IPES cra 38 # 10a- 25 a Parqueadero la 24 | I262: 1 | J262: 1950000 | K262: =J262*0.19 -> 370500 | L262: =J262+K262 -> 2320500
A263: 45905 | B263: 45906 | C263: SGRSI | D263: Requerimiento 113 | E263: 5. Estructuras exteriores | F263: 5.1 Baño portátil | G263: Ferias fijas | H263: Bodega IPES cra 38 # 10a- 25 a Parqueadero la 24 | I263: 2 | J263: 990000 | K263: =J263*0.19 -> 188100 | L263: =J263+K263 -> 1178100
A264: 45905 | B264: 45907 | C264: SGRSI | D264: Requerimiento 114 | E264: 8. Personal apoyo | F264: 8.4 Auxiliar Logístico montaje y desmontaje mobiliario | G264: Ferias fijas | H264: Parqueadero las Aguas a Bodega IPES cra 38 # 10a- 25 | I264: 6 | J264: 1410000 | K264: =J264*0.19 -> 267900 | L264: =J264+K264 -> 1677900
A265: 45905 | B265: 45907 | C265: SGRSI | D265: Requerimiento 114 | E265: 12. Transporte | F265: 12.2 Transporte 6.5 Ton | G265: Ferias fijas | H265: Parqueadero las Aguas a Bodega IPES cra 38 # 10a- 25 | I265: 1 | J265: 1950000 | K265: =J265*0.19 -> 370500 | L265: =J265+K265 -> 2320500
A266: 45905 | B266: 45907 | C266: SGRSI | D266: Requerimiento 115 | E266: 8. Personal apoyo | F266: 8.4 Auxiliar Logístico montaje y desmontaje mobiliario | G266: Ferias fijas | H266: Parqueadero la 24 a Bodega IPES cra 38 # 10a- 25 | I266: 5 | J266: 1175000 | K266: =J266*0.19 -> 223250 | L266: =J266+K266 -> 1398250
A267: 45905 | B267: 45907 | C267: SGRSI | D267: Requerimiento 115 | E267: 12. Transporte | F267: 12.2 Transporte 6.5 Ton | G267: Ferias fijas | H267: Parqueadero la 24 a Bodega IPES cra 38 # 10a- 25 | I267: 1 | J267: 1950000 | K267: =J267*0.19 -> 370500 | L267: =J267+K267 -> 2320500
A268: 45910 | B268: 45911 | C268: SGRSI | D268: Requerimiento 116 | E268: 12. Transporte | F268: 12.2 Transporte 6.5 Ton | G268: Cumbre Internacional de Sostenibilidad e Innovación Ambiental 2025 | H268: Agora a plaza restrepo | I268: 1 | J268: 1950000 | K268: =J268*0.19 -> 370500 | L268: =J268+K268 -> 2320500
A269: 45909 | B269: 45911 | C269: SGRSI | D269: Requerimiento 117 | E269: 2. Catering | F269: 2.7 Refrigério de sal | G269: Cumbre Internacional de Sostenibilidad e Innovación Ambiental 2025 | H269: Agora a plaza restrepo | I269: 50 | J269: 1325000 | K269: =J269*0.19 -> 251750 | L269: =J269+K269 -> 1576750
... A404: 45990 | B404: 45991 | C404: SGRSI | D404: Requerimiento 175 | E404: 12. Transporte | F404: 12.2 Transporte 6.5 Ton | G404: Ferias fijas | H404: Parqueadero la 24 a Bodega IPES cra 38 # 10a- 25 | I404: 1 | J404: 1950000 | K404: =J404*0.19 -> 370500 | L404: =J404+K404 -> 2320500
K405: Subtotal | L405: =SUM(J2:J404) -> 7.4248903e+08
K406: IVA 19% | L406: =SUM(K2:K404) -> 1.4107292e+08
K407: TOTAL | L407: =L405+L406 -> 8.8356195e+08
A409: 45985 | B409: 45997 | C409: SGRSI | D409: Requerimiento 176 | E409: 12. Transporte | F409: 12.2 Transporte 6.5 Ton | G409: Ferias fijas | H409: Bodega IPES cra 38 # 10a- 25 a Parqueadero las Aguas | I409: 1 | J409: 1950000 | K409: =J409*0.19 -> 370500 | L409: =J409+K409 -> 2320500
A410: 45985 | B410: 45997 | C410: SGRSI | D410: Requerimiento 176 | E410: 8. Personal apoyo | F410: 8.4 Auxiliar Logístico montaje y desmontaje mobiliario | G410: Ferias fijas | H410: Bodega IPES cra 38 # 10a- 25 a Parqueadero las Aguas | I410: 6 | J410: 1410000 | K410: =J410*0.19 -> 267900 | L410: =J410+K410 -> 1677900
A411: 45985 | B411: 45998 | C411: SGRSI | D411: Requerimiento 176 | E411: 5. Estructuras exteriores | F411: 5.1 Baño portátil | G411: Ferias fijas | H411: Bodega IPES cra 38 # 10a- 25 a Parqueadero las Aguas | I411: 2 | J411: 990000 | K411: =J411*0.19 -> 188100 | L411: =J411+K411 -> 1178100
...

Sheet Resumen Diciembre
A1: RESUMEN DE EJECUCION CORTE 31/DICIEMBRE/2025
B3: Categoría | C3: VALOR UN | D3: % | G3: PLAN DE PAGOS | I3: SOBRE LA EJECCUCIÓN
B4: 1. Audio y video | C4: =SUMIFS('Detalle Diciembre'!$L$2:$L$491,'Detalle Diciembre'!$E$2:$E$491,$B4) -> 84014000 | D4: ='Resumen Diciembre'!$C4/$C$13 -> 0.075233438 | G4: 1ER PAGO | H4: 200090750 | J4: =I4*C15 -> 0
B5: 11. Suministro de energía | C5: =SUMIFS('Detalle Diciembre'!$L$2:$L$491,'Detalle Diciembre'!$E$2:$E$491,$B5) -> 24841250 | D5: ='Resumen Diciembre'!$C5/$C$13 -> 0.022245014 | G5: 2DO PAGO | H5: 200090750 | I5: 0.3 | J5: =I5*C15 -> 240108900
B6: 12. Transporte | C6: =SUMIFS('Detalle Diciembre'!$L$2:$L$491,'Detalle Diciembre'!$E$2:$E$491,$B6) -> 4.055275e+08 | D6: ='Resumen Diciembre'!$C6/$C$13 -> 0.36314457 | G6: 3ER PAGO | H6: 320145200 | I6: 0.5 | J6: =I6*C15 -> 400181500
B7: 2. Catering | C7: =SUMIFS('Detalle Diciembre'!$L$2:$L$491,'Detalle Diciembre'!$E$2:$E$491,$B7) -> 89038463 | D7: ='Resumen Diciembre'!$C7/$C$13 -> 0.079732779 | G7: 4TO PAGO | H7: 200000000 | I7: 0.7 | J7: =I7*C17 -> 840254100
B8: 3. Equipamiento escenario | C8: =SUMIFS('Detalle Diciembre'!$L$2:$L$491,'Detalle Diciembre'!$E$2:$E$491,$B8) -> 1249500 | D8: ='Resumen Diciembre'!$C8/$C$13 -> 0.0011189109 | G8: 5TO PAGO | H8: 160000000 | I8: 0.9 | J8: =I8*C17 -> 1080326700
B9: 5. Estructuras exteriores | C9: =SUMIFS('Detalle Diciembre'!$L$2:$L$491,'Detalle Diciembre'!$E$2:$E$491,$B9) -> 149618700 | D9: ='Resumen Diciembre'!$C9/$C$13 -> 0.13398159 | G9: 6TO Y ÚLTIMO | H9: 120036300 | I9: 0.1 | J9: =I9*C17 -> 120036300
B10: 6. Materiales publicidad institucional | C10: =SUMIFS('Detalle Diciembre'!$L$2:$L$491,'Detalle Diciembre'!$E$2:$E$491,$B10) -> 48903857 | D10: ='Resumen Diciembre'!$C10/$C$13 -> 0.043792764 | H10: =SUM(H4:H9) -> 1200363000 | J10: =J8+J9 -> 1200363000
B11: 7. Mobiliario | C11: =SUMIFS('Detalle Diciembre'!$L$2:$L$491,'Detalle Diciembre'!$E$2:$E$491,$B11) -> 2491265 | D11: ='Resumen Diciembre'!$C11/$C$13 -> 0.0022308952
B12: 8. Personal apoyo | C12: =SUMIFS('Detalle Diciembre'!$L$2:$L$491,'Detalle Diciembre'!$E$2:$E$491,$B12) -> 3.1102637e+08 | D12: ='Resumen Diciembre'!$C12/$C$13 -> 0.27852004
B13: VALOR TOTAL | C13: =SUM(C4:C12) -> 1.1167109e+09 | D13: =SUM(D4:D12) -> 1
B15: PRESUPUESTO CONVENIO INICIAL | C15: 800363000
B16: PRESUPUESTO CONVENIO ADICIÓN | C16: 400000000 | G16: EJECUCIÓN | H16: =SUM('Detalle Diciembre'!L405:L491) -> 233148955
B17: PRESUPUESTO CONVENIO | C17: =C16+C15 -> 1200363000 | G17: DICIEMBRE
B18: VALOR NETO EJECUTADO | C18: ='Detalle Diciembre'!L492 -> 9.3841252e+08
B19: IVA | C19: ='Detalle Diciembre'!L493 -> 1.7829838e+08 | D19: %EJECUCIÓN
B20: TOTAL EJECUTADO | C20: ='Detalle Diciembre'!L494 -> 1.1167109e+09 | D20: =C20/C17 -> 0.930311
B21: POR EJECUTAR | C21: =C17-C20 -> 83652097 | D21: =C21/C17 -> 0.069689

Sheet Detalle Diciembre
A1: Fecha solicitud | B1: Fecha Servicio | C1: Dependencia | D1: Requerimiento | E1: Categoría | F1: Servicio o Bien | G1: Descripción | H1: Dirección | I1: Cantidad | J1: Valor | K1: IVA 19% | L1: TOTAL
A2: 3-may-25* | B2: 3-may-25* | C2: SESEC | D2: Requerimiento 1 | E2: 8. Personal apoyo | F2: 8.4 Auxiliar Logístico montaje y desmontaje mobiliario | G2: Café a la plaza | H2: Calle 12c # 1-40 Plaza la Concordia | I2: 6 | J2: 1410000 | K2: =J2*0.19 -> 267900 | L2: =J2+K2 -> 1677900
A3: 3-may-25* | B3: 3-may-25* | C3: SESEC | D3: Requerimiento 1 | E3: 12. Transporte | F3: 12.2 Transporte 6.5 Ton | G3: Café a la plaza | H3: Calle 12c # 1-40 La Candelaria | I3: 1 | J3: 1950000 | K3: =J3*0.19 -> 370500 | L3: =J3+K3 -> 2320500
A4: 3-may-25* | B4: 45780 | C4: SESEC | D4: Requerimiento 2 | E4: 1. Audio y video | F4: 1.2 Alquiler de sonido de 200 a 500 personas | G4: Café a la plaza | H4: Calle 12c # 1-40 La Candelaria | I4: 1 | J4: 4950000 | K4: =J4*0.19 -> 940500 | L4: =J4+K4 -> 5890500
A5: 3-may-25* | B5: 45780 | C5: SESEC | D5: Requerimiento 2 | E5: 2. Catering | F5: 2.7 Refrigério de sal | G5: Café a la plaza | H5: Calle 12c # 1-40 La Candelaria | I5: 200 | J5: 5300000 | K5: =J5*0.19 -> 1007000 | L5: =J5+K5 -> 6307000
A6: 3-may-25* | B6: 45780 | C6: SESEC | D6: Requerimiento 2 | E6: 11. Suministro de energía | F6: 11.6 Planta eléctrica - 120 KVA | G6: Café a la plaza | H6: Calle 12c # 1-40 La Candelaria | I6: 1 | J6: 2950000 | K6: =J6*0.19 -> 560500 | L6: =J6+K6 -> 3510500
A7: 3-may-25* | B7: 45780 | C7: SESEC | D7: Requerimiento 2 | E7: 11. Suministro de energía | F7: 11.9 Punto de luz en carpa | G7: Café a la plaza | H7: Calle 12c # 1-40 La Candelaria | I7: 35 | J7: 5075000 | K7: =J7*0.19 -> 964250 | L7: =J7+K7 -> 6039250
A8: 3-may-25* | B8: 45780 | C8: SGRSI | D8: Requerimiento 5 | E8: 5. Estructuras exteriores | F8: 5.1 Baño portátil | G8: Ferias fijas | H8: Bodega IPES carrera 38 No. 10 A-25 a Parqueadero las Aguas | I8: 2 | J8: 990000 | K8: =J8*0.19 -> 188100 | L8: =J8+K8 -> 1178100
A9: 3-may-25* | B9: 45780 | C9: SGRSI | D9: Requerimiento 5 | E9: 8. Personal apoyo | F9: 8.4 Auxiliar Logístico montaje y desmontaje mobiliario | G9: Ferias fijas | H9: Bodega IPES carrera 38 No. 10 A-25 a Parqueadero las Aguas | I9: 6 | J9: 1410000 | K9: =J9*0.19 -> 267900 | L9: =J9+K9 -> 1677900
A10: 3-may-25* | B10: 45780 | C10: SGRSI | D10: Requerimiento 5 | E10: 12. Transporte | F10: 12.2 Transporte 6.5 Ton | G10: Ferias fijas | H10: Bodega IPES carrera 38 No. 10 A-25 a Parqueadero las Aguas | I10: 1 | J10: 1950000 | K10: =J10*0.19 -> 370500 | L10: =J10+K10 -> 2320500
A11: 3-may-25* | B11: 45780 | C11: SGRSI | D11: Requerimiento 6 | E11: 5. Estructuras exteriores | F11: 5.1 Baño portátil | G11: Ferias fijas | H11: Bodega IPES carrera 38 No. 10 A-25 a Parqueadero la 24 | I11: 2 | J11: 990000 | K11: =J11*0.19 -> 188100 | L11: =J11+K11 -> 1178100
A12: 3-may-25* | B12: 45780 | C12: SGRSI | D12: Requerimiento 6 | E12: 8. Personal apoyo | F12: 8.4 Auxiliar Logístico montaje y desmontaje mobiliario | G12: Ferias fijas | H12: Bodega IPES carrera 38 No. 10 A-25 a Parqueadero la 24 | I12: 5 | J12: 1175000 | K12: =J12*0.19 -> 223250 | L12: =J12+K12 -> 1398250
A13: 3-may-25* | B13: 45781 | C13: SGRSI | D13: Requerimiento 6 | E13: 12. Transporte | F13: 12.2 Transporte 6.5 Ton | G13: Ferias fijas | H13: Bodega IPES carrera 38 No. 10 A-25 a Parqueadero la 24 | I13: 1 | J13: 1950000 | K13: =J13*0.19 -> 370500 | L13: =J13+K13 -> 2320500
A14: 3-may-25* | B14: 45781 | C14: SGRSI | D14: Requerimiento 7 | E14: 8. Personal apoyo | F14: 8.4 Auxiliar Logístico montaje y desmontaje mobiliario | G14: Ferias fijas | H14: Parqueadero las Aguas a Bodega IPES cra 38 # 10a- 25 | I14: 6 | J14: 1410000 | K14: =J14*0.19 -> 267900 | L14: =J14+K14 -> 1677900
A15: 3-may-25* | B15: 45781 | C15: SGRSI | D15: Requerimiento 7 | E15: 12. Transporte | F15: 12.2 Transporte 6.5 Ton | G15: Ferias fijas | H15: Parqueadero las Aguas a Bodega IPES cra 38 # 10a- 25 | I15: 1 | J15: 1950000 | K15: =J15*0.19 -> 370500 | L15: =J15+K15 -> 2320500
... A21: 3-may-25* | B21: 45782 | C21: SESEC | D21: Requerimiento 4 | E21: 8. Personal apoyo | F21: 8.4 Auxiliar Logístico montaje y desmontaje mobiliario | G21: Café a la plaza | H21: Calle 12c # 1-40 La Candelaria | I21: 6 | J21: 1410000 | K21: =J21*0.19 -> 267900 | L21: =J21+K21 -> 1677900
A22: 45779 | B22: 45782 | C22: SESEC | D22: Requerimiento 4 | E22: 12. Transporte | F22: 12.2 Transporte 6.5 Ton | G22: Café a la plaza | H22: Calle 12c # 1-40 La Candelaria | I22: 1 | J22: 1950000 | K22: =J22*0.19 -> 370500 | L22: =J22+K22 -> 2320500
A23: 45787 | B23: 45788 | C23: SGRSI | D23: Requerimiento 9 | E23: 5. Estructuras exteriores | F23: 5.1 Baño portátil | G23: Ferias fijas | H23: Bodega IPES carrera 38 No. 10 A-25 a Parqueadero la 24 | I23: 2 | J23: 990000 | K23: =J23*0.19 -> 188100 | L23: =J23+K23 -> 1178100
A24: 45787 | B24: 45788 | C24: SGRSI | D24: Requerimiento 9 | E24: 8. Personal apoyo | F24: 8.4 Auxiliar Logístico montaje y desmontaje mobiliario | G24: Ferias fijas | H24: Bodega IPES carrera 38 No. 10 A-25 a Parqueadero la 24 | I24: 5 | J24: 1175000 | K24: =J24*0.19 -> 223250 | L24: =J24+K24 -> 1398250
A25: 45787 | B25: 45788 | C25: SGRSI | D25: Requerimiento 9 | E25: 12. Transporte | F25: 12.2 Transporte 6.5 Ton | G25: Ferias fijas | H25: Bodega IPES carrera 38 No. 10 A-25 a Parqueadero la 24 | I25: 1 | J25: 1950000 | K25: =J25*0.19 -> 370500 | L25: =J25+K25 -> 2320500
A26: 45787 | B26: 45788 | C26: SGRSI | D26: Requerimiento 10 | E26: 5. Estructuras exteriores | F26: 5.1 Baño portátil | G26: Ferias fijas | H26: Bodega IPES carrera 38 No. 10 A-25 a Parqueadero las Aguas | I26: 2 | J26: 990000 | K26: =J26*0.19 -> 188100 | L26: =J26+K26 -> 1178100
A27: 45787 | B27: 45788 | C27: SGRSI | D27: Requerimiento 10 | E27: 8. Personal apoyo | F27: 8.4 Auxiliar Logístico montaje y desmontaje mobiliario | G27: Ferias fijas | H27: Bodega IPES carrera 38 No. 10 A-25 a Parqueadero las Aguas | I27: 6 | J27: 1410000 | K27: =J27*0.19 -> 267900 | L27: =J27+K27 -> 1677900
A28: 45787 | B28: 45788 | C28: SGRSI | D28: Requerimiento 10 | E28: 12. Transporte | F28: 12.2 Transporte 6.5 Ton | G28: Ferias fijas | H28: Bodega IPES carrera 38 No. 10 A-25 a Parqueadero las Aguas | I28: 1 | J28: 1950000 | K28: =J28*0.19 -> 370500 | L28: =J28+K28 -> 2320500
A29: 45788 | B29: 45789 | C29: SGRSI | D29: Requerimiento 11 | E29: 8. Personal apoyo | F29: 8.4 Auxiliar Logístico montaje y desmontaje mobiliario | G29: Ferias fijas | H29: Parqueadero las Aguas a Bodega IPES cra 38 # 10a- 25 | I29: 6 | J29: 1410000 | K29: =J29*0.19 -> 267900 | L29: =J29+K29 -> 1677900
A30: 45788 | B30: 45789 | C30: SGRSI | D30: Requerimiento 11 | E30: 12. Transporte | F30: 12.2 Transporte 6.5 Ton | G30: Ferias fijas | H30: Parqueadero las Aguas a Bodega IPES cra 38 # 10a- 25 | I30: 1 | J30: 1950000 | K30: =J30*0.19 -> 370500 | L30: =J30+K30 -> 2320500
A31: 45788 | B31: 45789 | C31: SGRSI | D31: Requerimiento 12 | E31: 8. Personal apoyo | F31: 8.4 Auxiliar Logístico montaje y desmontaje mobiliario | G31: Ferias fijas | H31: Parqueadero la 24 a Bodega IPES cra 38 # 10a- 25 | I31: 5 | J31: 1175000 | K31: =J31*0.19 -> 223250 | L31: =J31+K31 -> 1398250
A32: 45788 | B32: 45789 | C32: SGRSI | D32: Requerimiento 12 | E32: 12. Transporte | F32: 12.2 Transporte 6.5 Ton | G32: Ferias fijas | H32: Parqueadero la 24 a Bodega IPES cra 38 # 10a- 25 | I32: 1 | J32: 1950000 | K32: =J32*0.19 -> 370500 | L32: =J32+K32 -> 2320500
A33: 45789 | B33: 45789 | C33: SGRSI | D33: Requerimiento 13 | E33: 8. Personal apoyo | F33: 8.4 Auxiliar Logístico montaje y desmontaje mobiliario | G33: Feria institucional mes de las madres | H33: Bodega IPES carrera 38 No. 10 A-25 a Parque zonal carrera 55 con calle 170 | I33: 6 | J33: 1410000 | K33: =J33*0.19 -> 267900 | L33: =J33+K33 -> 1677900
... A205: 45868 | B205: 45878 | C205: SGRSI | D205: Requerimiento 85 | E205: 5. Estructuras exteriores | F205: 5.1 Baño portátil | G205: Ferias fijas | H205: Bodega IPES cra 38 # 10a- 25 a Parqueadero las Aguas | I205: 2 | J205: 990000 | K205: =J205*0.19 -> 188100 | L205: =J205+K205 -> 1178100
A206: 45868 | B206: 45878 | C206: SGRSI | D206: Requerimiento 86 | E206: 8. Personal apoyo | F206: 8.4 Auxiliar Logístico montaje y desmontaje mobiliario | G206: Ferias fijas | H206: Bodega IPES cra 38 # 10a- 25 a Parqueadero la 24 | I206: 10 | J206: =1175000*2 -> 2350000 | K206: =J206*0.19 -> 446500 | L206: =J206+K206 -> 2796500
A207: 45868 | B207: 45878 | C207: SGRSI | D207: Requerimiento 86 | E207: 12. Transporte | F207: 12.2 Transporte 6.5 Ton | G207: Ferias fijas | H207: Bodega IPES cra 38 # 10a- 25 a Parqueadero la 24 | I207: 2 | J207: =1950000*2 -> 3900000 | K207: =J207*0.19 -> 741000 | L207: =J207+K207 -> 4641000
A208: 45868 | B208: 45878 | C208: SGRSI | D208: Requerimiento 86 | E208: 5. Estructuras exteriores | F208: 5.1 Baño portátil | G208: Ferias fijas | H208: Bodega IPES cra 38 # 10a- 25 a Parqueadero la 24 | I208: 2 | J208: 990000 | K208: =J208*0.19 -> 188100 | L208: =J208+K208 -> 1178100
A209: 45868 | B209: 45879 | C209: SGRSI | D209: Requerimiento 87 | E209: 8. Personal apoyo | F209: 8.4 Auxiliar Logístico montaje y desmontaje mobiliario | G209: Ferias fijas | H209: Parqueadero las Aguas a Bodega IPES cra 38 # 10a- 25 | I209: 6 | J209: 1410000 | K209: =J209*0.19 -> 267900 | L209: =J209+K209 -> 1677900
A210: 45868 | B210: 45879 | C210: SGRSI | D210: Requerimiento 87 | E210: 12. Transporte | F210: 12.2 Transporte 6.5 Ton | G210: Ferias fijas | H210: Parqueadero las Aguas a Bodega IPES cra 38 # 10a- 25 | I210: 1 | J210: 1950000 | K210: =J210*0.19 -> 370500 | L210: =J210+K210 -> 2320500
A211: 45878 | B211: 45879 | C211: SESEC | D211: Requerimiento 88 | E211: 8. Personal apoyo | F211: 8.12 Creador de contenido influencer | G211: Fritanga Fest | H211: Plaza la concordia | I211: 1 | J211: 4519500 | K211: =J211*0.19 -> 858705 | L211: =J211+K211 -> 5378205
A212: 45870 | B212: 45871 | C212: SGRSI | D212: Requerimiento 89 | E212: 8. Personal apoyo | F212: 8.4 Auxiliar Logístico montaje y desmontaje mobiliario | G212: Festival de verano | H212: Bodega Ipes a Simon Bolivar | I212: 5 | J212: 1175000 | K212: =J212*0.19 -> 223250 | L212: =J212+K212 -> 1398250
A213: 45870 | B213: 45871 | C213: SGRSI | D213: Requerimiento 89 | E213: 12. Transporte | F213: 12.2 Transporte 6.5 Ton | G213: Festival de verano | H213: Bodega Ipes a Simon Bolivar | I213: 1 | J213: 1950000 | K213: =J213*0.19 -> 370500 | L213: =J213+K213 -> 2320500
A214: 45871 | B214: 2/08/2025 al 10/08/2025 | C214: SGRSI | D214: Requerimiento 90 | E214: 1. Audio y video | F214: 1.1 Alquiler de sonido de 50 a 200 personas | G214: Festival de verano | H214: Parque Simon Bolivar | I214: 2 | J214: =2250000*2 -> 4500000 | K214: =J214*0.19 -> 855000 | L214: =J214+K214 -> 5355000
A215: 45871 | B215: 2/08/2025 al 10/08/2025 | C215: SGRSI | D215: Requerimiento 90 | E215: 11. Suministro de energía | F215: 11.3 Planta eléctrica - 40 KVA | G215: Festival de verano | H215: Parque Simon Bolivar | I215: 2 | J215: =1650000*2 -> 3300000 | K215: =J215*0.19 -> 627000 | L215: =J215+K215 -> 3927000
A216: 45871 | B216: 2/08/2025 al 10/08/2025 | C216: SGRSI | D216: Requerimiento 90 | E216: 8. Personal apoyo | F216: 8.1 Animador y/o Presentador con experiencia | G216: Festival de verano | H216: Parque Simon Bolivar | I216: 2 | J216: =1450000*2 -> 2900000 | K216: =J216*0.19 -> 551000 | L216: =J216+K216 -> 3451000
A217: 45871 | B217: 2/08/2025 al 10/08/2025 | C217: SGRSI | D217: Requerimiento 90 | E217: 8. Personal apoyo | F217: 8.2 Artista solista | G217: Festival de verano | H217: Parque Simon Bolivar | I217: 3 | J217: =1008403*4 -> 4033612 | K217: =J217*0.19 -> 766386.28 | L217: =J217+K217 -> 4799998.3
A218: 45879 | B218: 45880 | C218: SGRSI | D218: Requerimiento 91 | E218: 8. Personal apoyo | F218: 8.4 Auxiliar Logístico montaje y desmontaje mobiliario | G218: Festival de verano | H218: Bodega Ipes a Simon Bolivar | I218: 5 | J218: 1175000 | K218: =J218*0.19 -> 223250 | L218: =J218+K218 -> 1398250
A219: 45879 | B219: 45880 | C219: SGRSI | D219: Requerimiento 91 | E219: 12. Transporte | F219: 12.2 Transporte 6.5 Ton | G219: Festival de verano | H219: Bodega Ipes a Simon Bolivar | I219: 1 | J219: 1950000 | K219: =J219*0.19 -> 370500 | L219: =J219+K219 -> 2320500
A220: 45877 | B220: 45879 | C220: SGRSI | D220: Requerimiento 92 | E220: 12. Transporte | F220: 12.3 Transporte camioneta 4*2 | G220: Festival de verano | H220: Parque Simon Bolivar | I220: 1 | J220: 588235.29 | K220: =J220*0.19 -> 111764.71 | L220: =J220+K220 -> 700000
A221: 45877 | B221: 45879 | C221: SGRSI | D221: Requerimiento 93 | E221: 2. Catering | F221: 2.7 Refrigério de sal | G221: Festival de verano | H221: Parque Simon Bolivar | I221: 110 | J221: =26500*110 -> 2915000 | K221: =J221*0.19 -> 553850 | L221: =J221+K221 -> 3468850
A222: 45868 | B222: 45885 | C222: SGRSI | D222: Requerimiento 94 | E222: 8. Personal apoyo | F222: 8.4 Auxiliar Logístico montaje y desmontaje mobiliario | G222: Ferias fijas | H222: Bodega IPES cra 38 # 10a- 25 a Parqueadero las Aguas | I222: 6 | J222: 1410000 | K222: =J222*0.19 -> 267900 | L222: =J222+K222 -> 1677900
A223: 45868 | B223: 45885 | C223: SGRSI | D223: Requerimiento 94 | E223: 12. Transporte | F223: 12.2 Transporte 6.5 Ton | G223: Ferias fijas | H223: Bodega IPES cra 38 # 10a- 25 a Parqueadero las Aguas | I223: 1 | J223: 1950000 | K223: =J223*0.19 -> 370500 | L223: =J223+K223 -> 2320500
A224: 45868 | B224: 45885 | C224: SGRSI | D224: Requerimiento 94 | E224: 5. Estructuras exteriores | F224: 5.1 Baño portátil | G224: Ferias fijas | H224: Bodega IPES cra 38 # 10a- 25 a Parqueadero las Aguas | I224: 2 | J224: 990000 | K224: =J224*0.19 -> 188100 | L224: =J224+K224 -> 1178100
A225: 45868 | B225: 45885 | C225: SGRSI | D225: Requerimiento 95 | E225: 8. Personal apoyo | F225: 8.4 Auxiliar Logístico montaje y desmontaje mobiliario | G225: Ferias fijas | H225: Bodega IPES cra 38 # 10a- 25 a Parqueadero la 24 | I225: 5 | J225: 1175000 | K225: =J225*0.19 -> 223250 | L225: =J225+K225 -> 1398250
A226: 45868 | B226: 45885 | C226: SGRSI | D226: Requerimiento 95 | E226: 12. Transporte | F226: 12.2 Transporte 6.5 Ton | G226: Ferias fijas | H226: Bodega IPES cra 38 # 10a- 25 a Parqueadero la 24 | I226: 1 | J226: 1950000 | K226: =J226*0.19 -> 370500 | L226: =J226+K226 -> 2320500
A227: 45868 | B227: 45885 | C227: SGRSI | D227: Requerimiento 95 | E227: 5. Estructuras exteriores | F227: 5.1 Baño portátil | G227: Ferias fijas | H227: Bodega IPES cra 38 # 10a- 25 a Parqueadero la 24 | I227: 2 | J227: 990000 | K227: =J227*0.19 -> 188100 | L227: =J227+K227 -> 1178100
A228: 45868 | B228: 45887 | C228: SGRSI | D228: Requerimiento 96 | E228: 8. Personal apoyo | F228: 8.4 Auxiliar Logístico montaje y desmontaje mobiliario | G228: Ferias fijas | H228: Parqueadero las Aguas a Bodega IPES cra 38 # 10a- 25 | I228: 6 | J228: 1410000 | K228: =J228*0.19 -> 267900 | L228: =J228+K228 -> 1677900
A229: 45868 | B229: 45887 | C229: SGRSI | D229: Requerimiento 96 | E229: 12. Transporte | F229: 12.2 Transporte 6.5 Ton | G229: Ferias fijas | H229: Parqueadero las Aguas a Bodega IPES cra 38 # 10a- 25 | I229: 1 | J229: 1950000 | K229: =J229*0.19 -> 370500 | L229: =J229+K229 -> 2320500
A230: 45868 | B230: 45887 | C230: SGRSI | D230: Requerimiento 97 | E230: 8. Personal apoyo | F230: 8.4 Auxiliar Logístico montaje y desmontaje mobiliario | G230: Ferias fijas | H230: Parqueadero la 24 a Bodega IPES cra 38 # 10a- 25 | I230: 5 | J230: 1175000 | K230: =J230*0.19 -> 223250 | L230: =J230+K230 -> 1398250
A231: 45868 | B231: 45887 | C231: SGRSI | D231: Requerimiento 97 | E231: 12. Transporte | F231: 12.2 Transporte 6.5 Ton | G231: Ferias fijas | H231: Parqueadero la 24 a Bodega IPES cra 38 # 10a- 25 | I231: 1 | J231: 1950000 | K231: =J231*0.19 -> 370500 | L231: =J231+K231 -> 2320500
A232: 45875 | B232: 45877 | C232: SGRSI | D232: Requerimiento 98 | E232: 2. Catering | F232: 2.7 Refrigério de sal | G232: Festival de verano | H232: Parque Simon Bolivar | I232: 100 | J232: =26500*100 -> 2650000 | K232: =J232*0.19 -> 503500 | L232: =J232+K232 -> 3153500
A233: 45878 | B233: 45879 | C233: SGRSI | D233: Requerimiento 99 | E233: 12. Transporte | F233: 12.3 Transporte camioneta 4*2 | G233: Festival de verano | H233: Parque Simon Bolivar | I233: 1 | J233: 588235.29 | K233: =J233*0.19 -> 111764.71 | L233: =J233+K233 -> 700000
A234: 45868 | B234: 45892 | C234: SGRSI | D234: Requerimiento 100 | E234: 8. Personal apoyo | F234: 8.4 Auxiliar Logístico montaje y desmontaje mobiliario | G234: Ferias fijas | H234: Bodega IPES cra 38 # 10a- 25 a Parqueadero las Aguas | I234: 6 | J234: 1410000 | K234: =J234*0.19 -> 267900 | L234: =J234+K234 -> 1677900
A235: 45868 | B235: 45892 | C235: SGRSI | D235: Requerimiento 100 | E235: 12. Transporte | F235: 12.2 Transporte 6.5 Ton | G235: Ferias fijas | H235: Bodega IPES cra 38 # 10a- 25 a Parqueadero las Aguas | I235: 1 | J235: 1950000 | K235: =J235*0.19 -> 370500 | L235: =J235+K235 -> 2320500
A236: 45868 | B236: 45892 | C236: SGRSI | D236: Requerimiento 100 | E236: 5. Estructuras exteriores | F236: 5.1 Baño portátil | G236: Ferias fijas | H236: Bodega IPES cra 38 # 10a- 25 a Parqueadero las Aguas | I236: 2 | J236: 990000 | K236: =J236*0.19 -> 188100 | L236: =J236+K236 -> 1178100
A237: 45868 | B237: 45892 | C237: SGRSI | D237: Requerimiento 101 | E237: 8. Personal apoyo | F237: 8.4 Auxiliar Logístico montaje y desmontaje mobiliario | G237: Ferias fijas | H237: Bodega IPES cra 38 # 10a- 25 a Parqueadero la 24 | I237: 5 | J237: 1175000 | K237: =J237*0.19 -> 223250 | L237: =J237+K237 -> 1398250
A238: 45868 | B238: 45892 | C238: SGRSI | D238: Requerimiento 101 | E238: 12. Transporte | F238: 12.2 Transporte 6.5 Ton | G238: Ferias fijas | H238: Bodega IPES cra 38 # 10a- 25 a Parqueadero la 24 | I238: 1 | J238: 1950000 | K238: =J238*0.19 -> 370500 | L238: =J238+K238 -> 2320500
A239: 45868 | B239: 45892 | C239: SGRSI | D239: Requerimiento 101 | E239: 5. Estructuras exteriores | F239: 5.1 Baño portátil | G239: Ferias fijas | H239: Bodega IPES cra 38 # 10a- 25 a Parqueadero la 24 | I239: 2 | J239: 990000 | K239: =J239*0.19 -> 188100 | L239: =J239+K239 -> 1178100
A240: 45868 | B240: 45893 | C240: SGRSI | D240: Requerimiento 102 | E240: 8. Personal apoyo | F240: 8.4 Auxiliar Logístico montaje y desmontaje mobiliario | G240: Ferias fijas | H240: Parqueadero las Aguas a Bodega IPES cra 38 # 10a- 25 | I240: 6 | J240: 1410000 | K240: =J240*0.19 -> 267900 | L240: =J240+K240 -> 1677900
A241: 45868 | B241: 45893 | C241: SGRSI | D241: Requerimiento 102 | E241: 12. Transporte | F241: 12.2 Transporte 6.5 Ton | G241: Ferias fijas | H241: Parqueadero las Aguas a Bodega IPES cra 38 # 10a- 25 | I241: 1 | J241: 1950000 | K241: =J241*0.19 -> 370500 | L241: =J241+K241 -> 2320500
A242: 45868 | B242: 45893 | C242: SGRSI | D242: Requerimiento 103 | E242: 8. Personal apoyo | F242: 8.4 Auxiliar Logístico montaje y desmontaje mobiliario | G242: Ferias fijas | H242: Parqueadero la 24 a Bodega IPES cra 38 # 10a- 25 | I242: 5 | J242: 1175000 | K242: =J242*0.19 -> 223250 | L242: =J242+K242 -> 1398250
A243: 45868 | B243: 45893 | C243: SGRSI | D243: Requerimiento 103 | E243: 12. Transporte | F243: 12.2 Transporte 6.5 Ton | G243: Ferias fijas | H243: Parqueadero la 24 a Bodega IPES cra 38 # 10a- 25 | I243: 1 | J243: 1950000 | K243: =J243*0.19 -> 370500 | L243: =J243+K243 -> 2320500
A244: 45868 | B244: 45900 | C244: SGRSI | D244: Requerimiento 104 | E244: 12. Transporte | F244: 12.3 Transporte camioneta 4*2 | G244: Ferias fijas | H244: Parqueaderos aguas y la 24 | I244: 1 | J244: 588235.29 | K244: =J244*0.19 -> 111764.71 | L244: =J244+K244 -> 700000
A245: 45904 | B245: 45905 | C245: SGRSI | D245: Requerimiento 105 | E245: 2. Catering | F245: 2.7 Refrigério de sal | G245: Stand para la Cumbre Internacional de Sostenibilidad e Innovación Ambiental 2025 | H245: Plaza de mercado restrepo | I245: 30 | J245: =26500*30 -> 795000 | K245: =J245*0.19 -> 151050 | L245: =J245+K245 -> 946050
A246: 45868 | B246: 45899 | C246: SGRSI | D246: Requerimiento 106 | E246: 8. Personal apoyo | F246: 8.4 Auxiliar Logístico montaje y desmontaje mobiliario | G246: Ferias fijas | H246: Bodega IPES cra 38 # 10a- 25 a Parqueadero las Aguas | I246: 6 | J246: 1410000 | K246: =J246*0.19 -> 267900 | L246: =J246+K246 -> 1677900
A247: 45868 | B247: 45899 | C247: SGRSI | D247: Requerimiento 106 | E247: 12. Transporte | F247: 12.2 Transporte 6.5 Ton | G247: Ferias fijas | H247: Bodega IPES cra 38 # 10a- 25 a Parqueadero las Aguas | I247: 1 | J247: 1950000 | K247: =J247*0.19 -> 370500 | L247: =J247+K247 -> 2320500
A248: 45868 | B248: 45899 | C248: SGRSI | D248: Requerimiento 106 | E248: 5. Estructuras exteriores | F248: 5.1 Baño portátil | G248: Ferias fijas | H248: Bodega IPES cra 38 # 10a- 25 a Parqueadero las Aguas | I248: 2 | J248: 990000 | K248: =J248*0.19 -> 188100 | L248: =J248+K248 -> 1178100
A249: 45868 | B249: 45899 | C249: SGRSI | D249: Requerimiento 107 | E249: 8. Personal apoyo | F249: 8.4 Auxiliar Logístico montaje y desmontaje mobiliario | G249: Ferias fijas | H249: Bodega IPES cra 38 # 10a- 25 a Parqueadero la 24 | I249: 5 | J249: 1175000 | K249: =J249*0.19 -> 223250 | L249: =J249+K249 -> 1398250
A250: 45868 | B250: 45899 | C250: SGRSI | D250: Requerimiento 107 | E250: 12. Transporte | F250: 12.2 Transporte 6.5 Ton | G250: Ferias fijas | H250: Bodega IPES cra 38 # 10a- 25 a Parqueadero la 24 | I250: 1 | J250: 1950000 | K250: =J250*0.19 -> 370500 | L250: =J250+K250 -> 2320500
A251: 45868 | B251: 45899 | C251: SGRSI | D251: Requerimiento 107 | E251: 5. Estructuras exteriores | F251: 5.1 Baño portátil | G251: Ferias fijas | H251: Bodega IPES cra 38 # 10a- 25 a Parqueadero la 24 | I251: 2 | J251: 990000 | K251: =J251*0.19 -> 188100 | L251: =J251+K251 -> 1178100
A252: 45868 | B252: 45900 | C252: SGRSI | D252: Requerimiento 108 | E252: 8. Personal apoyo | F252: 8.4 Auxiliar Logístico montaje y desmontaje mobiliario | G252: Ferias fijas | H252: Parqueadero las Aguas a Bodega IPES cra 38 # 10a- 25 | I252: 6 | J252: 1410000 | K252: =J252*0.19 -> 267900 | L252: =J252+K252 -> 1677900
A253: 45868 | B253: 45900 | C253: SGRSI | D253: Requerimiento 108 | E253: 12. Transporte | F253: 12.2 Transporte 6.5 Ton | G253: Ferias fijas | H253: Parqueadero las Aguas a Bodega IPES cra 38 # 10a- 25 | I253: 1 | J253: 1950000 | K253: =J253*0.19 -> 370500 | L253: =J253+K253 -> 2320500
A254: 45868 | B254: 45900 | C254: SGRSI | D254: Requerimiento 109 | E254: 8. Personal apoyo | F254: 8.4 Auxiliar Logístico montaje y desmontaje mobiliario | G254: Ferias fijas | H254: Parqueadero la 24 a Bodega IPES cra 38 # 10a- 25 | I254: 5 | J254: 1175000 | K254: =J254*0.19 -> 223250 | L254: =J254+K254 -> 1398250
A255: 45868 | B255: 45900 | C255: SGRSI | D255: Requerimiento 109 | E255: 12. Transporte | F255: 12.2 Transporte 6.5 Ton | G255: Ferias fijas | H255: Parqueadero la 24 a Bodega IPES cra 38 # 10a- 25 | I255: 1 | J255: 1950000 | K255: =J255*0.19 -> 370500 | L255: =J255+K255 -> 2320500
A256: 45904 | B256: 45905 | C256: SGRSI | D256: Requerimiento 110 | E256: 12. Transporte | F256: 12.3 Transporte camioneta 4*2 | G256: Stand para la Cumbre Internacional de Sostenibilidad e Innovación Ambiental 2025 | H256: cumbre de sostenibilidad | I256: 1 | J256: 588235.29 | K256: =J256*0.19 -> 111764.71 | L256: =J256+K256 -> 700000
A257: 45904 | B257: 45905 | C257: SESEC | D257: Requerimiento 111 | E257: 6. Materiales publicidad institucional | F257: 6.8 Pendon 4 | G257: Stand para la Cumbre Internacional de Sostenibilidad e Innovación Ambiental 2025 | H257: cumbre de sostenibilidad | I257: 2.25 | J257: 198528 | K257: =J257*0.19 -> 37720.32 | L257: =J257+K257 -> 236248.32
A258: 45905 | B258: 45906 | C258: SGRSI | D258: Requerimiento 112 | E258: 8. Personal apoyo | F258: 8.4 Auxiliar Logístico montaje y desmontaje mobiliario | G258: Ferias fijas | H258: Bodega IPES cra 38 # 10a- 25 a Parqueadero las Aguas | I258: 6 | J258: 1410000 | K258: =J258*0.19 -> 267900 | L258: =J258+K258 -> 1677900
A259: 45905 | B259: 45906 | C259: SGRSI | D259: Requerimiento 112 | E259: 12. Transporte | F259: 12.2 Transporte 6.5 Ton | G259: Ferias fijas | H259: Bodega IPES cra 38 # 10a- 25 a Parqueadero las Aguas | I259: 1 | J259: 1950000 | K259: =J259*0.19 -> 370500 | L259: =J259+K259 -> 2320500
A260: 45905 | B260: 45906 | C260: SGRSI | D260: Requerimiento 112 | E260: 5. Estructuras exteriores | F260: 5.1 Baño portátil | G260: Ferias fijas | H260: Bodega IPES cra 38 # 10a- 25 a Parqueadero las Aguas | I260: 2 | J260: 990000 | K260: =J260*0.19 -> 188100 | L260: =J260+K260 -> 1178100
A261: 45905 | B261: 45906 | C261: SGRSI | D261: Requerimiento 113 | E261: 8. Personal apoyo | F261: 8.4 Auxiliar Logístico montaje y desmontaje mobiliario | G261: Ferias fijas | H261: Bodega IPES cra 38 # 10a- 25 a Parqueadero la 24 | I261: 5 | J261: 1175000 | K261: =J261*0.19 -> 223250 | L261: =J261+K261 -> 1398250
A262: 45905 | B262: 45906 | C262: SGRSI | D262: Requerimiento 113 | E262: 12. Transporte | F262: 12.2 Transporte 6.5 Ton | G262: Ferias fijas | H262: Bodega IPES cra 38 # 10a- 25 a Parqueadero la 24 | I262: 1 | J262: 1950000 | K262: =J262*0.19 -> 370500 | L262: =J262+K262 -> 2320500
A263: 45905 | B263: 45906 | C263: SGRSI | D263: Requerimiento 113 | E263: 5. Estructuras exteriores | F263: 5.1 Baño portátil | G263: Ferias fijas | H263: Bodega IPES cra 38 # 10a- 25 a Parqueadero la 24 | I263: 2 | J263: 990000 | K263: =J263*0.19 -> 188100 | L263: =J263+K263 -> 1178100
A264: 45905 | B264: 45907 | C264: SGRSI | D264: Requerimiento 114 | E264: 8. Personal apoyo | F264: 8.4 Auxiliar Logístico montaje y desmontaje mobiliario | G264: Ferias fijas | H264: Parqueadero las Aguas a Bodega IPES cra 38 # 10a- 25 | I264: 6 | J264: 1410000 | K264: =J264*0.19 -> 267900 | L264: =J264+K264 -> 1677900
A265: 45905 | B265: 45907 | C265: SGRSI | D265: Requerimiento 114 | E265: 12. Transporte | F265: 12.2 Transporte 6.5 Ton | G265: Ferias fijas | H265: Parqueadero las Aguas a Bodega IPES cra 38 # 10a- 25 | I265: 1 | J265: 1950000 | K265: =J265*0.19 -> 370500 | L265: =J265+K265 -> 2320500
A266: 45905 | B266: 45907 | C266: SGRSI | D266: Requerimiento 115 | E266: 8. Personal apoyo | F266: 8.4 Auxiliar Logístico montaje y desmontaje mobiliario | G266: Ferias fijas | H266: Parqueadero la 24 a Bodega IPES cra 38 # 10a- 25 | I266: 5 | J266: 1175000 | K266: =J266*0.19 -> 223250 | L266: =J266+K266 -> 1398250
A267: 45905 | B267: 45907 | C267: SGRSI | D267: Requerimiento 115 | E267: 12. Transporte | F267: 12.2 Transporte 6.5 Ton | G267: Ferias fijas | H267: Parqueadero la 24 a Bodega IPES cra 38 # 10a- 25 | I267: 1 | J267: 1950000 | K267: =J267*0.19 -> 370500 | L267: =J267+K267 -> 2320500
A268: 45910 | B268: 45911 | C268: SGRSI | D268: Requerimiento 116 | E268: 12. Transporte | F268: 12.2 Transporte 6.5 Ton | G268: Cumbre Internacional de Sostenibilidad e Innovación Ambiental 2025 | H268: Agora a plaza restrepo | I268: 1 | J268: 1950000 | K268: =J268*0.19 -> 370500 | L268: =J268+K268 -> 2320500
A269: 45909 | B269: 45911 | C269: SGRSI | D269: Requerimiento 117 | E269: 2. Catering | F269: 2.7 Refrigério de sal | G269: Cumbre Internacional de Sostenibilidad e Innovación Ambiental 2025 | H269: Agora a plaza restrepo | I269: 50 | J269: 1325000 | K269: =J269*0.19 -> 251750 | L269: =J269+K269 -> 1576750
... A404: 45990 | B404: 45991 | C404: SGRSI | D404: Requerimiento 175 | E404: 12. Transporte | F404: 12.2 Transporte 6.5 Ton | G404: Ferias fijas | H404: Parqueadero la 24 a Bodega IPES cra 38 # 10a- 25 | I404: 1 | J404: 1950000 | K404: =J404*0.19 -> 370500 | L404: =J404+K404 -> 2320500
A405: 45985 | B405: 45997 | C405: SGRSI | D405: Requerimiento 176 | E405: 12. Transporte | F405: 12.2 Transporte 6.5 Ton | G405: Ferias fijas | H405: Bodega IPES cra 38 # 10a- 25 a Parqueadero las Aguas | I405: 1 | J405: 1950000 | K405: 370500 | L405: 2320500
A406: 45985 | B406: 45997 | C406: SGRSI | D406: Requerimiento 176 | E406: 8. Personal apoyo | F406: 8.4 Auxiliar Logístico montaje y desmontaje mobiliario | G406: Ferias fijas | H406: Bodega IPES cra 38 # 10a- 25 a Parqueadero las Aguas | I406: 6 | J406: 1410000 | K406: 267900 | L406: 1677900
A407: 45985 | B407: 45998 | C407: SGRSI | D407: Requerimiento 176 | E407: 5. Estructuras exteriores | F407: 5.1 Baño portátil | G407: Ferias fijas | H407: Bodega IPES cra 38 # 10a- 25 a Parqueadero las Aguas | I407: 2 | J407: 990000 | K407: 188100 | L407: 1178100
A408: 45985 | B408: 45999 | C408: SGRSI | D408: Requerimiento 176 | E408: 5. Estructuras exteriores | F408: 5.1 Baño portátil | G408: Ferias fijas | H408: Bodega IPES cra 38 # 10a- 25 a Parqueadero las Aguas | I408: 2 | J408: 990000 | K408: 188100 | L408: 1178100
A409: 45986 | B409: 45997 | C409: SGRSI | D409: Requerimiento 177 | E409: 12. Transporte | F409: 12.2 Transporte 6.5 Ton | G409: Ferias fijas | H409: Bodega IPES cra 38 # 10a- 25 a Parqueadero la 24 | I409: 1 | J409: 1950000 | K409: 370500 | L409: 2320500
A410: 45986 | B410: 45997 | C410: SGRSI | D410: Requerimiento 177 | E410: 8. Personal apoyo | F410: 8.4 Auxiliar Logístico montaje y desmontaje mobiliario | G410: Ferias fijas | H410: Bodega IPES cra 38 # 10a- 25 a Parqueadero la 24 | I410: 5 | J410: 1175000 | K410: 223250 | L410: 1398250
...

Sheet Ferias Diciembre navideña
A1: Fecha inicial | B1: Fecha final | C1: Subdirección | D1: Requerimiento | E1: Categoría | F1: Servicio o Bien | G1: cantidad | H1: Nombre feria | I1: Dirección | J1: Valor unitario | K1: Valor | L1: IVA 19% | M1: TOTAL
A2: 45992 | B2: 45994 | C2: SGRSI | D2: 192 | E2: 12. Transporte | F2: 12.2 Transporte 6.5 Ton | G2: 1 | H2: FERIA NAVIDEÑA SAN VICTORINO | I2: BODEGA LA 38 - SAN VICTORINO | J2: =+K2/G2 -> 1950000 | K2: 1950000 | L2: 370500 | M2: =+K2+L2 -> 2320500
A3: 45992 | B3: 45994 | C3: SGRSI | D3: 192 | E3: 8. Personal apoyo | F3: 8.4 Auxiliar Logístico montaje y desmontaje mobiliario | G3: 5 | H3: FERIA NAVIDEÑA SAN VICTORINO | I3: BODEGA LA 38 - SAN VICTORINO | J3: =+K3/G3 -> 235000 | K3: 1175000 | L3: 223250 | M3: =+K3+L3 -> 1398250
A4: 45992 | B4: 3-dic-25 AL 23 DE DICIEMBRE | C4: SGRSI | D4: 192 | E4: 5. Estructuras exteriores | F4: 5.1 Baño portátil | G4: 42 | H4: FERIA NAVIDEÑA SAN VICTORINO | I4: SAN VICTORINO | J4: =+K4/G4 -> 495000 | K4: 20790000 | L4: 3950100 | M4: =+K4+L4 -> 24740100
A5: 45992 | B5: 45994 | C5: SGRSI | D5: 192 | E5: 11. Suministro de energía | F5: 11.3 Planta eléctrica - 40 KVA | G5: 1 | H5: FERIA NAVIDEÑA SAN VICTORINO | I5: SAN VICTORINO | J5: =+K5/G5 -> 1650000 | K5: 1650000 | L5: 313500 | M5: =+K5+L5 -> 1963500
A6: 45992 | B6: 45994 | C6: SGRSI | D6: 192 | E6: 1. Audio y video | F6: 1.1 Alquiler de sonido de 50 a 200 personas | G6: 1 | H6: FERIA NAVIDEÑA SAN VICTORINO | I6: SAN VICTORINO | J6: =+K6/G6 -> 2250000 | K6: 2250000 | L6: 427500 | M6: =+K6+L6 -> 2677500
A7: 45992 | B7: 45994 | C7: SGRSI | D7: 192 | E7: 8. Personal apoyo | F7: 8.1 Animador y/o Presentador con experiencia | G7: 1 | H7: FERIA NAVIDEÑA SAN VICTORINO | I7: SAN VICTORINO | J7: =+K7/G7 -> 1450000 | K7: 1450000 | L7: 275500 | M7: =+K7+L7 -> 1725500
A8: 45992 | B8: 45994 | C8: SGRSI | D8: 192 | E8: 8. Personal apoyo | F8: 8.8 Grupo musical de 5 hasta 9 artistas | G8: 1 | H8: FERIA NAVIDEÑA SAN VICTORINO | I8: SAN VICTORINO | J8: =+K8/G8 -> 3025210 | K8: 3025210 | L8: 574790 | M8: =+K8+L8 -> 3600000
A9: 45992 | B9: 46014 | C9: SGRSI | D9: 193 | E9: 12. Transporte | F9: 12.2 Transporte 6.5 Ton | G9: 1 | H9: FERIA NAVIDEÑA SAN VICTORINO | I9: SAN VICTORINO A BODEGA LA 38 | J9: =+K9/G9 -> 1950000 | K9: 1950000 | L9: 370500 | M9: =+K9+L9 -> 2320500
A10: 45992 | B10: 46014 | C10: SGRSI | D10: 193 | E10: 8. Personal apoyo | F10: 8.4 Auxiliar Logístico montaje y desmontaje mobiliario | G10: 5 | H10: FERIA NAVIDEÑA SAN VICTORINO | I10: SAN VICTORINO A BODEGA LA 38 | J10: =+K10/G10 -> 235000 | K10: 1175000 | L10: 223250 | M10: =+K10+L10 -> 1398250
I11: TOTAL | K11: =SUM(K2:K10) -> 35415210 | L11: =SUM(L2:L10) -> 6728890 | M11: =SUM(M2:M10) -> 42144100
A13: Fecha inicial | B13: Fecha final | C13: Subdirección | D13: Requerimiento | E13: Categoría | F13: Servicio o Bien | G13: cantidad | H13: Nombre feria | I13: Dirección | J13: Valor unitario | K13: Valor | L13: IVA 19% | M13: TOTAL
A14: 46002 | B14: 46007 | C14: SGRSI | D14: 194 | E14: 1. Audio y video | F14: 1.1 Alquiler de sonido de 50 a 200 personas | G14: 1 | H14: FERIA NAVIDEÑA SAN VICTORINO | I14: VICACHÁ | J14: =+K14/G14 -> 2250000 | K14: 2250000 | L14: 427500 | M14: =+K14+L14 -> 2677500
A15: 46002 | B15: 46007 | C15: SGRSI | D15: 194 | E15: 8. Personal apoyo | F15: 8.2 Artista solista | G15: 1 | H15: FERIA NAVIDEÑA SAN VICTORINO | I15: VICACHÁ | J15: =+K15/G15 -> 1008403 | K15: 1008403 | L15: 191597 | M15: =+K15+L15 -> 1200000
A16: 46002 | B16: 46007 | C16: SGRSI | D16: 194 | E16: 2. Catering | F16: 2.5 Plato de lechona | G16: 150 | H16: FERIA NAVIDEÑA SAN VICTORINO | I16: VICACHÁ | J16: =+K16/G16 -> 15966.387 | K16: 2394958 | L16: 455042.02 | M16: =+K16+L16 -> 2850000
I17: TOTAL | K17: =SUM(K14:K16) -> 5653361 | L17: =SUM(L14:L16) -> 1074139 | M17: =SUM(M14:M16) -> 6727500
A19: Fecha inicial | B19: Fecha final | C19: Subdirección | D19: Requerimiento | E19: Categoría | F19: Servicio o Bien | G19: cantidad | H19: Nombre feria | I19: Dirección | J19: Valor unitario | K19: Valor | L19: IVA 19% | M19: TOTAL
A20: 46002 | B20: 46004 | C20: SGRSI | D20: 195 | E20: 12. Transporte | F20: 12.2 Transporte 6.5 Ton | G20: 1 | H20: FERIA NAVIDEÑA LOS HIPPIES | I20: BODEGA DE LA 38 A PARQUE DE LOS HIPPIES | J20: =+K20/G20 -> 1950000 | K20: 1950000 | L20: 370500 | M20: =+K20+L20 -> 2320500
A21: 46002 | B21: 46004 | C21: SGRSI | D21: 195 | E21: 8. Personal apoyo | F21: 8.4 Auxiliar Logístico montaje y desmontaje mobiliario | G21: 5 | H21: FERIA NAVIDEÑA LOS HIPPIES | I21: BODEGA DE LA 38 A PARQUE DE LOS HIPPIES | J21: =+K21/G21 -> 235000 | K21: 1175000 | L21: 223250 | M21: =+K21+L21 -> 1398250
A22: 46002 | B22: 46008 | C22: SGRSI | D22: 196 | E22: 12. Transporte | F22: 12.2 Transporte 6.5 Ton | G22: 1 | H22: FERIA NAVIDEÑA LOS HIPPIES | I22: PARQUE DE LOS HIPPIES A BODEGA LA 38 | J22: =+K22/G22 -> 1950000 | K22: 1950000 | L22: 370500 | M22: =+K22+L22 -> 2320500
A23: 46002 | B23: 46008 | C23: SGRSI | D23: 196 | E23: 8. Personal apoyo | F23: 8.4 Auxiliar Logístico montaje y desmontaje mobiliario | G23: 5 | H23: FERIA NAVIDEÑA LOS HIPPIES | I23: PARQUE DE LOS HIPPIES A BODEGA LA 38 | J23: =+K23/G23 -> 235000 | K23: 1175000 | L23: 223250 | M23: =+K23+L23 -> 1398250
A24: 46002 | B24: 13/12/2025 al 17/12/2025 | C24: SGRSI | D24: 195 | E24: 5. Estructuras exteriores | F24: 5.1 Baño portátil | G24: 10 | H24: FERIA NAVIDEÑA LOS HIPPIES | I24: PARQUE DE LOS HIPPIES | J24: =+K24/G24 -> 495000 | K24: 4950000 | L24: 940500 | M24: =+K24+L24 -> 5890500
A25: 46002 | B25: 46004 | C25: SGRSI | D25: 195 | E25: 1. Audio y video | F25: 1.1 Alquiler de sonido de 50 a 200 personas | G25: 1 | H25: FERIA NAVIDEÑA LOS HIPPIES | I25: PARQUE DE LOS HIPPIES | J25: =+K25/G25 -> 2250000 | K25: 2250000 | L25: 427500 | M25: =+K25+L25 -> 2677500
A26: 46002 | B26: 46004 | C26: SGRSI | D26: 195 | E26: 8. Personal apoyo | F26: 8.1 Animador y/o Presentador con experiencia | G26: 1 | H26: FERIA NAVIDEÑA LOS HIPPIES | I26: PARQUE DE LOS HIPPIES | J26: =+K26/G26 -> 1450000 | K26: 1450000 | L26: 275500 | M26: =+K26+L26 -> 1725500
A27: 46002 | B27: 46004 | C27: SGRSI | D27: 195 | E27: 11. Suministro de energía | F27: 11.3 Planta eléctrica - 40 KVA | G27: 1 | H27: FERIA NAVIDEÑA LOS HIPPIES | I27: PARQUE DE LOS HIPPIES | J27: =+K27/G27 -> 1650000 | K27: 1650000 | L27: 313500 | M27: =+K27+L27 -> 1963500
A28: 46002 | B28: 46004 | C28: SGRSI | D28: 195 | E28: 8. Personal apoyo | F28: 8.8 Grupo musical de 5 hasta 9 artistas | G28: 1 | H28: FERIA NAVIDEÑA LOS HIPPIES | I28: PARQUE DE LOS HIPPIES | J28: =+K28/G28 -> 3025210 | K28: 3025210 | L28: 574790 | M28: =+K28+L28 -> 3600000
A29: 46002 | B29: 46004 | C29: SGRSI | D29: 195 | E29: 2. Catering | F29: 2.7 Refrigério de sal | G29: 11 | H29: FERIA NAVIDEÑA LOS HIPPIES | I29: PARQUE DE LOS HIPPIES | J29: =+K29/G29 -> 26500 | K29: 291500 | L29: 55385 | M29: =+K29+L29 -> 346885
I30: TOTAL | K30: =SUM(K20:K29) -> 19866710 | L30: =SUM(L20:L29) -> 3774675 | M30: =SUM(M20:M29) -> 23641385
A32: Fecha inicial | B32: Fecha final | C32: Subdirección | D32: Requerimiento | E32: Categoría | F32: Servicio o Bien | G32: cantidad | H32: Nombre feria | I32: Dirección | J32: Valor unitario | K32: Valor | L32: IVA 19% | M32: TOTAL
A33: 46002 | B33: 16-dic-25 AL 24 DE DICIEMBRE | C33: SGRSI | D33: 197 | E33: 5. Estructuras exteriores | F33: 5.1 Baño portátil | G33: 18 | H33: FERIA NAVIDEÑA VENECIA | I33: PARQUE PRINCIPAL VENECIA | J33: =+K33/G33 -> 495000 | K33: 8910000 | L33: 1692900 | M33: =+K33+L33 -> 10602900
A34: 46002 | B34: 46010 | C34: SGRSI | D34: 197 | E34: 11. Suministro de energía | F34: 11.3 Planta eléctrica - 40 KVA | G34: 1 | H34: FERIA NAVIDEÑA VENECIA | I34: PARQUE PRINCIPAL VENECIA | J34: =+K34/G34 -> 1650000 | K34: 1650000 | L34: 313500 | M34: =+K34+L34 -> 1963500
A35: 46002 | B35: 46010 | C35: SGRSI | D35: 197 | E35: 8. Personal apoyo | F35: 8.1 Animador y/o Presentador con experiencia | G35: 1 | H35: FERIA NAVIDEÑA VENECIA | I35: PARQUE PRINCIPAL VENECIA | J35: =+K35/G35 -> 1450000 | K35: 1450000 | L35: 275500 | M35: =+K35+L35 -> 1725500
A36: 46002 | B36: 46010 | C36: SGRSI | D36: 197 | E36: 1. Audio y video | F36: 1.2 Alquiler de sonido de 200 a 500 pax | G36: 1 | H36: FERIA NAVIDEÑA VENECIA | I36: PARQUE PRINCIPAL VENECIA | J36: =+K36/G36 -> 4950000 | K36: 4950000 | L36: 940500 | M36: =+K36+L36 -> 5890500
I37: TOTAL | K37: =SUM(K33:K36) -> 16960000 | L37: =SUM(L33:L36) -> 3222400 | M37: =SUM(M33:M36) -> 20182400
A39: Fecha inicial | B39: Fecha final | C39: Subdirección | D39: Requerimiento | E39: Categoría | F39: Servicio o Bien | G39: cantidad | H39: Nombre feria | I39: Dirección | J39: Valor unitario | K39: Valor | L39: IVA 19% | M39: TOTAL
A40: 46002 | B40: 46007 | C40: SGRSI | D40: 198 | E40: 12. Transporte | F40: 12.2 Transporte 6.5 Ton | G40: 1 | H40: FERIA NAVIDEÑA DE LA SEPTIMA | I40: BODEGA DE LA 38 A CARRERA 7 CON CALLE 24 | J40: =+K40/G40 -> 1950000 | K40: 1950000 | L40: 370500 | M40: =+K40+L40 -> 2320500
A41: 46002 | B41: 46007 | C41: SGRSI | D41: 198 | E41: 8. Personal apoyo | F41: 8.4 Auxiliar Logístico montaje y desmontaje mobiliario | G41: 5 | H41: FERIA NAVIDEÑA DE LA SEPTIMA | I41: BODEGA DE LA 38 A CARRERA 7 CON CALLE 24 | J41: =+K41/G41 -> 235000 | K41: 1175000 | L41: 223250 | M41: =+K41+L41 -> 1398250
A42: 46002 | B42: 46007 | C42: SGRSI | D42: 198 | E42: 5. Estructuras exteriores | F42: 5.1 Baño portátil | G42: 16 | H42: FERIA NAVIDEÑA DE LA SEPTIMA | I42: BODEGA DE LA 38 A CARRERA 7 CON CALLE 24 | J42: =+K42/G42 -> 495000 | K42: 7920000 | L42: 1504800 | M42: =+K42+L42 -> 9424800
A43: 46002 | B43: 46007 | C43: SGRSI | D43: 198 | E43: 11. Suministro de energía | F43: 11.3 Planta eléctrica - 40 KVA | G43: 1 | H43: FERIA NAVIDEÑA DE LA SEPTIMA | I43: CARRERA 7 CON CALLE 24 | J43: =+K43/G43 -> 1650000 | K43: 1650000 | L43: 313500 | M43: =+K43+L43 -> 1963500
A44: 46002 | B44: 46007 | C44: SGRSI | D44: 198 | E44: 1. Audio y video | F44: 1.1 Alquiler de sonido de 50 a 200 personas | G44: 1 | H44: FERIA NAVIDEÑA DE LA SEPTIMA | I44: CARRERA 7 CON CALLE 24 | J44: =+K44/G44 -> 2250000 | K44: 2250000 | L44: 427500 | M44: =+K44+L44 -> 2677500
A45: 46002 | B45: 46007 | C45: SGRSI | D45: 198 | E45: 8. Personal apoyo | F45: 8.1 Animador y/o Presentador con experiencia | G45: 1 | H45: FERIA NAVIDEÑA DE LA SEPTIMA | I45: CARRERA 7 CON CALLE 24 | J45: =+K45/G45 -> 1450000 | K45: 1450000 | L45: 275500 | M45: =+K45+L45 -> 1725500
A46: 46002 | B46: 46007 | C46: SGRSI | D46: 198 | E46: 8. Personal apoyo | F46: 8.8 Grupo musical de 5 hasta 9 artistas | G46: 1 | H46: FERIA NAVIDEÑA DE LA SEPTIMA | I46: CARRERA 7 CON CALLE 24 | J46: =+K46/G46 -> 3025210 | K46: 3025210 | L46: 574790 | M46: =+K46+L46 -> 3600000
A47: 46002 | B47: 46007 | C47: SGRSI | D47: 198 | E47: 3. Equipamiento escenario | F47: 3.2 Tarima 5X2 | G47: 1 | H47: FERIA NAVIDEÑA DE LA SEPTIMA | I47: CARRERA 7 CON CALLE 24 | J47: =+K47/G47 -> 1050000 | K47: 1050000 | L47: 199500 | M47: =+K47+L47 -> 1249500
A48: 46002 | B48: 46014 | C48: SGRSI | D48: 199 | E48: 12. Transporte | F48: 12.2 Transporte 6.5 Ton | G48: 1 | H48: FERIA NAVIDEÑA DE LA SEPTIMA | I48: CARRERA 7 CON CALLE 24 A LA BODEGA IPES | J48: =+K48/G48 -> 1950000 | K48: 1950000 | L48: 370500 | M48: =+K48+L48 -> 2320500
A49: 46002 | B49: 46014 | C49: SGRSI | D49: 199 | E49: 8. Personal apoyo | F49: 8.4 Auxiliar Logístico montaje y desmontaje mobiliario | G49: 5 | H49: FERIA NAVIDEÑA DE LA SEPTIMA | I49: CARRERA 7 CON CALLE 24 A LA BODEGA IPES | J49: =+K49/G49 -> 235000 | K49: 1175000 | L49: 223250 | M49: =+K49+L49 -> 1398250
I50: TOTAL | K50: =SUM(K40:K49) -> 23595210 | L50: =SUM(L40:L49) -> 4483090 | M50: =SUM(M40:M49) -> 28078300
A52: Fecha inicial | B52: Fecha final | C52: Subdirección | D52: Requerimiento | E52: Categoría | F52: Servicio o Bien | G52: cantidad | H52: Nombre feria | I52: Dirección | J52: Valor unitario | K52: Valor | L52: IVA 19% | M52: TOTAL
A53: 46003 | B53: 46006 | C53: SGRSI | D53: 200 | E53: 12. Transporte | F53: 12.1 Transporte 2,5 Ton | G53: 1 | H53: FERIA NAVIDEÑA DE LA SEPTIMA | I53: BODEGA LA 38 A LA CARRERA 7 CON CALLE 26 | J53: =+K53/G53 -> 1150000 | K53: 1150000 | L53: 218500 | M53: =+K53+L53 -> 1368500
A54: 46003 | B54: 46006 | C54: SGRSI | D54: 200 | E54: 8. Personal apoyo | F54: 8.4 Auxiliar Logístico montaje y desmontaje mobiliario | G54: 2 | H54: FERIA NAVIDEÑA DE LA SEPTIMA | I54: BODEGA LA 38 A LA CARRERA 7 CON CALLE 26 | J54: =+K54/G54 -> 235000 | K54: 470000 | L54: 89300 | M54: =+K54+L54 -> 559300
A55: 46003 | B55: 46010 | C55: SGRSI | D55: 201 | E55: 12. Transporte | F55: 12.1 Transporte 2,5 Ton | G55: 1 | H55: FERIA NAVIDEÑA DE LA SEPTIMA | I55: CARRERA 7 CON CALLE 26 A BODEGA LA 38 | J55: =+K55/G55 -> 1150000 | K55: 1150000 | L55: 218500 | M55: =+K55+L55 -> 1368500
A56: 46003 | B56: 46010 | C56: SGRSI | D56: 201 | E56: 8. Personal apoyo | F56: 8.4 Auxiliar Logístico montaje y desmontaje mobiliario | G56: 2 | H56: FERIA NAVIDEÑA DE LA SEPTIMA | I56: CARRERA 7 CON CALLE 26 A BODEGA LA 38 | J56: =+K56/G56 -> 235000 | K56: 470000 | L56: 89300 | M56: =+K56+L56 -> 559300
I57: TOTAL | K57: =SUM(K53:K56) -> 3240000 | L57: =SUM(L53:L56) -> 615600 | M57: =SUM(M53:M56) -> 3855600
A59: Fecha inicial | B59: Fecha final | C59: Subdirección | D59: Requerimiento | E59: Categoría | F59: Servicio o Bien | G59: cantidad | H59: Nombre feria | I59: Dirección | J59: Valor unitario | K59: Valor | L59: IVA 19% | M59: TOTAL
A60: 46006 | B60: DEL 16 AL 24 DE DICIEMBRE | C60: SESEC | D60: 202 | E60: 2. Catering | F60: 2.7 Refrigério de sal | G60: 792 | H60: PLAZAS DE MERCADO | I60: PLAZAS DE MERCADO | J60: =+K60/G60 -> 26500 | K60: 20988000 | L60: 3987720 | M60: =+K60+L60 -> 24975720
A61: 46003 | B61: 46010 | C61: SESEC | D61: 203 | E61: 8. Personal apoyo | F61: 8.4 Auxiliar Logístico montaje y desmontaje mobiliario | G61: 1 | H61: FERIA NAVIDEÑA KENNEDY | I61: PLAZAS DE MERCADO DE KENNEDY | J61: =+K61/G61 -> 235000 | K61: 235000 | L61: 44650 | M61: =+K61+L61 -> 279650
A62: 46003 | B62: 46010 | C62: SESEC | D62: 203 | E62: 5. Estructuras exteriores | F62: 5.1 Baño portátil | G62: 2 | H62: FERIA NAVIDEÑA KENNEDY | I62: PLAZAS DE MERCADO DE KENNEDY | J62: =+K62/G62 -> 495000 | K62: 990000 | L62: 188100 | M62: =+K62+L62 -> 1178100
A63: 46003 | B63: 46010 | C63: SESEC | D63: 203 | E63: 1. Audio y video | F63: 1.2 Alquiler de sonido de 200 a 500 pax | G63: 1 | H63: FERIA NAVIDEÑA KENNEDY | I63: PLAZAS DE MERCADO DE KENNEDY | J63: =+K63/G63 -> 4950000 | K63: 4950000 | L63: 940500 | M63: =+K63+L63 -> 5890500
A64: 46003 | B64: 46010 | C64: SESEC | D64: 203 | E64: 1. Audio y video | F64: 1.6 Pantalla Led 3X2 | G64: 1 | H64: FERIA NAVIDEÑA KENNEDY | I64: PLAZAS DE MERCADO DE KENNEDY | J64: =+K64/G64 -> 2250000 | K64: 2250000 | L64: 427500 | M64: =+K64+L64 -> 2677500
I65: TOTAL | K65: =SUM(K60:K64) -> 29413000 | L65: =SUM(L60:L64) -> 5588470 | M65: =SUM(M60:M64) -> 35001470
K67: =+K65+K57+K50+K37+K30+K17+K11 -> 1.3414349e+08 | L67: =+L65+L57+L50+L37+L30+L17+L11 -> 25487264 | M67: =+M65+M57+M50+M37+M30+M17+M11 -> 159630755

Sheet ferias permanentes diciembre
A1: Fecha inicial | B1: Fecha final | C1: Subdirección | D1: Requerimiento | E1: Categoría | F1: Servicio o Bien | G1: cantidad | H1: Nombre feria | I1: Dirección | J1: Valor unitario | K1: Valor | L1: IVA 19% | M1: TOTAL
A2: 45985 | B2: 45997 | C2: SGRSI | D2: Requerimiento 176 | E2: 12. Transporte | F2: 12.2 Transporte 6.5 Ton | G2: 1 | H2: Ferias fijas | I2: Bodega IPES cra 38 # 10a- 25 a Parqueadero las Aguas | J2: =+K2/G2 -> 1950000 | K2: 1950000 | L2: 370500 | M2: 2320500
A3: 45985 | B3: 45997 | C3: SGRSI | D3: Requerimiento 176 | E3: 8. Personal apoyo | F3: 8.4 Auxiliar Logístico montaje y desmontaje mobiliario | G3: 6 | H3: Ferias fijas | I3: Bodega IPES cra 38 # 10a- 25 a Parqueadero las Aguas | J3: =+K3/G3 -> 235000 | K3: 1410000 | L3: 267900 | M3: 1677900
A4: 45985 | B4: 45998 | C4: SGRSI | D4: Requerimiento 176 | E4: 5. Estructuras exteriores | F4: 5.1 Baño portátil | G4: 2 | H4: Ferias fijas | I4: Bodega IPES cra 38 # 10a- 25 a Parqueadero las Aguas | J4: =+K4/G4 -> 495000 | K4: 990000 | L4: 188100 | M4: 1178100
A5: 45985 | B5: 45999 | C5: SGRSI | D5: Requerimiento 176 | E5: 5. Estructuras exteriores | F5: 5.1 Baño portátil | G5: 2 | H5: Ferias fijas | I5: Bodega IPES cra 38 # 10a- 25 a Parqueadero las Aguas | J5: =+K5/G5 -> 495000 | K5: 990000 | L5: 188100 | M5: 1178100
A6: 45986 | B6: 45999 | C6: SGRSI | D6: Requerimiento 178 | E6: 8. Personal apoyo | F6: 8.4 Auxiliar Logístico montaje y desmontaje mobiliario | G6: 6 | H6: Ferias fijas | I6: Parqueadero las Aguas a Bodega IPES cra 38 # 10a- 25 | J6: =+K6/G6 -> 235000 | K6: 1410000 | L6: 267900 | M6: 1677900
A7: 45986 | B7: 45999 | C7: SGRSI | D7: Requerimiento 178 | E7: 12. Transporte | F7: 12.2 Transporte 6.5 Ton | G7: 1 | H7: Ferias fijas | I7: Parqueadero las Aguas a Bodega IPES cra 38 # 10a- 25 | J7: =+K7/G7 -> 1950000 | K7: 1950000 | L7: 370500 | M7: 2320500
I8: TOTAL | K8: =SUM(K2:K7) -> 8700000 | L8: =SUM(L2:L7) -> 1653000 | M8: =SUM(M2:M7) -> 10353000
A10: Fecha inicial | B10: Fecha final | C10: Subdirección | D10: Requerimiento | E10: Categoría | F10: Servicio o Bien | G10: cantidad | H10: Nombre feria | I10: Dirección | J10: Valor unitario | K10: Valor | L10: IVA 19% | M10: TOTAL
A11: 45986 | B11: 45997 | C11: SGRSI | D11: Requerimiento 177 | E11: 12. Transporte | F11: 12.2 Transporte 6.5 Ton | G11: 1 | H11: Ferias fijas | I11: Bodega IPES cra 38 # 10a- 25 a Parqueadero la 24 | J11: =+K11/G11 -> 1950000 | K11: 1950000 | L11: 370500 | M11: 2320500
A12: 45986 | B12: 45997 | C12: SGRSI | D12: Requerimiento 177 | E12: 8. Personal apoyo | F12: 8.4 Auxiliar Logístico montaje y desmontaje mobiliario | G12: 5 | H12: Ferias fijas | I12: Bodega IPES cra 38 # 10a- 25 a Parqueadero la 24 | J12: =+K12/G12 -> 235000 | K12: 1175000 | L12: 223250 | M12: 1398250
A13: 45986 | B13: 45998 | C13: SGRSI | D13: Requerimiento 177 | E13: 5. Estructuras exteriores | F13: 5.1 Baño portátil | G13: 2 | H13: Ferias fijas | I13: Bodega IPES cra 38 # 10a- 25 a Parqueadero la 24 | J13: =+K13/G13 -> 495000 | K13: 990000 | L13: 188100 | M13: 1178100
A14: 45986 | B14: 45999 | C14: SGRSI | D14: Requerimiento 177 | E14: 5. Estructuras exteriores | F14: 5.1 Baño portátil | G14: 2 | H14: Ferias fijas | I14: Bodega IPES cra 38 # 10a- 25 a Parqueadero la 24 | J14: =+K14/G14 -> 495000 | K14: 990000 | L14: 188100 | M14: 1178100
A15: 45986 | B15: 45999 | C15: SGRSI | D15: Requerimiento 179 | E15: 8. Personal apoyo | F15: 8.4 Auxiliar Logístico montaje y desmontaje mobiliario | G15: 5 | H15: Ferias fijas | I15: Parqueadero la 24 a Bodega IPES cra 38 # 10a- 25 | J15: =+K15/G15 -> 235000 | K15: 1175000 | L15: 223250 | M15: 1398250
A16: 45986 | B16: 45999 | C16: SGRSI | D16: Requerimiento 179 | E16: 12. Transporte | F16: 12.2 Transporte 6.5 Ton | G16: 1 | H16: Ferias fijas | I16: Parqueadero la 24 a Bodega IPES cra 38 # 10a- 25 | J16: =+K16/G16 -> 1950000 | K16: 1950000 | L16: 370500 | M16: 2320500
I17: TOTAL | K17: =SUM(K11:K16) -> 8230000 | L17: =SUM(L11:L16) -> 1563700 | M17: =SUM(M11:M16) -> 9793700
A19: Fecha inicial | B19: Fecha final | C19: Subdirección | D19: Requerimiento | E19: Categoría | F19: Servicio o Bien | G19: cantidad | H19: Nombre feria | I19: Dirección | J19: Valor unitario | K19: Valor | L19: IVA 19% | M19: TOTAL
A20: 45985 | B20: 46004 | C20: SGRSI | D20: Requerimiento 180 | E20: 12. Transporte | F20: 12.2 Transporte 6.5 Ton | G20: 1 | H20: Ferias fijas | I20: Bodega IPES cra 38 # 10a- 25 a Parqueadero las Aguas | J20: =+K20/G20 -> 1950000 | K20: 1950000 | L20: 370500 | M20: 2320500
A21: 45985 | B21: 46004 | C21: SGRSI | D21: Requerimiento 180 | E21: 8. Personal apoyo | F21: 8.4 Auxiliar Logístico montaje y desmontaje mobiliario | G21: 6 | H21: Ferias fijas | I21: Bodega IPES cra 38 # 10a- 25 a Parqueadero las Aguas | J21: =+K21/G21 -> 235000 | K21: 1410000 | L21: 267900 | M21: 1677900
A22: 45985 | B22: 46004 | C22: SGRSI | D22: Requerimiento 180 | E22: 5. Estructuras exteriores | F22: 5.1 Baño portátil | G22: 2 | H22: Ferias fijas | I22: Bodega IPES cra 38 # 10a- 25 a Parqueadero las Aguas | J22: =+K22/G22 -> 495000 | K22: 990000 | L22: 188100 | M22: 1178100
A23: 45985 | B23: 46005 | C23: SGRSI | D23: Requerimiento 182 | E23: 8. Personal apoyo | F23: 8.4 Auxiliar Logístico montaje y desmontaje mobiliario | G23: 6 | H23: Ferias fijas | I23: Parqueadero las Aguas a Bodega IPES cra 38 # 10a- 25 | J23: =+K23/G23 -> 235000 | K23: 1410000 | L23: 267900 | M23: 1677900
A24: 45985 | B24: 46005 | C24: SGRSI | D24: Requerimiento 182 | E24: 12. Transporte | F24: 12.2 Transporte 6.5 Ton | G24: 1 | H24: Ferias fijas | I24: Parqueadero las Aguas a Bodega IPES cra 38 # 10a- 25 | J24: =+K24/G24 -> 1950000 | K24: 1950000 | L24: 370500 | M24: 2320500
I25: TOTAL | K25: =SUM(K20:K24) -> 7710000 | L25: =SUM(L20:L24) -> 1464900 | M25: =SUM(M20:M24) -> 9174900
A27: Fecha inicial | B27: Fecha final | C27: Subdirección | D27: Requerimiento | E27: Categoría | F27: Servicio o Bien | G27: cantidad | H27: Nombre feria | I27: Dirección | J27: Valor unitario | K27: Valor | L27: IVA 19% | M27: TOTAL
A28: 45986 | B28: 46004 | C28: SGRSI | D28: Requerimiento 181 | E28: 12. Transporte | F28: 12.2 Transporte 6.5 Ton | G28: 1 | H28: Ferias fijas | I28: Bodega IPES cra 38 # 10a- 25 a Parqueadero la 24 | J28: =+K28/G28 -> 1950000 | K28: 1950000 | L28: 370500 | M28: 2320500
A29: 45986 | B29: 46004 | C29: SGRSI | D29: Requerimiento 181 | E29: 8. Personal apoyo | F29: 8.4 Auxiliar Logístico montaje y desmontaje mobiliario | G29: 5 | H29: Ferias fijas | I29: Bodega IPES cra 38 # 10a- 25 a Parqueadero la 24 | J29: =+K29/G29 -> 235000 | K29: 1175000 | L29: 223250 | M29: 1398250
A30: 45986 | B30: 46004 | C30: SGRSI | D30: Requerimiento 181 | E30: 5. Estructuras exteriores | F30: 5.1 Baño portátil | G30: 2 | H30: Ferias fijas | I30: Bodega IPES cra 38 # 10a- 25 a Parqueadero la 24 | J30: =+K30/G30 -> 495000 | K30: 990000 | L30: 188100 | M30: 1178100
A31: 45986 | B31: 46005 | C31: SGRSI | D31: Requerimiento 183 | E31: 8. Personal apoyo | F31: 8.4 Auxiliar Logístico montaje y desmontaje mobiliario | G31: 5 | H31: Ferias fijas | I31: Parqueadero la 24 a Bodega IPES cra 38 # 10a- 25 | J31: =+K31/G31 -> 235000 | K31: 1175000 | L31: 223250 | M31: 1398250
A32: 45986 | B32: 46005 | C32: SGRSI | D32: Requerimiento 183 | E32: 12. Transporte | F32: 12.2 Transporte 6.5 Ton | G32: 1 | H32: Ferias fijas | I32: Parqueadero la 24 a Bodega IPES cra 38 # 10a- 25 | J32: =+K32/G32 -> 1950000 | K32: 1950000 | L32: 370500 | M32: 2320500
I33: TOTAL | K33: =SUM(K28:K32) -> 7240000 | L33: =SUM(L28:L32) -> 1375600 | M33: =SUM(M28:M32) -> 8615600
A34: Fecha inicial | B34: Fecha final | C34: Subdirección | D34: Requerimiento | E34: Categoría | F34: Servicio o Bien | G34: cantidad | H34: Nombre feria | I34: Dirección | J34: Valor unitario | K34: Valor | L34: IVA 19% | M34: TOTAL
A35: 45985 | B35: 46011 | C35: SGRSI | D35: Requerimiento 184 | E35: 12. Transporte | F35: 12.2 Transporte 6.5 Ton | G35: 1 | H35: Ferias fijas | I35: Bodega IPES cra 38 # 10a- 25 a Parqueadero las Aguas | J35: =+K35/G35 -> 1950000 | K35: 1950000 | L35: 370500 | M35: 2320500
A36: 45985 | B36: 46011 | C36: SGRSI | D36: Requerimiento 184 | E36: 8. Personal apoyo | F36: 8.4 Auxiliar Logístico montaje y desmontaje mobiliario | G36: 6 | H36: Ferias fijas | I36: Bodega IPES cra 38 # 10a- 25 a Parqueadero las Aguas | J36: =+K36/G36 -> 235000 | K36: 1410000 | L36: 267900 | M36: 1677900
A37: 45985 | B37: 46011 | C37: SGRSI | D37: Requerimiento 184 | E37: 5. Estructuras exteriores | F37: 5.1 Baño portátil | G37: 2 | H37: Ferias fijas | I37: Bodega IPES cra 38 # 10a- 25 a Parqueadero las Aguas | J37: =+K37/G37 -> 495000 | K37: 990000 | L37: 188100 | M37: 1178100
A38: 45985 | B38: 46012 | C38: SGRSI | D38: Requerimiento 186 | E38: 8. Personal apoyo | F38: 8.4 Auxiliar Logístico montaje y desmontaje mobiliario | G38: 6 | H38: Ferias fijas | I38: Parqueadero las Aguas a Bodega IPES cra 38 # 10a- 25 | J38: =+K38/G38 -> 235000 | K38: 1410000 | L38: 267900 | M38: 1677900
A39: 45985 | B39: 46012 | C39: SGRSI | D39: Requerimiento 186 | E39: 12. Transporte | F39: 12.2 Transporte 6.5 Ton | G39: 1 | H39: Ferias fijas | I39: Parqueadero las Aguas a Bodega IPES cra 38 # 10a- 25 | J39: =+K39/G39 -> 1950000 | K39: 1950000 | L39: 370500 | M39: 2320500
I40: TOTAL | K40: =SUM(K35:K39) -> 7710000 | L40: =SUM(L35:L39) -> 1464900 | M40: =SUM(M35:M39) -> 9174900
A42: Fecha inicial | B42: Fecha final | C42: Subdirección | D42: Requerimiento | E42: Categoría | F42: Servicio o Bien | G42: cantidad | H42: Nombre feria | I42: Dirección | J42: Valor unitario | K42: Valor | L42: IVA 19% | M42: TOTAL
A43: 45986 | B43: 46011 | C43: SGRSI | D43: Requerimiento 185 | E43: 12. Transporte | F43: 12.2 Transporte 6.5 Ton | G43: 1 | H43: Ferias fijas | I43: Bodega IPES cra 38 # 10a- 25 a Parqueadero la 24 | J43: =+K43/G43 -> 1950000 | K43: 1950000 | L43: 370500 | M43: 2320500
A44: 45986 | B44: 46011 | C44: SGRSI | D44: Requerimiento 185 | E44: 8. Personal apoyo | F44: 8.4 Auxiliar Logístico montaje y desmontaje mobiliario | G44: 5 | H44: Ferias fijas | I44: Bodega IPES cra 38 # 10a- 25 a Parqueadero la 24 | J44: =+K44/G44 -> 235000 | K44: 1175000 | L44: 223250 | M44: 1398250
A45: 45986 | B45: 46011 | C45: SGRSI | D45: Requerimiento 185 | E45: 5. Estructuras exteriores | F45: 5.1 Baño portátil | G45: 2 | H45: Ferias fijas | I45: Bodega IPES cra 38 # 10a- 25 a Parqueadero la 24 | J45: =+K45/G45 -> 495000 | K45: 990000 | L45: 188100 | M45: 1178100
A46: 45986 | B46: 46012 | C46: SGRSI | D46: Requerimiento 187 | E46: 8. Personal apoyo | F46: 8.4 Auxiliar Logístico montaje y desmontaje mobiliario | G46: 5 | H46: Ferias fijas | I46: Parqueadero la 24 a Bodega IPES cra 38 # 10a- 25 | J46: =+K46/G46 -> 235000 | K46: 1175000 | L46: 223250 | M46: 1398250
A47: 45986 | B47: 46012 | C47: SGRSI | D47: Requerimiento 187 | E47: 12. Transporte | F47: 12.2 Transporte 6.5 Ton | G47: 1 | H47: Ferias fijas | I47: Parqueadero la 24 a Bodega IPES cra 38 # 10a- 25 | J47: =+K47/G47 -> 1950000 | K47: 1950000 | L47: 370500 | M47: 2320500
I48: TOTAL | K48: =SUM(K43:K47) -> 7240000 | L48: =SUM(L43:L47) -> 1375600 | M48: =SUM(M43:M47) -> 8615600
A49: Fecha inicial | B49: Fecha final | C49: Subdirección | D49: Requerimiento | E49: Categoría | F49: Servicio o Bien | G49: cantidad | H49: Nombre feria | I49: Dirección | J49: Valor unitario | K49: Valor | L49: IVA 19% | M49: TOTAL
A50: 45985 | B50: 46018 | C50: SGRSI | D50: Requerimiento 188 | E50: 12. Transporte | F50: 12.2 Transporte 6.5 Ton | G50: 1 | H50: Ferias fijas | I50: Bodega IPES cra 38 # 10a- 25 a Parqueadero las Aguas | J50: =+K50/G50 -> 1950000 | K50: 1950000 | L50: 370500 | M50: 2320500
A51: 45985 | B51: 46018 | C51: SGRSI | D51: Requerimiento 188 | E51: 8. Personal apoyo | F51: 8.4 Auxiliar Logístico montaje y desmontaje mobiliario | G51: 6 | H51: Ferias fijas | I51: Bodega IPES cra 38 # 10a- 25 a Parqueadero las Aguas | J51: =+K51/G51 -> 235000 | K51: 1410000 | L51: 267900 | M51: 1677900
A52: 45985 | B52: 46018 | C52: SGRSI | D52: Requerimiento 188 | E52: 5. Estructuras exteriores | F52: 5.1 Baño portátil | G52: 2 | H52: Ferias fijas | I52: Bodega IPES cra 38 # 10a- 25 a Parqueadero las Aguas | J52: =+K52/G52 -> 495000 | K52: 990000 | L52: 188100 | M52: 1178100
A53: 45985 | B53: 46019 | C53: SGRSI | D53: Requerimiento 190 | E53: 8. Personal apoyo | F53: 8.4 Auxiliar Logístico montaje y desmontaje mobiliario | G53: 6 | H53: Ferias fijas | I53: Parqueadero las Aguas a Bodega IPES cra 38 # 10a- 25 | J53: =+K53/G53 -> 235000 | K53: 1410000 | L53: 267900 | M53: 1677900
A54: 45985 | B54: 46019 | C54: SGRSI | D54: Requerimiento 190 | E54: 12. Transporte | F54: 12.2 Transporte 6.5 Ton | G54: 1 | H54: Ferias fijas | I54: Parqueadero las Aguas a Bodega IPES cra 38 # 10a- 25 | J54: =+K54/G54 -> 1950000 | K54: 1950000 | L54: 370500 | M54: 2320500
I55: TOTAL | K55: =SUM(K50:K54) -> 7710000 | L55: =SUM(L50:L54) -> 1464900 | M55: =SUM(M50:M54) -> 9174900
A57: Fecha inicial | B57: Fecha final | C57: Subdirección | D57: Requerimiento | E57: Categoría | F57: Servicio o Bien | G57: cantidad | H57: Nombre feria | I57: Dirección | J57: Valor unitario | K57: Valor | L57: IVA 19% | M57: TOTAL
A58: 45986 | B58: 46018 | C58: SGRSI | D58: Requerimiento 189 | E58: 12. Transporte | F58: 12.2 Transporte 6.5 Ton | G58: 1 | H58: Ferias fijas | I58: Bodega IPES cra 38 # 10a- 25 a Parqueadero la 24 | J58: =+K58/G58 -> 1950000 | K58: 1950000 | L58: 370500 | M58: 2320500
A59: 45986 | B59: 46018 | C59: SGRSI | D59: Requerimiento 189 | E59: 8. Personal apoyo | F59: 8.4 Auxiliar Logístico montaje y desmontaje mobiliario | G59: 5 | H59: Ferias fijas | I59: Bodega IPES cra 38 # 10a- 25 a Parqueadero la 24 | J59: =+K59/G59 -> 235000 | K59: 1175000 | L59: 223250 | M59: 1398250
A60: 45986 | B60: 46018 | C60: SGRSI | D60: Requerimiento 189 | E60: 5. Estructuras exteriores | F60: 5.1 Baño portátil | G60: 2 | H60: Ferias fijas | I60: Bodega IPES cra 38 # 10a- 25 a Parqueadero la 24 | J60: =+K60/G60 -> 495000 | K60: 990000 | L60: 188100 | M60: 1178100
A61: 45986 | B61: 46019 | C61: SGRSI | D61: Requerimiento 191 | E61: 8. Personal apoyo | F61: 8.4 Auxiliar Logístico montaje y desmontaje mobiliario | G61: 5 | H61: Ferias fijas | I61: Parqueadero la 24 a Bodega IPES cra 38 # 10a- 25 | J61: =+K61/G61 -> 235000 | K61: 1175000 | L61: 223250 | M61: 1398250
A62: 45986 | B62: 46019 | C62: SGRSI | D62: Requerimiento 191 | E62: 12. Transporte | F62: 12.2 Transporte 6.5 Ton | G62: 1 | H62: Ferias fijas | I62: Parqueadero la 24 a Bodega IPES cra 38 # 10a- 25 | J62: =+K62/G62 -> 1950000 | K62: 1950000 | L62: 370500 | M62: 2320500
I63: TOTAL | K63: =SUM(K58:K62) -> 7240000 | L63: =SUM(L58:L62) -> 1375600 | M63: =SUM(M58:M62) -> 8615600
K65: =+K63+K55+K48+K40+K33+K25+K17+K8 -> 61780000 | L65: =+L63+L55+L48+L40+L33+L25+L17+L8 -> 11738200 | M65: =+M63+M55+M48+M40+M33+M25+M17+M8 -> 73518200

Sheet Resumen Enero
A1: RESUMEN DE EJECUCION CORTE 30/NOVIEMBRE/2025
B3: Categoría | C3: VALOR UN | D3: % | G3: PLAN DE PAGOS | I3: SOBRE LA EJECCUCIÓN
B4: 1. Audio y video | C4: =SUMIFS('Detalle enero'!$L$2:$L$533,'Detalle enero'!$E$2:$E$533,$B$4) -> 84014000 | D4: ='Resumen Enero'!$C4/$C$13 -> 0.07058641 | G4: 1ER PAGO | H4: 200090750 | J4: =I4*C15 -> 0
B5: 11. Suministro de energía | C5: =SUMIFS('Detalle enero'!$L$2:$L$533,'Detalle enero'!$E$2:$E$533,$B$5) -> 24841250 | D5: ='Resumen Enero'!$C5/$C$13 -> 0.020870982 | G5: 2DO PAGO | H5: 200090750 | I5: 0.3 | J5: =I5*C15 -> 240108900
B6: 12. Transporte | C6: =SUMIFS('Detalle enero'!$L$2:$L$533,'Detalle enero'!$E$2:$E$533,$B$6) -> 4.426555e+08 | D6: ='Resumen Enero'!$C6/$C$13 -> 0.37190781 | G6: 3ER PAGO | H6: 320145200 | I6: 0.5 | J6: =I6*C15 -> 400181500
B7: 2. Catering | C7: =SUMIFS('Detalle enero'!$L$2:$L$533,'Detalle enero'!$E$2:$E$533,$B$7) -> 89038463 | D7: ='Resumen Enero'!$C7/$C$13 -> 0.074807836 | G7: 4TO PAGO | H7: 200000000 | I7: 0.7 | J7: =I7*C17 -> 840254100
B8: 3. Equipamiento escenario | C8: =SUMIFS('Detalle enero'!$L$2:$L$533,'Detalle enero'!$E$2:$E$533,$B$8) -> 1249500 | D8: ='Resumen Enero'!$C8/$C$13 -> 0.0010497979 | G8: 5TO PAGO | H8: 160000000 | I8: 0.9 | J8: =I8*C17 -> 1080326700
B9: 5. Estructuras exteriores | C9: =SUMIFS('Detalle enero'!$L$2:$L$533,'Detalle enero'!$E$2:$E$533,$B$9) -> 161399700 | D9: ='Resumen Enero'!$C9/$C$13 -> 0.13560389 | G9: 6TO Y ÚLTIMO | H9: =120036300-C21 -> 1.099024e+08 | I9: 0.1 | J9: =I9*C17 -> 120036300
B10: 6. Materiales publicidad institucional | C10: =SUMIFS('Detalle enero'!$L$2:$L$533,'Detalle enero'!$E$2:$E$533,$B$10) -> 48903857 | D10: ='Resumen Enero'!$C10/$C$13 -> 0.041087768 | H10: =SUM(H4:H9) -> 1.1902291e+09 | J10: =J8+J9 -> 1200363000
B11: 7. Mobiliario | C11: =SUMIFS('Detalle enero'!$L$2:$L$533,'Detalle enero'!$E$2:$E$533,$B$11) -> 2491265 | D11: ='Resumen Enero'!$C11/$C$13 -> 0.002093097 | G11: POR EJECUTAR | H11: =+J10-H10 -> 10133897 | I11: A LIBERAR
B12: 8. Personal apoyo | C12: =SUMIFS('Detalle enero'!$L$2:$L$533,'Detalle enero'!$E$2:$E$533,$B$12) -> 3.3563557e+08 | D12: ='Resumen Enero'!$C12/$C$13 -> 0.28199241 | G12: POR COBRAR | H12: =+J9-H11 -> 1.099024e+08
B13: VALOR TOTAL | C13: =SUM(C4:C12) -> 1.1902291e+09 | D13: =SUM(D4:D12) -> 1
B15: PRESUPUESTO CONVENIO INICIAL | C15: 800363000 | G15: EJECUCIÓN | H15: =SUM('Detalle enero'!L492:L533) -> 73518200
B16: PRESUPUESTO CONVENIO ADICIÓN | C16: 400000000 | G16: ENERO
B17: PRESUPUESTO CONVENIO | C17: =C16+C15 -> 1200363000
B18: VALOR NETO EJECUTADO | C18: ='Detalle enero'!L534 -> 1.0001925e+09
B19: IVA | C19: ='Detalle enero'!L535 -> 1.9003658e+08 | D19: %EJECUCIÓN
B20: TOTAL EJECUTADO | C20: ='Detalle enero'!L536 -> 1.1902291e+09 | D20: =C20/C17 -> 0.99155764
B21: POR EJECUTAR | C21: =C17-C20 -> 10133897 | D21: =C21/C17 -> 0.0084423605

Sheet Ejecución enero
A2: Fecha servicio | B2: Subdirección | C2: Requerimiento | D2: Categoría | E2: Servicio o Bien | F2: cantidad | G2: Nombre feria | H2: Dirección | I2: Valor unitario | J2: Valor | K2: IVA 19% | L2: TOTAL
A3: 46025 | B3: SGRSI | C3: Requerimiento 204 | D3: 12. Transporte | E3: 12.2 Transporte 6.5 Ton | F3: 1 | G3: Ferias fijas | H3: Bodega IPES cra 38 # 10a- 25 a Parqueadero las Aguas | I3: =+J3/F3 -> 1950000 | J3: 1950000 | K3: 370500 | L3: 2320500
A4: 46025 | B4: SGRSI | C4: Requerimiento 204 | D4: 8. Personal apoyo | E4: 8.4 Auxiliar Logístico montaje y desmontaje mobiliario | F4: 6 | G4: Ferias fijas | H4: Bodega IPES cra 38 # 10a- 25 a Parqueadero las Aguas | I4: =+J4/F4 -> 235000 | J4: 1410000 | K4: 267900 | L4: 1677900
A5: 46025 | B5: SGRSI | C5: Requerimiento 204 | D5: 5. Estructuras exteriores | E5: 5.1 Baño portátil | F5: 2 | G5: Ferias fijas | H5: Bodega IPES cra 38 # 10a- 25 a Parqueadero las Aguas | I5: =+J5/F5 -> 495000 | J5: 990000 | K5: 188100 | L5: 1178100
A6: 46026 | B6: SGRSI | C6: Requerimiento 206 | D6: 8. Personal apoyo | E6: 8.4 Auxiliar Logístico montaje y desmontaje mobiliario | F6: 6 | G6: Ferias fijas | H6: Parqueadero las Aguas a Bodega IPES cra 38 # 10a- 25 | I6: =+J6/F6 -> 235000 | J6: 1410000 | K6: 267900 | L6: 1677900
A7: 46026 | B7: SGRSI | C7: Requerimiento 206 | D7: 12. Transporte | E7: 12.2 Transporte 6.5 Ton | F7: 1 | G7: Ferias fijas | H7: Parqueadero las Aguas a Bodega IPES cra 38 # 10a- 25 | I7: =+J7/F7 -> 1950000 | J7: 1950000 | K7: 370500 | L7: 2320500
H8: TOTAL | J8: =SUM(J3:J7) -> 7710000 | K8: =SUM(K3:K7) -> 1464900 | L8: =SUM(L3:L7) -> 9174900
A9: Fecha final | B9: Subdirección | C9: Requerimiento | D9: Categoría | E9: Servicio o Bien | F9: cantidad | G9: Nombre feria | H9: Dirección | I9: Valor unitario | J9: Valor | K9: IVA 19% | L9: TOTAL
A10: 46025 | B10: SGRSI | C10: Requerimiento 205 | D10: 12. Transporte | E10: 12.2 Transporte 6.5 Ton | F10: 1 | G10: Ferias fijas | H10: Bodega IPES cra 38 # 10a- 25 a Parqueadero la 24 | I10: =+J10/F10 -> 1950000 | J10: 1950000 | K10: 370500 | L10: 2320500
A11: 46025 | B11: SGRSI | C11: Requerimiento 205 | D11: 8. Personal apoyo | E11: 8.4 Auxiliar Logístico montaje y desmontaje mobiliario | F11: 5 | G11: Ferias fijas | H11: Bodega IPES cra 38 # 10a- 25 a Parqueadero la 24 | I11: =+J11/F11 -> 235000 | J11: 1175000 | K11: 223250 | L11: 1398250
A12: 46025 | B12: SGRSI | C12: Requerimiento 205 | D12: 5. Estructuras exteriores | E12: 5.1 Baño portátil | F12: 2 | G12: Ferias fijas | H12: Bodega IPES cra 38 # 10a- 25 a Parqueadero la 24 | I12: =+J12/F12 -> 495000 | J12: 990000 | K12: 188100 | L12: 1178100
A13: 46026 | B13: SGRSI | C13: Requerimiento 207 | D13: 8. Personal apoyo | E13: 8.4 Auxiliar Logístico montaje y desmontaje mobiliario | F13: 5 | G13: Ferias fijas | H13: Parqueadero la 24 a Bodega IPES cra 38 # 10a- 25 | I13: =+J13/F13 -> 235000 | J13: 1175000 | K13: 223250 | L13: 1398250
A14: 46026 | B14: SGRSI | C14: Requerimiento 207 | D14: 12. Transporte | E14: 12.2 Transporte 6.5 Ton | F14: 1 | G14: Ferias fijas | H14: Parqueadero la 24 a Bodega IPES cra 38 # 10a- 25 | I14: =+J14/F14 -> 1950000 | J14: 1950000 | K14: 370500 | L14: 2320500
H15: TOTAL | J15: =SUM(J10:J14) -> 7240000 | K15: =SUM(K10:K14) -> 1375600 | L15: =SUM(L10:L14) -> 8615600
A16: Fecha final | B16: Subdirección | C16: Requerimiento | D16: Categoría | E16: Servicio o Bien | F16: cantidad | G16: Nombre feria | H16: Dirección | I16: Valor unitario | J16: Valor | K16: IVA 19% | L16: TOTAL
A17: 46032 | B17: SGRSI | C17: Requerimiento 208 | D17: 12. Transporte | E17: 12.2 Transporte 6.5 Ton | F17: 1 | G17: Ferias fijas | H17: Bodega IPES cra 38 # 10a- 25 a Parqueadero las Aguas | I17: =+J17/F17 -> 1950000 | J17: 1950000 | K17: 370500 | L17: 2320500
A18: 46032 | B18: SGRSI | C18: Requerimiento 208 | D18: 8. Personal apoyo | E18: 8.4 Auxiliar Logístico montaje y desmontaje mobiliario | F18: 6 | G18: Ferias fijas | H18: Bodega IPES cra 38 # 10a- 25 a Parqueadero las Aguas | I18: =+J18/F18 -> 235000 | J18: 1410000 | K18: 267900 | L18: 1677900
A19: 46032 | B19: SGRSI | C19: Requerimiento 208 | D19: 5. Estructuras exteriores | E19: 5.1 Baño portátil | F19: 2 | G19: Ferias fijas | H19: Bodega IPES cra 38 # 10a- 25 a Parqueadero las Aguas | I19: =+J19/F19 -> 495000 | J19: 990000 | K19: 188100 | L19: 1178100
A20: 46033 | B20: SGRSI | C20: Requerimiento 208 | D20: 5. Estructuras exteriores | E20: 5.1 Baño portátil | F20: 2 | G20: Ferias fijas | H20: Bodega IPES cra 38 # 10a- 25 a Parqueadero las Aguas | I20: =+J20/F20 -> 495000 | J20: 990000 | K20: 188100 | L20: 1178100
A21: 46034 | B21: SGRSI | C21: Requerimiento 210 | D21: 8. Personal apoyo | E21: 8.4 Auxiliar Logístico montaje y desmontaje mobiliario | F21: 6 | G21: Ferias fijas | H21: Parqueadero las Aguas a Bodega IPES cra 38 # 10a- 25 | I21: =+J21/F21 -> 235000 | J21: 1410000 | K21: 267900 | L21: 1677900
A22: 46034 | B22: SGRSI | C22: Requerimiento 210 | D22: 12. Transporte | E22: 12.2 Transporte 6.5 Ton | F22: 1 | G22: Ferias fijas | H22: Parqueadero las Aguas a Bodega IPES cra 38 # 10a- 25 | I22: =+J22/F22 -> 1950000 | J22: 1950000 | K22: 370500 | L22: 2320500
H23: TOTAL | J23: =SUM(J17:J22) -> 8700000 | K23: =SUM(K17:K22) -> 1653000 | L23: =SUM(L17:L22) -> 10353000
A25: Fecha final | B25: Subdirección | C25: Requerimiento | D25: Categoría | E25: Servicio o Bien | F25: cantidad | G25: Nombre feria | H25: Dirección | I25: Valor unitario | J25: Valor | K25: IVA 19% | L25: TOTAL
A26: 46032 | B26: SGRSI | C26: Requerimiento 209 | D26: 12. Transporte | E26: 12.2 Transporte 6.5 Ton | F26: 1 | G26: Ferias fijas | H26: Bodega IPES cra 38 # 10a- 25 a Parqueadero la 24 | I26: =+J26/F26 -> 1950000 | J26: 1950000 | K26: 370500 | L26: 2320500
A27: 46032 | B27: SGRSI | C27: Requerimiento 209 | D27: 8. Personal apoyo | E27: 8.4 Auxiliar Logístico montaje y desmontaje mobiliario | F27: 5 | G27: Ferias fijas | H27: Bodega IPES cra 38 # 10a- 25 a Parqueadero la 24 | I27: =+J27/F27 -> 235000 | J27: 1175000 | K27: 223250 | L27: 1398250
A28: 46032 | B28: SGRSI | C28: Requerimiento 209 | D28: 5. Estructuras exteriores | E28: 5.1 Baño portátil | F28: 2 | G28: Ferias fijas | H28: Bodega IPES cra 38 # 10a- 25 a Parqueadero la 24 | I28: =+J28/F28 -> 495000 | J28: 990000 | K28: 188100 | L28: 1178100
A29: 46033 | B29: SGRSI | C29: Requerimiento 209 | D29: 5. Estructuras exteriores | E29: 5.1 Baño portátil | F29: 2 | G29: Ferias fijas | H29: Bodega IPES cra 38 # 10a- 25 a Parqueadero la 24 | I29: =+J29/F29 -> 495000 | J29: 990000 | K29: 188100 | L29: 1178100
A30: 46034 | B30: SGRSI | C30: Requerimiento 211 | D30: 8. Personal apoyo | E30: 8.4 Auxiliar Logístico montaje y desmontaje mobiliario | F30: 5 | G30: Ferias fijas | H30: Parqueadero la 24 a Bodega IPES cra 38 # 10a- 25 | I30: =+J30/F30 -> 235000 | J30: 1175000 | K30: 223250 | L30: 1398250
A31: 46034 | B31: SGRSI | C31: Requerimiento 211 | D31: 12. Transporte | E31: 12.2 Transporte 6.5 Ton | F31: 1 | G31: Ferias fijas | H31: Parqueadero la 24 a Bodega IPES cra 38 # 10a- 25 | I31: =+J31/F31 -> 1950000 | J31: 1950000 | K31: 370500 | L31: 2320500
H32: TOTAL | J32: =SUM(J26:J31) -> 8230000 | K32: =SUM(K26:K31) -> 1563700 | L32: =SUM(L26:L31) -> 9793700
A34: Fecha servicio | B34: Subdirección | C34: Requerimiento | D34: Categoría | E34: Servicio o Bien | F34: cantidad | G34: Nombre feria | H34: Dirección | I34: Valor unitario | J34: Valor | K34: IVA 19% | L34: TOTAL
A35: 46039 | B35: SGRSI | C35: Requerimiento 212 | D35: 12. Transporte | E35: 12.2 Transporte 6.5 Ton | F35: 1 | G35: Ferias fijas | H35: Bodega IPES cra 38 # 10a- 25 a Parqueadero las Aguas | I35: =+J35/F35 -> 1950000 | J35: 1950000 | K35: 370500 | L35: 2320500
A36: 46039 | B36: SGRSI | C36: Requerimiento 212 | D36: 8. Personal apoyo | E36: 8.4 Auxiliar Logístico montaje y desmontaje mobiliario | F36: 6 | G36: Ferias fijas | H36: Bodega IPES cra 38 # 10a- 25 a Parqueadero las Aguas | I36: =+J36/F36 -> 235000 | J36: 1410000 | K36: 267900 | L36: 1677900
A37: 46039 | B37: SGRSI | C37: Requerimiento 212 | D37: 5. Estructuras exteriores | E37: 5.1 Baño portátil | F37: 2 | G37: Ferias fijas | H37: Bodega IPES cra 38 # 10a- 25 a Parqueadero las Aguas | I37: =+J37/F37 -> 495000 | J37: 990000 | K37: 188100 | L37: 1178100
A38: 46040 | B38: SGRSI | C38: Requerimiento 214 | D38: 8. Personal apoyo | E38: 8.4 Auxiliar Logístico montaje y desmontaje mobiliario | F38: 6 | G38: Ferias fijas | H38: Parqueadero las Aguas a Bodega IPES cra 38 # 10a- 25 | I38: =+J38/F38 -> 235000 | J38: 1410000 | K38: 267900 | L38: 1677900
A39: 46040 | B39: SGRSI | C39: Requerimiento 214 | D39: 12. Transporte | E39: 12.2 Transporte 6.5 Ton | F39: 1 | G39: Ferias fijas | H39: Parqueadero las Aguas a Bodega IPES cra 38 # 10a- 25 | I39: =+J39/F39 -> 1950000 | J39: 1950000 | K39: 370500 | L39: 2320500
H40: TOTAL | J40: =SUM(J35:J39) -> 7710000 | K40: =SUM(K35:K39) -> 1464900 | L40: =SUM(L35:L39) -> 9174900
A41: Fecha final | B41: Subdirección | C41: Requerimiento | D41: Categoría | E41: Servicio o Bien | F41: cantidad | G41: Nombre feria | H41: Dirección | I41: Valor unitario | J41: Valor | K41: IVA 19% | L41: TOTAL
A42: 46039 | B42: SGRSI | C42: Requerimiento 213 | D42: 12. Transporte | E42: 12.2 Transporte 6.5 Ton | F42: 1 | G42: Ferias fijas | H42: Bodega IPES cra 38 # 10a- 25 a Parqueadero la 24 | I42: =+J42/F42 -> 1950000 | J42: 1950000 | K42: 370500 | L42: 2320500
A43: 46039 | B43: SGRSI | C43: Requerimiento 213 | D43: 8. Personal apoyo | E43: 8.4 Auxiliar Logístico montaje y desmontaje mobiliario | F43: 5 | G43: Ferias fijas | H43: Bodega IPES cra 38 # 10a- 25 a Parqueadero la 24 | I43: =+J43/F43 -> 235000 | J43: 1175000 | K43: 223250 | L43: 1398250
A44: 46039 | B44: SGRSI | C44: Requerimiento 213 | D44: 5. Estructuras exteriores | E44: 5.1 Baño portátil | F44: 2 | G44: Ferias fijas | H44: Bodega IPES cra 38 # 10a- 25 a Parqueadero la 24 | I44: =+J44/F44 -> 495000 | J44: 990000 | K44: 188100 | L44: 1178100
A45: 46040 | B45: SGRSI | C45: Requerimiento 215 | D45: 8. Personal apoyo | E45: 8.4 Auxiliar Logístico montaje y desmontaje mobiliario | F45: 5 | G45: Ferias fijas | H45: Parqueadero la 24 a Bodega IPES cra 38 # 10a- 25 | I45: =+J45/F45 -> 235000 | J45: 1175000 | K45: 223250 | L45: 1398250
A46: 46040 | B46: SGRSI | C46: Requerimiento 215 | D46: 12. Transporte | E46: 12.2 Transporte 6.5 Ton | F46: 1 | G46: Ferias fijas | H46: Parqueadero la 24 a Bodega IPES cra 38 # 10a- 25 | I46: =+J46/F46 -> 1950000 | J46: 1950000 | K46: 370500 | L46: 2320500
H47: TOTAL | J47: =SUM(J42:J46) -> 7240000 | K47: =SUM(K42:K46) -> 1375600 | L47: =SUM(L42:L46) -> 8615600
A49: Fecha servicio | B49: Subdirección | C49: Requerimiento | D49: Categoría | E49: Servicio o Bien | F49: cantidad | G49: Nombre feria | H49: Dirección | I49: Valor unitario | J49: Valor | K49: IVA 19% | L49: TOTAL
A50: 46046 | B50: SGRSI | C50: Requerimiento 216 | D50: 12. Transporte | E50: 12.2 Transporte 6.5 Ton | F50: 1 | G50: Ferias fijas | H50: Bodega IPES cra 38 # 10a- 25 a Parqueadero las Aguas | I50: =+J50/F50 -> 1950000 | J50: 1950000 | K50: 370500 | L50: 2320500
A51: 46046 | B51: SGRSI | C51: Requerimiento 216 | D51: 8. Personal apoyo | E51: 8.4 Auxiliar Logístico montaje y desmontaje mobiliario | F51: 6 | G51: Ferias fijas | H51: Bodega IPES cra 38 # 10a- 25 a Parqueadero las Aguas | I51: =+J51/F51 -> 235000 | J51: 1410000 | K51: 267900 | L51: 1677900
A52: 46046 | B52: SGRSI | C52: Requerimiento 216 | D52: 5. Estructuras exteriores | E52: 5.1 Baño portátil | F52: 2 | G52: Ferias fijas | H52: Bodega IPES cra 38 # 10a- 25 a Parqueadero las Aguas | I52: =+J52/F52 -> 495000 | J52: 990000 | K52: 188100 | L52: 1178100
A53: 46047 | B53: SGRSI | C53: Requerimiento 218 | D53: 8. Personal apoyo | E53: 8.4 Auxiliar Logístico montaje y desmontaje mobiliario | F53: 6 | G53: Ferias fijas | H53: Parqueadero las Aguas a Bodega IPES cra 38 # 10a- 25 | I53: =+J53/F53 -> 235000 | J53: 1410000 | K53: 267900 | L53: 1677900
A54: 46047 | B54: SGRSI | C54: Requerimiento 218 | D54: 12. Transporte | E54: 12.2 Transporte 6.5 Ton | F54: 1 | G54: Ferias fijas | H54: Parqueadero las Aguas a Bodega IPES cra 38 # 10a- 25 | I54: =+J54/F54 -> 1950000 | J54: 1950000 | K54: 370500 | L54: 2320500
H55: TOTAL | J55: =SUM(J50:J54) -> 7710000 | K55: =SUM(K50:K54) -> 1464900 | L55: =SUM(L50:L54) -> 9174900
A56: Fecha final | B56: Subdirección | C56: Requerimiento | D56: Categoría | E56: Servicio o Bien | F56: cantidad | G56: Nombre feria | H56: Dirección | I56: Valor unitario | J56: Valor | K56: IVA 19% | L56: TOTAL
A57: 46046 | B57: SGRSI | C57: Requerimiento 217 | D57: 12. Transporte | E57: 12.2 Transporte 6.5 Ton | F57: 1 | G57: Ferias fijas | H57: Bodega IPES cra 38 # 10a- 25 a Parqueadero la 24 | I57: =+J57/F57 -> 1950000 | J57: 1950000 | K57: 370500 | L57: 2320500
A58: 46046 | B58: SGRSI | C58: Requerimiento 217 | D58: 8. Personal apoyo | E58: 8.4 Auxiliar Logístico montaje y desmontaje mobiliario | F58: 5 | G58: Ferias fijas | H58: Bodega IPES cra 38 # 10a- 25 a Parqueadero la 24 | I58: =+J58/F58 -> 235000 | J58: 1175000 | K58: 223250 | L58: 1398250
A59: 46046 | B59: SGRSI | C59: Requerimiento 217 | D59: 5. Estructuras exteriores | E59: 5.1 Baño portátil | F59: 2 | G59: Ferias fijas | H59: Bodega IPES cra 38 # 10a- 25 a Parqueadero la 24 | I59: =+J59/F59 -> 495000 | J59: 990000 | K59: 188100 | L59: 1178100
A60: 46047 | B60: SGRSI | C60: Requerimiento 219 | D60: 8. Personal apoyo | E60: 8.4 Auxiliar Logístico montaje y desmontaje mobiliario | F60: 5 | G60: Ferias fijas | H60: Parqueadero la 24 a Bodega IPES cra 38 # 10a- 25 | I60: =+J60/F60 -> 235000 | J60: 1175000 | K60: 223250 | L60: 1398250
A61: 46047 | B61: SGRSI | C61: Requerimiento 219 | D61: 12. Transporte | E61: 12.2 Transporte 6.5 Ton | F61: 1 | G61: Ferias fijas | H61: Parqueadero la 24 a Bodega IPES cra 38 # 10a- 25 | I61: =+J61/F61 -> 1950000 | J61: 1950000 | K61: 370500 | L61: 2320500
H62: TOTAL | J62: =SUM(J57:J61) -> 7240000 | K62: =SUM(K57:K61) -> 1375600 | L62: =SUM(L57:L61) -> 8615600
J64: Total Enero | L64: =+L62+L55+L47+L40+L32+L23+L15+L8 -> 73518200

Sheet Detalle enero
A1: Fecha solicitud | B1: Fecha Servicio | C1: Dependencia | D1: Requerimiento | E1: Categoría | F1: Servicio o Bien | G1: Descripción | H1: Dirección | I1: Cantidad | J1: Valor | K1: IVA 19% | L1: TOTAL
A2: 3-may-25* | B2: 3-may-25* | C2: SESEC | D2: Requerimiento 1 | E2: 8. Personal apoyo | F2: 8.4 Auxiliar Logístico montaje y desmontaje mobiliario | G2: Café a la plaza | H2: Calle 12c # 1-40 Plaza la Concordia | I2: 6 | J2: 1410000 | K2: =J2*0.19 -> 267900 | L2: =J2+K2 -> 1677900
A3: 3-may-25* | B3: 3-may-25* | C3: SESEC | D3: Requerimiento 1 | E3: 12. Transporte | F3: 12.2 Transporte 6.5 Ton | G3: Café a la plaza | H3: Calle 12c # 1-40 La Candelaria | I3: 1 | J3: 1950000 | K3: =J3*0.19 -> 370500 | L3: =J3+K3 -> 2320500
A4: 3-may-25* | B4: 45780 | C4: SESEC | D4: Requerimiento 2 | E4: 1. Audio y video | F4: 1.2 Alquiler de sonido de 200 a 500 personas | G4: Café a la plaza | H4: Calle 12c # 1-40 La Candelaria | I4: 1 | J4: 4950000 | K4: =J4*0.19 -> 940500 | L4: =J4+K4 -> 5890500
A5: 3-may-25* | B5: 45780 | C5: SESEC | D5: Requerimiento 2 | E5: 2. Catering | F5: 2.7 Refrigério de sal | G5: Café a la plaza | H5: Calle 12c # 1-40 La Candelaria | I5: 200 | J5: 5300000 | K5: =J5*0.19 -> 1007000 | L5: =J5+K5 -> 6307000
A6: 3-may-25* | B6: 45780 | C6: SESEC | D6: Requerimiento 2 | E6: 11. Suministro de energía | F6: 11.6 Planta eléctrica - 120 KVA | G6: Café a la plaza | H6: Calle 12c # 1-40 La Candelaria | I6: 1 | J6: 2950000 | K6: =J6*0.19 -> 560500 | L6: =J6+K6 -> 3510500
A7: 3-may-25* | B7: 45780 | C7: SESEC | D7: Requerimiento 2 | E7: 11. Suministro de energía | F7: 11.9 Punto de luz en carpa | G7: Café a la plaza | H7: Calle 12c # 1-40 La Candelaria | I7: 35 | J7: 5075000 | K7: =J7*0.19 -> 964250 | L7: =J7+K7 -> 6039250
A8: 3-may-25* | B8: 45780 | C8: SGRSI | D8: Requerimiento 5 | E8: 5. Estructuras exteriores | F8: 5.1 Baño portátil | G8: Ferias fijas | H8: Bodega IPES carrera 38 No. 10 A-25 a Parqueadero las Aguas | I8: 2 | J8: 990000 | K8: =J8*0.19 -> 188100 | L8: =J8+K8 -> 1178100
A9: 3-may-25* | B9: 45780 | C9: SGRSI | D9: Requerimiento 5 | E9: 8. Personal apoyo | F9: 8.4 Auxiliar Logístico montaje y desmontaje mobiliario | G9: Ferias fijas | H9: Bodega IPES carrera 38 No. 10 A-25 a Parqueadero las Aguas | I9: 6 | J9: 1410000 | K9: =J9*0.19 -> 267900 | L9: =J9+K9 -> 1677900
A10: 3-may-25* | B10: 45780 | C10: SGRSI | D10: Requerimiento 5 | E10: 12. Transporte | F10: 12.2 Transporte 6.5 Ton | G10: Ferias fijas | H10: Bodega IPES carrera 38 No. 10 A-25 a Parqueadero las Aguas | I10: 1 | J10: 1950000 | K10: =J10*0.19 -> 370500 | L10: =J10+K10 -> 2320500
A11: 3-may-25* | B11: 45780 | C11: SGRSI | D11: Requerimiento 6 | E11: 5. Estructuras exteriores | F11: 5.1 Baño portátil | G11: Ferias fijas | H11: Bodega IPES carrera 38 No. 10 A-25 a Parqueadero la 24 | I11: 2 | J11: 990000 | K11: =J11*0.19 -> 188100 | L11: =J11+K11 -> 1178100
A12: 3-may-25* | B12: 45780 | C12: SGRSI | D12: Requerimiento 6 | E12: 8. Personal apoyo | F12: 8.4 Auxiliar Logístico montaje y desmontaje mobiliario | G12: Ferias fijas | H12: Bodega IPES carrera 38 No. 10 A-25 a Parqueadero la 24 | I12: 5 | J12: 1175000 | K12: =J12*0.19 -> 223250 | L12: =J12+K12 -> 1398250
A13: 3-may-25* | B13: 45781 | C13: SGRSI | D13: Requerimiento 6 | E13: 12. Transporte | F13: 12.2 Transporte 6.5 Ton | G13: Ferias fijas | H13: Bodega IPES carrera 38 No. 10 A-25 a Parqueadero la 24 | I13: 1 | J13: 1950000 | K13: =J13*0.19 -> 370500 | L13: =J13+K13 -> 2320500
A14: 3-may-25* | B14: 45781 | C14: SGRSI | D14: Requerimiento 7 | E14: 8. Personal apoyo | F14: 8.4 Auxiliar Logístico montaje y desmontaje mobiliario | G14: Ferias fijas | H14: Parqueadero las Aguas a Bodega IPES cra 38 # 10a- 25 | I14: 6 | J14: 1410000 | K14: =J14*0.19 -> 267900 | L14: =J14+K14 -> 1677900
A15: 3-may-25* | B15: 45781 | C15: SGRSI | D15: Requerimiento 7 | E15: 12. Transporte | F15: 12.2 Transporte 6.5 Ton | G15: Ferias fijas | H15: Parqueadero las Aguas a Bodega IPES cra 38 # 10a- 25 | I15: 1 | J15: 1950000 | K15: =J15*0.19 -> 370500 | L15: =J15+K15 -> 2320500
... A21: 3-may-25* | B21: 45782 | C21: SESEC | D21: Requerimiento 4 | E21: 8. Personal apoyo | F21: 8.4 Auxiliar Logístico montaje y desmontaje mobiliario | G21: Café a la plaza | H21: Calle 12c # 1-40 La Candelaria | I21: 6 | J21: 1410000 | K21: =J21*0.19 -> 267900 | L21: =J21+K21 -> 1677900
A22: 45779 | B22: 45782 | C22: SESEC | D22: Requerimiento 4 | E22: 12. Transporte | F22: 12.2 Transporte 6.5 Ton | G22: Café a la plaza | H22: Calle 12c # 1-40 La Candelaria | I22: 1 | J22: 1950000 | K22: =J22*0.19 -> 370500 | L22: =J22+K22 -> 2320500
A23: 45787 | B23: 45788 | C23: SGRSI | D23: Requerimiento 9 | E23: 5. Estructuras exteriores | F23: 5.1 Baño portátil | G23: Ferias fijas | H23: Bodega IPES carrera 38 No. 10 A-25 a Parqueadero la 24 | I23: 2 | J23: 990000 | K23: =J23*0.19 -> 188100 | L23: =J23+K23 -> 1178100
A24: 45787 | B24: 45788 | C24: SGRSI | D24: Requerimiento 9 | E24: 8. Personal apoyo | F24: 8.4 Auxiliar Logístico montaje y desmontaje mobiliario | G24: Ferias fijas | H24: Bodega IPES carrera 38 No. 10 A-25 a Parqueadero la 24 | I24: 5 | J24: 1175000 | K24: =J24*0.19 -> 223250 | L24: =J24+K24 -> 1398250
A25: 45787 | B25: 45788 | C25: SGRSI | D25: Requerimiento 9 | E25: 12. Transporte | F25: 12.2 Transporte 6.5 Ton | G25: Ferias fijas | H25: Bodega IPES carrera 38 No. 10 A-25 a Parqueadero la 24 | I25: 1 | J25: 1950000 | K25: =J25*0.19 -> 370500 | L25: =J25+K25 -> 2320500
A26: 45787 | B26: 45788 | C26: SGRSI | D26: Requerimiento 10 | E26: 5. Estructuras exteriores | F26: 5.1 Baño portátil | G26: Ferias fijas | H26: Bodega IPES carrera 38 No. 10 A-25 a Parqueadero las Aguas | I26: 2 | J26: 990000 | K26: =J26*0.19 -> 188100 | L26: =J26+K26 -> 1178100
A27: 45787 | B27: 45788 | C27: SGRSI | D27: Requerimiento 10 | E27: 8. Personal apoyo | F27: 8.4 Auxiliar Logístico montaje y desmontaje mobiliario | G27: Ferias fijas | H27: Bodega IPES carrera 38 No. 10 A-25 a Parqueadero las Aguas | I27: 6 | J27: 1410000 | K27: =J27*0.19 -> 267900 | L27: =J27+K27 -> 1677900
A28: 45787 | B28: 45788 | C28: SGRSI | D28: Requerimiento 10 | E28: 12. Transporte | F28: 12.2 Transporte 6.5 Ton | G28: Ferias fijas | H28: Bodega IPES carrera 38 No. 10 A-25 a Parqueadero las Aguas | I28: 1 | J28: 1950000 | K28: =J28*0.19 -> 370500 | L28: =J28+K28 -> 2320500
A29: 45788 | B29: 45789 | C29: SGRSI | D29: Requerimiento 11 | E29: 8. Personal apoyo | F29: 8.4 Auxiliar Logístico montaje y desmontaje mobiliario | G29: Ferias fijas | H29: Parqueadero las Aguas a Bodega IPES cra 38 # 10a- 25 | I29: 6 | J29: 1410000 | K29: =J29*0.19 -> 267900 | L29: =J29+K29 -> 1677900
A30: 45788 | B30: 45789 | C30: SGRSI | D30: Requerimiento 11 | E30: 12. Transporte | F30: 12.2 Transporte 6.5 Ton | G30: Ferias fijas | H30: Parqueadero las Aguas a Bodega IPES cra 38 # 10a- 25 | I30: 1 | J30: 1950000 | K30: =J30*0.19 -> 370500 | L30: =J30+K30 -> 2320500
A31: 45788 | B31: 45789 | C31: SGRSI | D31: Requerimiento 12 | E31: 8. Personal apoyo | F31: 8.4 Auxiliar Logístico montaje y desmontaje mobiliario | G31: Ferias fijas | H31: Parqueadero la 24 a Bodega IPES cra 38 # 10a- 25 | I31: 5 | J31: 1175000 | K31: =J31*0.19 -> 223250 | L31: =J31+K31 -> 1398250
A32: 45788 | B32: 45789 | C32: SGRSI | D32: Requerimiento 12 | E32: 12. Transporte | F32: 12.2 Transporte 6.5 Ton | G32: Ferias fijas | H32: Parqueadero la 24 a Bodega IPES cra 38 # 10a- 25 | I32: 1 | J32: 1950000 | K32: =J32*0.19 -> 370500 | L32: =J32+K32 -> 2320500
A33: 45789 | B33: 45789 | C33: SGRSI | D33: Requerimiento 13 | E33: 8. Personal apoyo | F33: 8.4 Auxiliar Logístico montaje y desmontaje mobiliario | G33: Feria institucional mes de las madres | H33: Bodega IPES carrera 38 No. 10 A-25 a Parque zonal carrera 55 con calle 170 | I33: 6 | J33: 1410000 | K33: =J33*0.19 -> 267900 | L33: =J33+K33 -> 1677900
... A205: 45868 | B205: 45878 | C205: SGRSI | D205: Requerimiento 85 | E205: 5. Estructuras exteriores | F205: 5.1 Baño portátil | G205: Ferias fijas | H205: Bodega IPES cra 38 # 10a- 25 a Parqueadero las Aguas | I205: 2 | J205: 990000 | K205: =J205*0.19 -> 188100 | L205: =J205+K205 -> 1178100
A206: 45868 | B206: 45878 | C206: SGRSI | D206: Requerimiento 86 | E206: 8. Personal apoyo | F206: 8.4 Auxiliar Logístico montaje y desmontaje mobiliario | G206: Ferias fijas | H206: Bodega IPES cra 38 # 10a- 25 a Parqueadero la 24 | I206: 10 | J206: =1175000*2 -> 2350000 | K206: =J206*0.19 -> 446500 | L206: =J206+K206 -> 2796500
A207: 45868 | B207: 45878 | C207: SGRSI | D207: Requerimiento 86 | E207: 12. Transporte | F207: 12.2 Transporte 6.5 Ton | G207: Ferias fijas | H207: Bodega IPES cra 38 # 10a- 25 a Parqueadero la 24 | I207: 2 | J207: =1950000*2 -> 3900000 | K207: =J207*0.19 -> 741000 | L207: =J207+K207 -> 4641000
A208: 45868 | B208: 45878 | C208: SGRSI | D208: Requerimiento 86 | E208: 5. Estructuras exteriores | F208: 5.1 Baño portátil | G208: Ferias fijas | H208: Bodega IPES cra 38 # 10a- 25 a Parqueadero la 24 | I208: 2 | J208: 990000 | K208: =J208*0.19 -> 188100 | L208: =J208+K208 -> 1178100
A209: 45868 | B209: 45879 | C209: SGRSI | D209: Requerimiento 87 | E209: 8. Personal apoyo | F209: 8.4 Auxiliar Logístico montaje y desmontaje mobiliario | G209: Ferias fijas | H209: Parqueadero las Aguas a Bodega IPES cra 38 # 10a- 25 | I209: 6 | J209: 1410000 | K209: =J209*0.19 -> 267900 | L209: =J209+K209 -> 1677900
A210: 45868 | B210: 45879 | C210: SGRSI | D210: Requerimiento 87 | E210: 12. Transporte | F210: 12.2 Transporte 6.5 Ton | G210: Ferias fijas | H210: Parqueadero las Aguas a Bodega IPES cra 38 # 10a- 25 | I210: 1 | J210: 1950000 | K210: =J210*0.19 -> 370500 | L210: =J210+K210 -> 2320500
A211: 45878 | B211: 45879 | C211: SESEC | D211: Requerimiento 88 | E211: 8. Personal apoyo | F211: 8.12 Creador de contenido influencer | G211: Fritanga Fest | H211: Plaza la concordia | I211: 1 | J211: 4519500 | K211: =J211*0.19 -> 858705 | L211: =J211+K211 -> 5378205
A212: 45870 | B212: 45871 | C212: SGRSI | D212: Requerimiento 89 | E212: 8. Personal apoyo | F212: 8.4 Auxiliar Logístico montaje y desmontaje mobiliario | G212: Festival de verano | H212: Bodega Ipes a Simon Bolivar | I212: 5 | J212: 1175000 | K212: =J212*0.19 -> 223250 | L212: =J212+K212 -> 1398250
A213: 45870 | B213: 45871 | C213: SGRSI | D213: Requerimiento 89 | E213: 12. Transporte | F213: 12.2 Transporte 6.5 Ton | G213: Festival de verano | H213: Bodega Ipes a Simon Bolivar | I213: 1 | J213: 1950000 | K213: =J213*0.19 -> 370500 | L213: =J213+K213 -> 2320500
A214: 45871 | B214: 2/08/2025 al 10/08/2025 | C214: SGRSI | D214: Requerimiento 90 | E214: 1. Audio y video | F214: 1.1 Alquiler de sonido de 50 a 200 personas | G214: Festival de verano | H214: Parque Simon Bolivar | I214: 2 | J214: =2250000*2 -> 4500000 | K214: =J214*0.19 -> 855000 | L214: =J214+K214 -> 5355000
A215: 45871 | B215: 2/08/2025 al 10/08/2025 | C215: SGRSI | D215: Requerimiento 90 | E215: 11. Suministro de energía | F215: 11.3 Planta eléctrica - 40 KVA | G215: Festival de verano | H215: Parque Simon Bolivar | I215: 2 | J215: =1650000*2 -> 3300000 | K215: =J215*0.19 -> 627000 | L215: =J215+K215 -> 3927000
A216: 45871 | B216: 2/08/2025 al 10/08/2025 | C216: SGRSI | D216: Requerimiento 90 | E216: 8. Personal apoyo | F216: 8.1 Animador y/o Presentador con experiencia | G216: Festival de verano | H216: Parque Simon Bolivar | I216: 2 | J216: =1450000*2 -> 2900000 | K216: =J216*0.19 -> 551000 | L216: =J216+K216 -> 3451000
A217: 45871 | B217: 2/08/2025 al 10/08/2025 | C217: SGRSI | D217: Requerimiento 90 | E217: 8. Personal apoyo | F217: 8.2 Artista solista | G217: Festival de verano | H217: Parque Simon Bolivar | I217: 3 | J217: =1008403*4 -> 4033612 | K217: =J217*0.19 -> 766386.28 | L217: =J217+K217 -> 4799998.3
A218: 45879 | B218: 45880 | C218: SGRSI | D218: Requerimiento 91 | E218: 8. Personal apoyo | F218: 8.4 Auxiliar Logístico montaje y desmontaje mobiliario | G218: Festival de verano | H218: Bodega Ipes a Simon Bolivar | I218: 5 | J218: 1175000 | K218: =J218*0.19 -> 223250 | L218: =J218+K218 -> 1398250
A219: 45879 | B219: 45880 | C219: SGRSI | D219: Requerimiento 91 | E219: 12. Transporte | F219: 12.2 Transporte 6.5 Ton | G219: Festival de verano | H219: Bodega Ipes a Simon Bolivar | I219: 1 | J219: 1950000 | K219: =J219*0.19 -> 370500 | L219: =J219+K219 -> 2320500
A220: 45877 | B220: 45879 | C220: SGRSI | D220: Requerimiento 92 | E220: 12. Transporte | F220: 12.3 Transporte camioneta 4*2 | G220: Festival de verano | H220: Parque Simon Bolivar | I220: 1 | J220: 588235.29 | K220: =J220*0.19 -> 111764.71 | L220: =J220+K220 -> 700000
A221: 45877 | B221: 45879 | C221: SGRSI | D221: Requerimiento 93 | E221: 2. Catering | F221: 2.7 Refrigério de sal | G221: Festival de verano | H221: Parque Simon Bolivar | I221: 110 | J221: =26500*110 -> 2915000 | K221: =J221*0.19 -> 553850 | L221: =J221+K221 -> 3468850
A222: 45868 | B222: 45885 | C222: SGRSI | D222: Requerimiento 94 | E222: 8. Personal apoyo | F222: 8.4 Auxiliar Logístico montaje y desmontaje mobiliario | G222: Ferias fijas | H222: Bodega IPES cra 38 # 10a- 25 a Parqueadero las Aguas | I222: 6 | J222: 1410000 | K222: =J222*0.19 -> 267900 | L222: =J222+K222 -> 1677900
A223: 45868 | B223: 45885 | C223: SGRSI | D223: Requerimiento 94 | E223: 12. Transporte | F223: 12.2 Transporte 6.5 Ton | G223: Ferias fijas | H223: Bodega IPES cra 38 # 10a- 25 a Parqueadero las Aguas | I223: 1 | J223: 1950000 | K223: =J223*0.19 -> 370500 | L223: =J223+K223 -> 2320500
A224: 45868 | B224: 45885 | C224: SGRSI | D224: Requerimiento 94 | E224: 5. Estructuras exteriores | F224: 5.1 Baño portátil | G224: Ferias fijas | H224: Bodega IPES cra 38 # 10a- 25 a Parqueadero las Aguas | I224: 2 | J224: 990000 | K224: =J224*0.19 -> 188100 | L224: =J224+K224 -> 1178100
A225: 45868 | B225: 45885 | C225: SGRSI | D225: Requerimiento 95 | E225: 8. Personal apoyo | F225: 8.4 Auxiliar Logístico montaje y desmontaje mobiliario | G225: Ferias fijas | H225: Bodega IPES cra 38 # 10a- 25 a Parqueadero la 24 | I225: 5 | J225: 1175000 | K225: =J225*0.19 -> 223250 | L225: =J225+K225 -> 1398250
A226: 45868 | B226: 45885 | C226: SGRSI | D226: Requerimiento 95 | E226: 12. Transporte | F226: 12.2 Transporte 6.5 Ton | G226: Ferias fijas | H226: Bodega IPES cra 38 # 10a- 25 a Parqueadero la 24 | I226: 1 | J226: 1950000 | K226: =J226*0.19 -> 370500 | L226: =J226+K226 -> 2320500
A227: 45868 | B227: 45885 | C227: SGRSI | D227: Requerimiento 95 | E227: 5. Estructuras exteriores | F227: 5.1 Baño portátil | G227: Ferias fijas | H227: Bodega IPES cra 38 # 10a- 25 a Parqueadero la 24 | I227: 2 | J227: 990000 | K227: =J227*0.19 -> 188100 | L227: =J227+K227 -> 1178100
A228: 45868 | B228: 45887 | C228: SGRSI | D228: Requerimiento 96 | E228: 8. Personal apoyo | F228: 8.4 Auxiliar Logístico montaje y desmontaje mobiliario | G228: Ferias fijas | H228: Parqueadero las Aguas a Bodega IPES cra 38 # 10a- 25 | I228: 6 | J228: 1410000 | K228: =J228*0.19 -> 267900 | L228: =J228+K228 -> 1677900
A229: 45868 | B229: 45887 | C229: SGRSI | D229: Requerimiento 96 | E229: 12. Transporte | F229: 12.2 Transporte 6.5 Ton | G229: Ferias fijas | H229: Parqueadero las Aguas a Bodega IPES cra 38 # 10a- 25 | I229: 1 | J229: 1950000 | K229: =J229*0.19 -> 370500 | L229: =J229+K229 -> 2320500
A230: 45868 | B230: 45887 | C230: SGRSI | D230: Requerimiento 97 | E230: 8. Personal apoyo | F230: 8.4 Auxiliar Logístico montaje y desmontaje mobiliario | G230: Ferias fijas | H230: Parqueadero la 24 a Bodega IPES cra 38 # 10a- 25 | I230: 5 | J230: 1175000 | K230: =J230*0.19 -> 223250 | L230: =J230+K230 -> 1398250
A231: 45868 | B231: 45887 | C231: SGRSI | D231: Requerimiento 97 | E231: 12. Transporte | F231: 12.2 Transporte 6.5 Ton | G231: Ferias fijas | H231: Parqueadero la 24 a Bodega IPES cra 38 # 10a- 25 | I231: 1 | J231: 1950000 | K231: =J231*0.19 -> 370500 | L231: =J231+K231 -> 2320500
A232: 45875 | B232: 45877 | C232: SGRSI | D232: Requerimiento 98 | E232: 2. Catering | F232: 2.7 Refrigério de sal | G232: Festival de verano | H232: Parque Simon Bolivar | I232: 100 | J232: =26500*100 -> 2650000 | K232: =J232*0.19 -> 503500 | L232: =J232+K232 -> 3153500
A233: 45878 | B233: 45879 | C233: SGRSI | D233: Requerimiento 99 | E233: 12. Transporte | F233: 12.3 Transporte camioneta 4*2 | G233: Festival de verano | H233: Parque Simon Bolivar | I233: 1 | J233: 588235.29 | K233: =J233*0.19 -> 111764.71 | L233: =J233+K233 -> 700000
A234: 45868 | B234: 45892 | C234: SGRSI | D234: Requerimiento 100 | E234: 8. Personal apoyo | F234: 8.4 Auxiliar Logístico montaje y desmontaje mobiliario | G234: Ferias fijas | H234: Bodega IPES cra 38 # 10a- 25 a Parqueadero las Aguas | I234: 6 | J234: 1410000 | K234: =J234*0.19 -> 267900 | L234: =J234+K234 -> 1677900
A235: 45868 | B235: 45892 | C235: SGRSI | D235: Requerimiento 100 | E235: 12. Transporte | F235: 12.2 Transporte 6.5 Ton | G235: Ferias fijas | H235: Bodega IPES cra 38 # 10a- 25 a Parqueadero las Aguas | I235: 1 | J235: 1950000 | K235: =J235*0.19 -> 370500 | L235: =J235+K235 -> 2320500
A236: 45868 | B236: 45892 | C236: SGRSI | D236: Requerimiento 100 | E236: 5. Estructuras exteriores | F236: 5.1 Baño portátil | G236: Ferias fijas | H236: Bodega IPES cra 38 # 10a- 25 a Parqueadero las Aguas | I236: 2 | J236: 990000 | K236: =J236*0.19 -> 188100 | L236: =J236+K236 -> 1178100
A237: 45868 | B237: 45892 | C237: SGRSI | D237: Requerimiento 101 | E237: 8. Personal apoyo | F237: 8.4 Auxiliar Logístico montaje y desmontaje mobiliario | G237: Ferias fijas | H237: Bodega IPES cra 38 # 10a- 25 a Parqueadero la 24 | I237: 5 | J237: 1175000 | K237: =J237*0.19 -> 223250 | L237: =J237+K237 -> 1398250
A238: 45868 | B238: 45892 | C238: SGRSI | D238: Requerimiento 101 | E238: 12. Transporte | F238: 12.2 Transporte 6.5 Ton | G238: Ferias fijas | H238: Bodega IPES cra 38 # 10a- 25 a Parqueadero la 24 | I238: 1 | J238: 1950000 | K238: =J238*0.19 -> 370500 | L238: =J238+K238 -> 2320500
A239: 45868 | B239: 45892 | C239: SGRSI | D239: Requerimiento 101 | E239: 5. Estructuras exteriores | F239: 5.1 Baño portátil | G239: Ferias fijas | H239: Bodega IPES cra 38 # 10a- 25 a Parqueadero la 24 | I239: 2 | J239: 990000 | K239: =J239*0.19 -> 188100 | L239: =J239+K239 -> 1178100
A240: 45868 | B240: 45893 | C240: SGRSI | D240: Requerimiento 102 | E240: 8. Personal apoyo | F240: 8.4 Auxiliar Logístico montaje y desmontaje mobiliario | G240: Ferias fijas | H240: Parqueadero las Aguas a Bodega IPES cra 38 # 10a- 25 | I240: 6 | J240: 1410000 | K240: =J240*0.19 -> 267900 | L240: =J240+K240 -> 1677900
A241: 45868 | B241: 45893 | C241: SGRSI | D241: Requerimiento 102 | E241: 12. Transporte | F241: 12.2 Transporte 6.5 Ton | G241: Ferias fijas | H241: Parqueadero las Aguas a Bodega IPES cra 38 # 10a- 25 | I241: 1 | J241: 1950000 | K241: =J241*0.19 -> 370500 | L241: =J241+K241 -> 2320500
A242: 45868 | B242: 45893 | C242: SGRSI | D242: Requerimiento 103 | E242: 8. Personal apoyo | F242: 8.4 Auxiliar Logístico montaje y desmontaje mobiliario | G242: Ferias fijas | H242: Parqueadero la 24 a Bodega IPES cra 38 # 10a- 25 | I242: 5 | J242: 1175000 | K242: =J242*0.19 -> 223250 | L242: =J242+K242 -> 1398250
A243: 45868 | B243: 45893 | C243: SGRSI | D243: Requerimiento 103 | E243: 12. Transporte | F243: 12.2 Transporte 6.5 Ton | G243: Ferias fijas | H243: Parqueadero la 24 a Bodega IPES cra 38 # 10a- 25 | I243: 1 | J243: 1950000 | K243: =J243*0.19 -> 370500 | L243: =J243+K243 -> 2320500
A244: 45868 | B244: 45900 | C244: SGRSI | D244: Requerimiento 104 | E244: 12. Transporte | F244: 12.3 Transporte camioneta 4*2 | G244: Ferias fijas | H244: Parqueaderos aguas y la 24 | I244: 1 | J244: 588235.29 | K244: =J244*0.19 -> 111764.71 | L244: =J244+K244 -> 700000
A245: 45904 | B245: 45905 | C245: SGRSI | D245: Requerimiento 105 | E245: 2. Catering | F245: 2.7 Refrigério de sal | G245: Stand para la Cumbre Internacional de Sostenibilidad e Innovación Ambiental 2025 | H245: Plaza de mercado restrepo | I245: 30 | J245: =26500*30 -> 795000 | K245: =J245*0.19 -> 151050 | L245: =J245+K245 -> 946050
A246: 45868 | B246: 45899 | C246: SGRSI | D246: Requerimiento 106 | E246: 8. Personal apoyo | F246: 8.4 Auxiliar Logístico montaje y desmontaje mobiliario | G246: Ferias fijas | H246: Bodega IPES cra 38 # 10a- 25 a Parqueadero las Aguas | I246: 6 | J246: 1410000 | K246: =J246*0.19 -> 267900 | L246: =J246+K246 -> 1677900
A247: 45868 | B247: 45899 | C247: SGRSI | D247: Requerimiento 106 | E247: 12. Transporte | F247: 12.2 Transporte 6.5 Ton | G247: Ferias fijas | H247: Bodega IPES cra 38 # 10a- 25 a Parqueadero las Aguas | I247: 1 | J247: 1950000 | K247: =J247*0.19 -> 370500 | L247: =J247+K247 -> 2320500
A248: 45868 | B248: 45899 | C248: SGRSI | D248: Requerimiento 106 | E248: 5. Estructuras exteriores | F248: 5.1 Baño portátil | G248: Ferias fijas | H248: Bodega IPES cra 38 # 10a- 25 a Parqueadero las Aguas | I248: 2 | J248: 990000 | K248: =J248*0.19 -> 188100 | L248: =J248+K248 -> 1178100
A249: 45868 | B249: 45899 | C249: SGRSI | D249: Requerimiento 107 | E249: 8. Personal apoyo | F249: 8.4 Auxiliar Logístico montaje y desmontaje mobiliario | G249: Ferias fijas | H249: Bodega IPES cra 38 # 10a- 25 a Parqueadero la 24 | I249: 5 | J249: 1175000 | K249: =J249*0.19 -> 223250 | L249: =J249+K249 -> 1398250
A250: 45868 | B250: 45899 | C250: SGRSI | D250: Requerimiento 107 | E250: 12. Transporte | F250: 12.2 Transporte 6.5 Ton | G250: Ferias fijas | H250: Bodega IPES cra 38 # 10a- 25 a Parqueadero la 24 | I250: 1 | J250: 1950000 | K250: =J250*0.19 -> 370500 | L250: =J250+K250 -> 2320500
A251: 45868 | B251: 45899 | C251: SGRSI | D251: Requerimiento 107 | E251: 5. Estructuras exteriores | F251: 5.1 Baño portátil | G251: Ferias fijas | H251: Bodega IPES cra 38 # 10a- 25 a Parqueadero la 24 | I251: 2 | J251: 990000 | K251: =J251*0.19 -> 188100 | L251: =J251+K251 -> 1178100
A252: 45868 | B252: 45900 | C252: SGRSI | D252: Requerimiento 108 | E252: 8. Personal apoyo | F252: 8.4 Auxiliar Logístico montaje y desmontaje mobiliario | G252: Ferias fijas | H252: Parqueadero las Aguas a Bodega IPES cra 38 # 10a- 25 | I252: 6 | J252: 1410000 | K252: =J252*0.19 -> 267900 | L252: =J252+K252 -> 1677900
A253: 45868 | B253: 45900 | C253: SGRSI | D253: Requerimiento 108 | E253: 12. Transporte | F253: 12.2 Transporte 6.5 Ton | G253: Ferias fijas | H253: Parqueadero las Aguas a Bodega IPES cra 38 # 10a- 25 | I253: 1 | J253: 1950000 | K253: =J253*0.19 -> 370500 | L253: =J253+K253 -> 2320500
A254: 45868 | B254: 45900 | C254: SGRSI | D254: Requerimiento 109 | E254: 8. Personal apoyo | F254: 8.4 Auxiliar Logístico montaje y desmontaje mobiliario | G254: Ferias fijas | H254: Parqueadero la 24 a Bodega IPES cra 38 # 10a- 25 | I254: 5 | J254: 1175000 | K254: =J254*0.19 -> 223250 | L254: =J254+K254 -> 1398250
A255: 45868 | B255: 45900 | C255: SGRSI | D255: Requerimiento 109 | E255: 12. Transporte | F255: 12.2 Transporte 6.5 Ton | G255: Ferias fijas | H255: Parqueadero la 24 a Bodega IPES cra 38 # 10a- 25 | I255: 1 | J255: 1950000 | K255: =J255*0.19 -> 370500 | L255: =J255+K255 -> 2320500
A256: 45904 | B256: 45905 | C256: SGRSI | D256: Requerimiento 110 | E256: 12. Transporte | F256: 12.3 Transporte camioneta 4*2 | G256: Stand para la Cumbre Internacional de Sostenibilidad e Innovación Ambiental 2025 | H256: cumbre de sostenibilidad | I256: 1 | J256: 588235.29 | K256: =J256*0.19 -> 111764.71 | L256: =J256+K256 -> 700000
A257: 45904 | B257: 45905 | C257: SESEC | D257: Requerimiento 111 | E257: 6. Materiales publicidad institucional | F257: 6.8 Pendon 4 | G257: Stand para la Cumbre Internacional de Sostenibilidad e Innovación Ambiental 2025 | H257: cumbre de sostenibilidad | I257: 2.25 | J257: 198528 | K257: =J257*0.19 -> 37720.32 | L257: =J257+K257 -> 236248.32
A258: 45905 | B258: 45906 | C258: SGRSI | D258: Requerimiento 112 | E258: 8. Personal apoyo | F258: 8.4 Auxiliar Logístico montaje y desmontaje mobiliario | G258: Ferias fijas | H258: Bodega IPES cra 38 # 10a- 25 a Parqueadero las Aguas | I258: 6 | J258: 1410000 | K258: =J258*0.19 -> 267900 | L258: =J258+K258 -> 1677900
A259: 45905 | B259: 45906 | C259: SGRSI | D259: Requerimiento 112 | E259: 12. Transporte | F259: 12.2 Transporte 6.5 Ton | G259: Ferias fijas | H259: Bodega IPES cra 38 # 10a- 25 a Parqueadero las Aguas | I259: 1 | J259: 1950000 | K259: =J259*0.19 -> 370500 | L259: =J259+K259 -> 2320500
A260: 45905 | B260: 45906 | C260: SGRSI | D260: Requerimiento 112 | E260: 5. Estructuras exteriores | F260: 5.1 Baño portátil | G260: Ferias fijas | H260: Bodega IPES cra 38 # 10a- 25 a Parqueadero las Aguas | I260: 2 | J260: 990000 | K260: =J260*0.19 -> 188100 | L260: =J260+K260 -> 1178100
A261: 45905 | B261: 45906 | C261: SGRSI | D261: Requerimiento 113 | E261: 8. Personal apoyo | F261: 8.4 Auxiliar Logístico montaje y desmontaje mobiliario | G261: Ferias fijas | H261: Bodega IPES cra 38 # 10a- 25 a Parqueadero la 24 | I261: 5 | J261: 1175000 | K261: =J261*0.19 -> 223250 | L261: =J261+K261 -> 1398250
A262: 45905 | B262: 45906 | C262: SGRSI | D262: Requerimiento 113 | E262: 12. Transporte | F262: 12.2 Transporte 6.5 Ton | G262: Ferias fijas | H262: Bodega IPES cra 38 # 10a- 25 a Parqueadero la 24 | I262: 1 | J262: 1950000 | K262: =J262*0.19 -> 370500 | L262: =J262+K262 -> 2320500
A263: 45905 | B263: 45906 | C263: SGRSI | D263: Requerimiento 113 | E263: 5. Estructuras exteriores | F263: 5.1 Baño portátil | G263: Ferias fijas | H263: Bodega IPES cra 38 # 10a- 25 a Parqueadero la 24 | I263: 2 | J263: 990000 | K263: =J263*0.19 -> 188100 | L263: =J263+K263 -> 1178100
A264: 45905 | B264: 45907 | C264: SGRSI | D264: Requerimiento 114 | E264: 8. Personal apoyo | F264: 8.4 Auxiliar Logístico montaje y desmontaje mobiliario | G264: Ferias fijas | H264: Parqueadero las Aguas a Bodega IPES cra 38 # 10a- 25 | I264: 6 | J264: 1410000 | K264: =J264*0.19 -> 267900 | L264: =J264+K264 -> 1677900
A265: 45905 | B265: 45907 | C265: SGRSI | D265: Requerimiento 114 | E265: 12. Transporte | F265: 12.2 Transporte 6.5 Ton | G265: Ferias fijas | H265: Parqueadero las Aguas a Bodega IPES cra 38 # 10a- 25 | I265: 1 | J265: 1950000 | K265: =J265*0.19 -> 370500 | L265: =J265+K265 -> 2320500
A266: 45905 | B266: 45907 | C266: SGRSI | D266: Requerimiento 115 | E266: 8. Personal apoyo | F266: 8.4 Auxiliar Logístico montaje y desmontaje mobiliario | G266: Ferias fijas | H266: Parqueadero la 24 a Bodega IPES cra 38 # 10a- 25 | I266: 5 | J266: 1175000 | K266: =J266*0.19 -> 223250 | L266: =J266+K266 -> 1398250
A267: 45905 | B267: 45907 | C267: SGRSI | D267: Requerimiento 115 | E267: 12. Transporte | F267: 12.2 Transporte 6.5 Ton | G267: Ferias fijas | H267: Parqueadero la 24 a Bodega IPES cra 38 # 10a- 25 | I267: 1 | J267: 1950000 | K267: =J267*0.19 -> 370500 | L267: =J267+K267 -> 2320500
A268: 45910 | B268: 45911 | C268: SGRSI | D268: Requerimiento 116 | E268: 12. Transporte | F268: 12.2 Transporte 6.5 Ton | G268: Cumbre Internacional de Sostenibilidad e Innovación Ambiental 2025 | H268: Agora a plaza restrepo | I268: 1 | J268: 1950000 | K268: =J268*0.19 -> 370500 | L268: =J268+K268 -> 2320500
A269: 45909 | B269: 45911 | C269: SGRSI | D269: Requerimiento 117 | E269: 2. Catering | F269: 2.7 Refrigério de sal | G269: Cumbre Internacional de Sostenibilidad e Innovación Ambiental 2025 | H269: Agora a plaza restrepo | I269: 50 | J269: 1325000 | K269: =J269*0.19 -> 251750 | L269: =J269+K269 -> 1576750
... A404: 45990 | B404: 45991 | C404: SGRSI | D404: Requerimiento 175 | E404: 12. Transporte | F404: 12.2 Transporte 6.5 Ton | G404: Ferias fijas | H404: Parqueadero la 24 a Bodega IPES cra 38 # 10a- 25 | I404: 1 | J404: 1950000 | K404: =J404*0.19 -> 370500 | L404: =J404+K404 -> 2320500
A405: 45985 | B405: 45997 | C405: SGRSI | D405: Requerimiento 176 | E405: 12. Transporte | F405: 12.2 Transporte 6.5 Ton | G405: Ferias fijas | H405: Bodega IPES cra 38 # 10a- 25 a Parqueadero las Aguas | I405: 1 | J405: 1950000 | K405: 370500 | L405: 2320500
A406: 45985 | B406: 45997 | C406: SGRSI | D406: Requerimiento 176 | E406: 8. Personal apoyo | F406: 8.4 Auxiliar Logístico montaje y desmontaje mobiliario | G406: Ferias fijas | H406: Bodega IPES cra 38 # 10a- 25 a Parqueadero las Aguas | I406: 6 | J406: 1410000 | K406: 267900 | L406: 1677900
A407: 45985 | B407: 45998 | C407: SGRSI | D407: Requerimiento 176 | E407: 5. Estructuras exteriores | F407: 5.1 Baño portátil | G407: Ferias fijas | H407: Bodega IPES cra 38 # 10a- 25 a Parqueadero las Aguas | I407: 2 | J407: 990000 | K407: 188100 | L407: 1178100
A408: 45985 | B408: 45999 | C408: SGRSI | D408: Requerimiento 176 | E408: 5. Estructuras exteriores | F408: 5.1 Baño portátil | G408: Ferias fijas | H408: Bodega IPES cra 38 # 10a- 25 a Parqueadero las Aguas | I408: 2 | J408: 990000 | K408: 188100 | L408: 1178100
A409: 45986 | B409: 45997 | C409: SGRSI | D409: Requerimiento 177 | E409: 12. Transporte | F409: 12.2 Transporte 6.5 Ton | G409: Ferias fijas | H409: Bodega IPES cra 38 # 10a- 25 a Parqueadero la 24 | I409: 1 | J409: 1950000 | K409: 370500 | L409: 2320500
A410: 45986 | B410: 45997 | C410: SGRSI | D410: Requerimiento 177 | E410: 8. Personal apoyo | F410: 8.4 Auxiliar Logístico montaje y desmontaje mobiliario | G410: Ferias fijas | H410: Bodega IPES cra 38 # 10a- 25 a Parqueadero la 24 | I410: 5 | J410: 1175000 | K410: 223250 | L410: 1398250
...
